Workbook
Name _ftn1: '1 Nápoles'!#REF!
Name _ftn1: '10 Seracis'!#REF!
Name _ftn1: '11 Acosta'!#REF!
Name _ftn1: '12 Vipcol 2 turnos'!#REF!
Name _ftn1: '12 VipcolMedios'!#REF!
Name _ftn1: '2 Visan'!#REF!
Name _ftn1: '3 Libertadora'!#REF!
Name _ftn1: '4 Del sur'!#REF!
Name _ftn1: '5 Squadra'!#REF!
Name _ftn1: '6 Nueva Era'!#REF!
Name _ftn1: '7 Pegaso'!#REF!
Name _ftn1: '8 Buho'!#REF!
Name _ftn1: '9 Azimut'!#REF!
Name _ftn1: CDC!#REF!
Name _ftn1: 'RESUMEN CIRCULAR_DEC_RESOLUCION'!#REF!
Name _ftn2: '1 Nápoles'!#REF!
Name _ftn2: '10 Seracis'!#REF!
Name _ftn2: '11 Acosta'!#REF!
Name _ftn2: '12 Vipcol 2 turnos'!#REF!
Name _ftn2: '12 VipcolMedios'!#REF!
Name _ftn2: '2 Visan'!#REF!
Name _ftn2: '3 Libertadora'!#REF!
Name _ftn2: '4 Del sur'!#REF!
Name _ftn2: '5 Squadra'!#REF!
Name _ftn2: '6 Nueva Era'!#REF!
Name _ftn2: '7 Pegaso'!#REF!
Name _ftn2: '8 Buho'!#REF!
Name _ftn2: '9 Azimut'!#REF!
Name _ftn2: CDC!#REF!
Name _ftn2: 'RESUMEN CIRCULAR_DEC_RESOLUCION'!#REF!
Name _ftn3: '1 Nápoles'!#REF!
Name _ftn3: '10 Seracis'!#REF!
Name _ftn3: '11 Acosta'!#REF!
Name _ftn3: '12 Vipcol 2 turnos'!#REF!
Name _ftn3: '12 VipcolMedios'!#REF!
Name _ftn3: '2 Visan'!#REF!
Name _ftn3: '3 Libertadora'!#REF!
Name _ftn3: '4 Del sur'!#REF!
Name _ftn3: '5 Squadra'!#REF!
Name _ftn3: '6 Nueva Era'!#REF!
Name _ftn3: '7 Pegaso'!#REF!
Name _ftn3: '8 Buho'!#REF!
Name _ftn3: '9 Azimut'!#REF!
Name _ftn3: CDC!#REF!
Name _ftn3: 'RESUMEN CIRCULAR_DEC_RESOLUCION'!#REF!
Name _ftnref1: '1 Nápoles'!#REF!
Name _ftnref1: '10 Seracis'!#REF!
Name _ftnref1: '11 Acosta'!#REF!
Name _ftnref1: '12 Vipcol 2 turnos'!#REF!
Name _ftnref1: '12 VipcolMedios'!#REF!
Name _ftnref1: '2 Visan'!#REF!
Name _ftnref1: '3 Libertadora'!#REF!
Name _ftnref1: '4 Del sur'!#REF!
Name _ftnref1: '5 Squadra'!#REF!
Name _ftnref1: '6 Nueva Era'!#REF!
Name _ftnref1: '7 Pegaso'!#REF!
Name _ftnref1: '8 Buho'!#REF!
Name _ftnref1: '9 Azimut'!#REF!
Name _ftnref1: CDC!#REF!
Name _ftnref1: 'RESUMEN CIRCULAR_DEC_RESOLUCION'!#REF!

Sheet FCT ANTERIOR
B3: TALENTO HUMANO | C3: INFO FCT | D3: FUENTE PRECIOS
B5: Supervisor Fijo | D5: Circular
B6: Otros Turnos definidos en la FCT | C6: 12 horas nocturnas pero la circular solo tiene 9 horas | D6: Circular
B7: Supervisor para verificación Móvil (Motorizado) | C7: No hay perfil "con moto" en la circular, pero lo tienen relacionado coomo TH con arma | D7: Cotizar
B8: Coordinador | C8: Hace visitias de control, visitas de verificación En el numeral 7.1.1.11 hablan de un representante, es el mismo coordinador? | D8: Cotizar
B10: MEDIOS TECNOLÓGICOS | C10: INFO FCT | D10: FUENTE PRECIOS | E10: INFORMACION GENERAL FCT | F10: NOTAS EN LA SDC
B12: Detector Manual de Metales | E12: deberá incorporar la instalación, traslado, operación, reubicaciones, mantenimiento preventivo y correctivo Reubicaciones de CCTV y cámaras: hasta un máximo de dos (2) reubicaciones por sitio 7.1.4.7. La capacidad de los CCTV instalados, deben garantizar 90 días de grabación (Almacenamiento). Pasados los tres (03) meses, debe realizarse copia de seguridad y así sucesivamente hasta finalizar la prestación del servicio. | F12: Medios tecnológicos nuevos, plazo para instalarlos.
B13: Arco detector de metales
B14: Equipos all in One | C14: Unificar nombres, papelería,
B15: Software para control de visitantes | C15: Falta aclarar si es un por All in One, cotizarlo por equipo y con el PC?
B16: Rayos X | C16: Incuye UPS y regulador de corriente
B17: CCTV | C17: Incluye descripción de 9 elementos pero cantidades de solo 3. Que es para cada CCTV y que es para la Sala de Monitoreo. Incluye reubicaciones.
B18: Celular
B19: Radio de Comunicación
B20: Marcador de Rondas y puesto
B21: Sala de Monitoreo | C21: se entiende que los CCTV deben estar conectados a la Sala de Monitoreo, pero no es claro que debe instalarse allí q hace parte de laCCTV (solo se indica que debe tener myebles y equipos: controladores PTZ, escritorios, equipos para revisión de videos , etc)
B22: Armamento: revólver calibre 38
B23: Armerillo Capacidad 3 armas
B24: Armerillo Capacidad 6 armas
B25: Tubos de descargue
B26: Espejos cóncavos con lámpara | C26: No hay imagen de referencia en la FCT ni cuadro con especificaciones
B27: Linternas
B28: Lámparas de emergencia
B29: Alarmas de pánico
B30: Puntos de marcación para marcador
B34: OTROS ELEMENTOS | C34: INFO FCT | D34: FUENTE PRECIOS
B36: Reubicaciones de medios tecnológicos
B37: Grabacioes disco duro
B38: Almacenamiento y custodia de las grabaciones | C38: 7.1.4.8. Las copias de seguridad de los CCTV, deben ser almacenados en custodia externa, que incluya transporte de medios magnéticos, bóvedas especiales, personal capacitado en la manipulación de información y estrictas medidas de seguridad, que permitan garantizar la conservación y seguridad de la información, debidamente certificados de acuerdo a la Ley General de Archivos y los acuerdos 049 y 050 de 2000 que establecen las condiciones ambientales que se deben tener en cuenta para la conservación y el almacenamiento de los medios magnéticos. 7.1.4.11. El almacenamiento de los videos de los CCTV en el tiempo real estará a cargo del Contratista. 7.1.4.12. Los discos duros utilizados para las copias de seguridad y su custodia externa estarán a cargo del Contratista. 7.1.4.13. Una vez finalizada la prestación del servicio, el Contratista debe garantizar la custodia de las grabaciones por seis (06) meses.
B39: UPS de los sistemas de CCTV
B40: Copias de seguridad de los CCTV | C40: 90 dias y luego 6 meses
B41: Sala de Monitoreo | C41: Aprovisionamiento e instalación
B42: CCTV | C42: Instalación de acometidas, derivados de internet
B43: Dotación adicional del vigilante | C43: a) Dotación de invierno: capas impermeables, paraguas y botas de caucho (dotación por cada vigilante anual y se debe cambiar por deterioro). b) Silbato. c) Bolígrafo. d) Libreta de anotaciones. e) Carné de identificación empresarial. f) Carné de la ARL. g) Tonfa y porta tonfa para la totalidad de puestos de servicio 24 horas para la Macro Región Uno (1).
B44: Dotación mínima de los puestos de servicio | C44: Equipo de comunicación, lockers individuales, directorio telefónico, puntos de control electrónico, un detector manual de metales, espejo cóncavo, armerillos, tubo de descargue
B45: Documentación mínima de los puestos de servicio | C45: Libro de minuta de puesto, control de entrada y salida de vehículos, de funcionarios y contratistas, equipos de cómputo y elementos varios. Elementos de papelería y útiles de escritorio; licencias.
B46: Archivo para cada puesto de vigilancia | C46: consignas generales y específicas del puesto de vigilancia, ordenes de entrada y salida de elementos pertenecientes a los sitios donde se preste el servicio, Ordenes de ingreso de personal en horario no laboral o de personal particular ajeno al sitio, las consignas impartidas por el supervisor que se designe para tal fin, libros, las minutas de vigilancia para cada puesto y las minutas para cada cambio de turno, el control de ingreso y salida de equipos y elementos de propiedad de la empresa de vigilancia
B47: Casetas | C47: No hay información técnica en la FCT
B48: Mantenimiento preventivo y correctivo
C49: 7.1.6.5. Conservar durante toda la ejecución de la negociación y por un término de seis (06) meses siguientes a la terminación del Contrato los archivos consignas, libros, cuadernos, minutas y demás documentación relativa a la prestación del servicio en concordancia con lo establecido en la Ley 594 de 2000, después de la finalización del mismo.

Sheet CDC
B2: CONSOLIDADO DE COTIZACIONES
G6: LIBERTADORA DE SEGURIDAD | H6: SEGURIDAD DEL SUR LTDA | I6: SEGURIDAD NAPOLES LIMITADA | J6: VIGILANCIA ACOSTA LTDA (Cotización 2024) | K6: AZIMUT CARIBABARE LTDA (Cotización 2024) | L6: BUHO SEGURIDAD LTDA (Cotización 2024) | N6: PROMEDIO | O6: MEDIA GEOMÉTRICA | P6: MEDIA ARMÓNICA | Q6: PROMEDIO 3 MÁS BAJAS | R6: MEDIA GEOMÉTRICA 3 MÁS BAJAS | S6: MEDIA ARMÓNICA 3 MÁS BAJAS | T6: SELECCIONADA
B7: 3 (Nota 1) | C7: TURNOS DE VIGILANCIA REQUERIDOS POR EL ICANH | G7: Valor de la prima del seguro de vida según servicios | H7: Valor de la prima del seguro de vida según servicios | I7: Valor de la prima del seguro de vida según servicios | J7: Valor de la prima del seguro de vida según servicios | K7: Valor de la prima del seguro de vida según servicios | L7: Valor de la prima del seguro de vida según servicios | N7: Valor de la prima del seguro de vida según servicios | O7: Valor de la prima del seguro de vida según servicios | P7: Valor de la prima del seguro de vida según servicios | Q7: Valor de la prima del seguro de vida según servicios | R7: Valor de la prima del seguro de vida según servicios | S7: Valor de la prima del seguro de vida según servicios | T7: Valor de la prima del seguro de vida según servicios
C8: Horas requeridas | D8: Días | E8: Jornada | F8: Tipo de Servicio | G8: 2026 (Julio a Diciembre) | H8: 2026 (Julio a Diciembre) | I8: 2026 (Julio a Diciembre) | J8: 2026 (Julio a Diciembre) | K8: 2026 (Julio a Diciembre) | L8: 2026 (Julio a Diciembre) | N8: 2026 (Julio a Diciembre) | O8: 2026 (Julio a Diciembre) | P8: 2026 (Julio a Diciembre) | Q8: 2026 (Julio a Diciembre) | R8: 2026 (Julio a Diciembre) | S8: 2026 (Julio a Diciembre) | T8: 2026 (Julio a Diciembre)
C9: 24 | D9: Lunes a Domingo | E9: Completa | F9: Medio Humano sin Arma | G9: 1500 | H9: 1650 | I9: 4800 | J9: 1882 | K9: 7800 | L9: 5509.35 | N9: =ROUND(AVERAGE($G9:$L9),0) -> 3857 | O9: =ROUND(GEOMEAN($G9:$L9),0) -> 3141 | P9: =ROUND(HARMEAN($G9:$L9),0) -> 2584 | Q9: {=ROUND(AVERAGE((SMALL(($G9:$L9),{1;2;3}))),0)} -> 1677 | R9: {=ROUND(GEOMEAN((SMALL(($G9:$L9),{1;2;3}))),0)} -> 1670 | S9: {=ROUND(HARMEAN((SMALL(($G9:$L9),{1;2;3}))),0)} -> 1663 | T9: =Q9 -> 1677
C10: 24 | D10: Lunes a Domingo | E10: Completa | F10: Medio Humano Con Arma | G10: 1500 | H10: 1650 | I10: 4800 | J10: 1882 | K10: 7800 | L10: 5509.35 | N10: =ROUND(AVERAGE($G10:$L10),0) -> 3857 | O10: =ROUND(GEOMEAN($G10:$L10),0) -> 3141 | P10: =ROUND(HARMEAN($G10:$L10),0) -> 2584 | Q10: {=ROUND(AVERAGE((SMALL(($G10:$L10),{1;2;3}))),0)} -> 1677 | R10: {=ROUND(GEOMEAN((SMALL(($G10:$L10),{1;2;3}))),0)} -> 1670 | S10: {=ROUND(HARMEAN((SMALL(($G10:$L10),{1;2;3}))),0)} -> 1663 | T10: =Q10 -> 1677
C11: 24 | D11: Sabados, Domingos y Festivos | E11: Completa (Nota 3) | F11: Medio Humano Con Arma | G11: 1500 | H11: 1650 | I11: 1600 | J11: 1882 | K11: 2600 | L11: 5509.35 | N11: =ROUND(AVERAGE($G11:$L11),0) -> 2457 | O11: =ROUND(GEOMEAN($G11:$L11),0) -> 2178 | P11: =ROUND(HARMEAN($G11:$L11),0) -> 2003 | Q11: {=ROUND(AVERAGE((SMALL(($G11:$L11),{1;2;3}))),0)} -> 1583 | R11: {=ROUND(GEOMEAN((SMALL(($G11:$L11),{1;2;3}))),0)} -> 1582 | S11: {=ROUND(HARMEAN((SMALL(($G11:$L11),{1;2;3}))),0)} -> 1581 | T11: =Q11 -> 1583
C12: 12 | D12: Lunes a Domingo | E12: Nocturna (Nota 4 y 5) | F12: Medio Humano sin Arma | G12: 841 | H12: 1650 | I12: 2691 | J12: 0 | K12: 0 | L12: 0 | N12: =ROUND(AVERAGE($G12:$I12),0) -> 1727 | O12: =ROUND(GEOMEAN($G12:$I12),0) -> 1551 | P12: =ROUND(HARMEAN($G12:$I12),0) -> 1385 | Q12: {=ROUND(AVERAGE((SMALL(($G12:$I12),{1;2;3}))),0)} -> 1727 | R12: {=ROUND(GEOMEAN((SMALL(($G12:$I12),{1;2;3}))),0)} -> 1551 | S12: {=ROUND(HARMEAN((SMALL(($G12:$I12),{1;2;3}))),0)} -> 1385 | T12: =Q12 -> 1727
C13: 12 | D13: Lunes a Viernes sin Festivo | E13: Nocturna (Nota 4 y 5) | F13: Medio Humano sin Arma | G13: 561 | H13: 1650 | I13: 1794 | J13: 1882 | K13: 2600 | L13: 2387.385 | N13: =ROUND(AVERAGE($G13:$L13),0) -> 1812 | O13: =ROUND(GEOMEAN($G13:$L13),0) -> 1639 | P13: =ROUND(HARMEAN($G13:$L13),0) -> 1402 | Q13: {=ROUND(AVERAGE((SMALL(($G13:$L13),{1;2;3}))),0)} -> 1335 | R13: {=ROUND(GEOMEAN((SMALL(($G13:$L13),{1;2;3}))),0)} -> 1184 | S13: {=ROUND(HARMEAN((SMALL(($G13:$L13),{1;2;3}))),0)} -> 1018 | T13: =Q13 -> 1335
B15: PLAZO ESTIMADO DE EJECUCIÓN
H17: TOTAL 1 de octubre de 2026 al 15 de diciembre de 2026 | I17: Del 1 de octubre de 2026 al 15 de diciembre de 2026
F18: Tiempo estimado de ejecución (Notas 2 y 7) | H18: =SUM(I18) -> 2.5 | I18: =75/30 -> 2.5
F19: Salario Mínimo Mensual Legal Vigente | H19: - | I19: ='[22]RESUMEN CIRCULAR_DEC_RESOLUCION'!$M$34 -> 1750905
B21: SERVICIOS DE VIGILANCIA Y MEDIOS TECNOLÓGICOS, DE MONITOREO Y DE APOYO REQUERIDOS POR EL ICANH (Nota 6, 7 y 8)
B24: 1. SERVICIOS DE VIGILANCIA REQUERIDOS POR EL ICANH
B26: SERVICIOS INCLUIDO EN LA CIRCULAR EXTERNA 20251300000115CS DEL 30 DE DICIEMBRE DE 2025 SUPERVIGILANCIA Y DECRETO 1561 DE 2022 RESOLUCIÓN Nº 20251000059517CS DEL 08 DE AGOSTO DE 2025 | F26: Servicios requeridos para Parques Arqueológicos de San Agustín, Alto de los Ídolos (Huila), Santa María de la Antigua del Darién (Chocó), Tierradentro (Cauca), Santa Marta (Magdalena), San José del Guaviare (Guaviare) y las sedes del ICANH ubicadas en la ciudad de Bogotá D.C | H26: Del 1 de octubre de 2026 al 15 de diciembre de 2026 | J26: TOTAL 1 de octubre de 2026 al 15 de diciembre de 2026
B27: Horas requeridas | C27: Días | D27: Jornada | E27: Tipo de Servicio | F27: Cantidad | G27: Valor total turno mes a partir del 1 de octubre de 2026 al 15 de diciembre de 2026 Mes Completo | H27: Valor mensual servicio | I27: Valor total | J27: Valor total (2,5 MESES)
B28: 24 | C28: Lunes a Domingo | D28: Completa | E28: Medio Humano sin Arma | F28: 10 | G28: ='RESUMEN CIRCULAR_DEC_RESOLUCION'!H43 -> 19314021 | H28: =G28*F28 -> 193140210 | I28: =ROUND(H28*$I$18,0) -> 482850525 | J28: =I28 -> 482850525
B29: 24 | C29: Lunes a Domingo | D29: Completa | E29: Medio Humano Con Arma | F29: 3 | G29: ='RESUMEN CIRCULAR_DEC_RESOLUCION'!H44 -> 19671688 | H29: =G29*F29 -> 59015064 | I29: =ROUND(H29*$I$18,0) -> 147537660 | J29: =I29 -> 147537660
B30: 24 | C30: Sabados, Domingos y Festivos | D30: Completa | E30: Medio Humano sin arma | F30: =1 -> 1 | G30: ='RESUMEN CIRCULAR_DEC_RESOLUCION'!H45 -> 6440666 | H30: =G30*F30 -> 6440666 | I30: =ROUND(H30*$I$18,0) -> 16101665 | J30: =I30 -> 16101665
B31: 12 | C31: Lunes a Viernes sin Festivo | D31: Nocturna | E31: Medio Humano sin Arma | F31: =1 -> 1 | G31: ='RESUMEN CIRCULAR_DEC_RESOLUCION'!H46 -> 10829331 | H31: =G31*F31 -> 10829331 | I31: =ROUND(H31*$I$18,0) -> 27073328 | J31: =I31 -> 27073328
B32: 12 | C32: Lunes a Domingo | D32: Nocturna | E32: Medio Humano sin Arma | F32: =1 -> 1 | G32: ='RESUMEN CIRCULAR_DEC_RESOLUCION'!H47 -> 7220176 | H32: =G32*F32 -> 7220176 | I32: =ROUND(H32*$I$18,0) -> 18050440 | J32: =I32 -> 18050440
B33: 9 | C33: Lunes a Viernes sin Festivo | D33: Diurnas De 8:00 am a 5:00 pm | E33: Medio Humano sin Arma | F33: 1 | G33: ='RESUMEN CIRCULAR_DEC_RESOLUCION'!H48 -> 4242251 | H33: =G33*F33 -> 4242251 | I33: =ROUND(H33*$I$18,0) -> 10605628 | J33: =I33 -> 10605628
B34: SUBTOTAL SERVICIOS DE VIGILANCIA | J34: =SUM(J28:J33) -> 702219246
B37: 2. Medios de comunicación, equipos, materiales y elementos necesarios para la prestación del servicio (Nota 4, 5 y 6)
F39: LIBERTADORA DE SEGURIDAD | J39: SEGURIDAD DEL SUR LTDA | M39: SEGURIDAD NAPOLES LIMITADA | Q39: PROMEDIO | T39: MEDIA GEOMÉTRICA | W39: MEDIA ARMÓNICA | Z39: PROMEDIO 2 MÁS BAJAS | AC39: MEDIA GEOMÉTRICA 2 MÁS BAJAS | AF39: MEDIA ARMÓNICA 2 MÁS BAJAS | AI39: MEDIA SELECCIONADA
B40: MEDIOS TECNOLÓGICOS, DE MONITOREO Y DE APOYO (Nota 4, 5 y 6) | F40: Equipos requeridos para Parques Arqueológicos de San Agustín, Alto de los Ídolos (Huila), Santa María de la Antigua del Darién (Chocó), Tierradentro (Cauca), Santa Marta (Magdalena), San José del Guaviare (Guaviare) y las sedes del ICANH ubicadas en la ciudad de Bogotá D.C | J40: Equipos requeridos para Parques Arqueológicos de San Agustín, Alto de los Ídolos (Huila), Santa María de la Antigua del Darién (Chocó), Tierradentro (Cauca), Santa Marta (Magdalena), San José del Guaviare (Guaviare) y las sedes del ICANH ubicadas en la ciudad de Bogotá D.C | M40: Equipos requeridos para Parques Arqueológicos de San Agustín, Alto de los Ídolos (Huila), Santa María de la Antigua del Darién (Chocó), Tierradentro (Cauca), Santa Marta (Magdalena), San José del Guaviare (Guaviare) y las sedes del ICANH ubicadas en la ciudad de Bogotá D.C | Q40: Equipos requeridos para Parques Arqueológicos de San Agustín, Alto de los Ídolos (Huila), Santa María de la Antigua del Darién (Chocó), Tierradentro (Cauca), Santa Marta (Magdalena), San José del Guaviare (Guaviare) y las sedes del ICANH ubicadas en la ciudad de Bogotá D.C | T40: Equipos requeridos para Parques Arqueológicos de San Agustín, Alto de los Ídolos (Huila), Santa María de la Antigua del Darién (Chocó), Tierradentro (Cauca), Santa Marta (Magdalena), San José del Guaviare (Guaviare) y las sedes del ICANH ubicadas en la ciudad de Bogotá D.C | W40: Equipos requeridos para Parques Arqueológicos de San Agustín, Alto de los Ídolos (Huila), Santa María de la Antigua del Darién (Chocó), Tierradentro (Cauca), Santa Marta (Magdalena), San José del Guaviare (Guaviare) y las sedes del ICANH ubicadas en la ciudad de Bogotá D.C | Z40: Equipos requeridos para Parques Arqueológicos de San Agustín, Alto de los Ídolos (Huila), Santa María de la Antigua del Darién (Chocó), Tierradentro (Cauca), Santa Marta (Magdalena), San José del Guaviare (Guaviare) y las sedes del ICANH ubicadas en la ciudad de Bogotá D.C | AC40: Equipos requeridos para Parques Arqueológicos de San Agustín, Alto de los Ídolos (Huila), Santa María de la Antigua del Darién (Chocó), Tierradentro (Cauca), Santa Marta (Magdalena), San José del Guaviare (Guaviare) y las sedes del ICANH ubicadas en la ciudad de Bogotá D.C | AF40: Equipos requeridos para Parques Arqueológicos de San Agustín, Alto de los Ídolos (Huila), Santa María de la Antigua del Darién (Chocó), Tierradentro (Cauca), Santa Marta (Magdalena), San José del Guaviare (Guaviare) y las sedes del ICANH ubicadas en la ciudad de Bogotá D.C | AI40: Equipos requeridos para Parques Arqueológicos de San Agustín, Alto de los Ídolos (Huila), Santa María de la Antigua del Darién (Chocó), Tierradentro (Cauca), Santa Marta (Magdalena), San José del Guaviare (Guaviare) y las sedes del ICANH ubicadas en la ciudad de Bogotá D.C
B41: # | C41: CATEGORÍA | D41: MEDIO | F41: Cantidad | G41: Precio Unitario Mensual Antes de IVA 2026 | H41: Valor mensual x cantidades 2026 | I41: Valor total del 1 de julio del 2026 al 31 de diciembre de 2026 | J41: Precio Unitario Mensual Antes de IVA 2026 | K41: Valor mensual x cantidades 2026 | L41: Valor total del 1 de julio del 2026 al 31 de diciembre de 2026 | M41: Precio Unitario Mensual Antes de IVA 2026 | N41: Valor mensual x cantidades 2026 | O41: Valor total del 1 de julio del 2026 al 31 de diciembre de 2026 | Q41: Precio Unitario Mensual Antes de IVA 2026 | R41: Valor mensual x cantidades 2026 | S41: Valor total del 1 de octubre del 2026 al 15 de diciembre de 2026 | T41: Precio Unitario Mensual Antes de IVA 2026 | U41: Valor mensual x cantidades 2026 | V41: Valor total del 1 de octubre del 2026 al 15 de diciembre de 2026 | W41: Precio Unitario Mensual Antes de IVA 2026 | X41: Valor mensual x cantidades 2026 | Y41: Valor total del 1 de octubre del 2026 al 15 de diciembre de 2026 | Z41: Precio Unitario Mensual Antes de IVA 2026 | AA41: Valor mensual x cantidades 2026 | AB41: Valor total del 1 de octubre del 2026 al 15 de diciembre de 2026 | AC41: Precio Unitario Mensual Antes de IVA 2026 | AD41: Valor mensual x cantidades 2026 | AE41: Valor total del 1 de octubre del 2026 al 15 de diciembre de 2026 | AF41: Precio Unitario Mensual Antes de IVA 2026 | AG41: Valor mensual x cantidades 2026 | AH41: Valor total del 1 de octubre del 2026 al 15 de diciembre de 2026 | AI41: Precio Unitario Mensual Antes de IVA 2026 | AJ41: Valor mensual x cantidades 2026 | AK41: Valor total del 1 de octubre del 2026 al 15 de diciembre de 2026
B42: 1 | C42: EQUIPOS CCTV Y TV | D42: MONITOR 32" 1080P Señalización DIGITAL Android WIFI RJ45 SD32GB Incorporada INCL. Soporte Pared | F42: =4+1+1+1+1 -> 8 | G42: 322813 | H42: =ROUND($G42*$F42,0) -> 2582504 | I42: =$H42*$I$18 -> 6456260 | J42: 148333.33 | K42: =ROUND($J42*$F42,0) -> 1186667 | L42: =$K42*$I$18 -> 2966667.5 | M42: 412315 | N42: =ROUND($M42*$F42,0) -> 3298520 | O42: =$N42*$I$18 -> 8246300 | Q42: =ROUND(AVERAGE($G42,$J42,$M42),0) -> 294487 | R42: =ROUND($Q42*$F42,0) -> 2355896 | S42: =$R42*$I$18 -> 5889740 | T42: =ROUND(GEOMEAN($G42,$J42,$M42),0) -> 270275 | U42: =ROUND($T42*$F42,0) -> 2162200 | V42: =$U42*$I$18 -> 5405500 | W42: =ROUND(HARMEAN($G42,$J42,$M42),0) -> 244605 | X42: =ROUND($W42*$F42,0) -> 1956840 | Y42: =$X42*$I$18 -> 4892100 | Z42: {=ROUND(AVERAGE((SMALL(($G42,$J42,$M42),{1;2}))),0)} -> 235573 | AA42: =ROUND($Z42*$F42,0) -> 1884584 | AB42: =$AA42*$I$18 -> 4711460 | AC42: {=ROUND(GEOMEAN((SMALL(($G42,$J42,$M42),{1;2}))),0)} -> 218824 | AD42: =ROUND($AC42*$F42,0) -> 1750592 | AE42: =$AD42*$I$18 -> 4376480 | AF42: {=ROUND(HARMEAN((SMALL(($G42,$J42,$M42),{1;2}))),0)} -> 203266 | AG42: =ROUND($AF42*$F42,0) -> 1626128 | AH42: =$AG42*$I$18 -> 4065320 | AI42: =AF42 -> 203266 | AJ42: =ROUND($AI42*$F42,0) -> 1626128 | AK42: =$AJ42*$I$18 -> 4065320
B43: 2 | C43: EQUIPOS CCTV Y TV | D43: NVR (Para grabación continua, 32 CH H. 265 4CH @4K o 16CH @1080P hasta 12MP reproducción 16CH 8 SATA 2 HDMI 4K 2 RJ 45 1000 MBPS, Grabación las 24 horas del día, con capacidad de almacenamiento de 6 Teras Bytes). | E43: NVR (Para grabación continua, 32 CH H. 265 4CH @4K o 16CH @1080P hasta 12MP reproducción 16CH 8 SATA 2 HDMI 4K 2 RJ 45 1000 MBPS, Grabación las 24 horas del día, con capacidad de almacenamiento de 6 Teras Bytes). | F43: =3+1 -> 4 | G43: 634245 | H43: =ROUND($G43*$F43,0) -> 2536980 | I43: =$H43*$I$18 -> 6342450 | J43: 331500 | K43: =ROUND($J43*$F43,0) -> 1326000 | L43: =$K43*$I$18 -> 3315000 | M43: 345830 | N43: =ROUND($M43*$F43,0) -> 1383320 | O43: =$N43*$I$18 -> 3458300 | Q43: =ROUND(AVERAGE($G43,$J43,$M43),0) -> 437192 | R43: =ROUND($Q43*$F43,0) -> 1748768 | S43: =$R43*$I$18 -> 4371920 | T43: =ROUND(GEOMEAN($G43,$J43,$M43),0) -> 417383 | U43: =ROUND($T43*$F43,0) -> 1669532 | V43: =$U43*$I$18 -> 4173830 | W43: =ROUND(HARMEAN($G43,$J43,$M43),0) -> 400809 | X43: =ROUND($W43*$F43,0) -> 1603236 | Y43: =$X43*$I$18 -> 4008090 | Z43: {=ROUND(AVERAGE((SMALL(($G43,$J43,$M43),{1;2}))),0)} -> 338665 | AA43: =ROUND($Z43*$F43,0) -> 1354660 | AB43: =$AA43*$I$18 -> 3386650 | AC43: {=ROUND(GEOMEAN((SMALL(($G43,$J43,$M43),{1;2}))),0)} -> 338589 | AD43: =ROUND($AC43*$F43,0) -> 1354356 | AE43: =$AD43*$I$18 -> 3385890 | AF43: {=ROUND(HARMEAN((SMALL(($G43,$J43,$M43),{1;2}))),0)} -> 338513 | AG43: =ROUND($AF43*$F43,0) -> 1354052 | AH43: =$AG43*$I$18 -> 3385130 | AI43: =AF43 -> 338513 | AJ43: =ROUND($AI43*$F43,0) -> 1354052 | AK43: =$AJ43*$I$18 -> 3385130
B44: 3 | C44: EQUIPOS CCTV Y TV | D44: NVR (Para grabación continua, 8 CH H. 265 4CH @4K o 16CH @1080P hasta 12MP reproducción 16CH 8 SATA 2 HDMI 4K 2 RJ 45 1000 MBPS, Grabación las 24 horas del día, con capacidad de almacenamiento de 6 Teras Bytes). | F44: =1+1+1 -> 3 | G44: 441555 | H44: =ROUND($G44*$F44,0) -> 1324665 | I44: =$H44*$I$18 -> 3311662.5 | J44: 147833.33 | K44: =ROUND($J44*$F44,0) -> 443500 | L44: =$K44*$I$18 -> 1108750 | M44: 253000 | N44: =ROUND($M44*$F44,0) -> 759000 | O44: =$N44*$I$18 -> 1897500 | Q44: =ROUND(AVERAGE($G44,$J44,$M44),0) -> 280796 | R44: =ROUND($Q44*$F44,0) -> 842388 | S44: =$R44*$I$18 -> 2105970 | T44: =ROUND(GEOMEAN($G44,$J44,$M44),0) -> 254659 | U44: =ROUND($T44*$F44,0) -> 763977 | V44: =$U44*$I$18 -> 1909942.5 | W44: =ROUND(HARMEAN($G44,$J44,$M44),0) -> 231095 | X44: =ROUND($W44*$F44,0) -> 693285 | Y44: =$X44*$I$18 -> 1733212.5 | Z44: {=ROUND(AVERAGE((SMALL(($G44,$J44,$M44),{1;2}))),0)} -> 200417 | AA44: =ROUND($Z44*$F44,0) -> 601251 | AB44: =$AA44*$I$18 -> 1503127.5 | AC44: {=ROUND(GEOMEAN((SMALL(($G44,$J44,$M44),{1;2}))),0)} -> 193396 | AD44: =ROUND($AC44*$F44,0) -> 580188 | AE44: =$AD44*$I$18 -> 1450470 | AF44: {=ROUND(HARMEAN((SMALL(($G44,$J44,$M44),{1;2}))),0)} -> 186620 | AG44: =ROUND($AF44*$F44,0) -> 559860 | AH44: =$AG44*$I$18 -> 1399650 | AI44: =AF44 -> 186620 | AJ44: =ROUND($AI44*$F44,0) -> 559860 | AK44: =$AJ44*$I$18 -> 1399650
B45: 4 | C45: EQUIPOS CCTV Y TV | D45: NVR (Grabador de Video en Red, 64 canales, H.265, hasta 12 MP, reproducción 16 canales, 8 bahías SATA, 2 HDMI 4K, 2 RJ45 1000 Mbps, capacidad instalada 24 TB, grabación continua 24/7) | F45: =2 -> 2 | G45: 5036167 | H45: =ROUND($G45*$F45,0) -> 10072334 | I45: =$H45*$I$18 -> 25180835 | J45: 496666.67 | K45: =ROUND($J45*$F45,0) -> 993333 | L45: =$K45*$I$18 -> 2483332.5 | M45: 287500 | N45: =ROUND($M45*$F45,0) -> 575000 | O45: =$N45*$I$18 -> 1437500 | Q45: =ROUND(AVERAGE($G45,$J45,$M45),0) -> 1940111 | R45: =ROUND($Q45*$F45,0) -> 3880222 | S45: =$R45*$I$18 -> 9700555 | T45: =ROUND(GEOMEAN($G45,$J45,$M45),0) -> 895917 | U45: =ROUND($T45*$F45,0) -> 1791834 | V45: =$U45*$I$18 -> 4479585 | W45: =ROUND(HARMEAN($G45,$J45,$M45),0) -> 527218 | X45: =ROUND($W45*$F45,0) -> 1054436 | Y45: =$X45*$I$18 -> 2636090 | Z45: {=ROUND(AVERAGE((SMALL(($G45,$J45,$M45),{1;2}))),0)} -> 392083 | AA45: =ROUND($Z45*$F45,0) -> 784166 | AB45: =$AA45*$I$18 -> 1960415 | AC45: {=ROUND(GEOMEAN((SMALL(($G45,$J45,$M45),{1;2}))),0)} -> 377878 | AD45: =ROUND($AC45*$F45,0) -> 755756 | AE45: =$AD45*$I$18 -> 1889390 | AF45: {=ROUND(HARMEAN((SMALL(($G45,$J45,$M45),{1;2}))),0)} -> 364187 | AG45: =ROUND($AF45*$F45,0) -> 728374 | AH45: =$AG45*$I$18 -> 1820935 | AI45: =AF45 -> 364187 | AJ45: =ROUND($AI45*$F45,0) -> 728374 | AK45: =$AJ45*$I$18 -> 1820935
B46: 5 | C46: EQUIPOS CCTV Y TV | D46: (Cámara IP tipo Bala Varifocal 2,8-12 MM 4 MP 120 dB WDR 30 MTS SD Hasta 128 Gb POE VCA).Incluye suministros e instalación (mano de obra) necesarios para el óptimo funcionamiento del circuito cerrado de televisión | E46: (Cámara IP tipo Bala Varifocal 2,8-12 MM 4 MP 120 dB WDR 30 MTS SD Hasta 128 Gb POE VCA).Incluye suministros e instalación (mano de obra) necesarios para el óptimo funcionamiento del circuito cerrado de televisión | F46: =36+5+1 -> 42 | G46: 706625 | H46: =ROUND($G46*$F46,0) -> 29678250 | I46: =$H46*$I$18 -> 74195625 | J46: 73666.667 | K46: =ROUND($J46*$F46,0) -> 3094000 | L46: =$K46*$I$18 -> 7735000 | M46: 108554 | N46: =ROUND($M46*$F46,0) -> 4559268 | O46: =$N46*$I$18 -> 11398170 | Q46: =ROUND(AVERAGE($G46,$J46,$M46),0) -> 296282 | R46: =ROUND($Q46*$F46,0) -> 12443844 | S46: =$R46*$I$18 -> 31109610 | T46: =ROUND(GEOMEAN($G46,$J46,$M46),0) -> 178116 | U46: =ROUND($T46*$F46,0) -> 7480872 | V46: =$U46*$I$18 -> 18702180 | W46: =ROUND(HARMEAN($G46,$J46,$M46),0) -> 123957 | X46: =ROUND($W46*$F46,0) -> 5206194 | Y46: =$X46*$I$18 -> 13015485 | Z46: {=ROUND(AVERAGE((SMALL(($G46,$J46,$M46),{1;2}))),0)} -> 91110 | AA46: =ROUND($Z46*$F46,0) -> 3826620 | AB46: =$AA46*$I$18 -> 9566550 | AC46: {=ROUND(GEOMEAN((SMALL(($G46,$J46,$M46),{1;2}))),0)} -> 89425 | AD46: =ROUND($AC46*$F46,0) -> 3755850 | AE46: =$AD46*$I$18 -> 9389625 | AF46: {=ROUND(HARMEAN((SMALL(($G46,$J46,$M46),{1;2}))),0)} -> 87771 | AG46: =ROUND($AF46*$F46,0) -> 3686382 | AH46: =$AG46*$I$18 -> 9215955 | AI46: =AF46 -> 87771 | AJ46: =ROUND($AI46*$F46,0) -> 3686382 | AK46: =$AJ46*$I$18 -> 9215955
B47: 6 | C47: EQUIPOS CCTV Y TV | D47: (Cámara IP tipo Domo Varifocal 2,8-12 MM 4 MP 120 dB WDR 30 MTS SD Hasta 128 Gb POE VCA).Incluye suministros e instalación (mano de obra) necesarios para el óptimo funcionamiento del circuito cerrado de televisión | E47: (Cámara IP tipo Domo Varifocal 2,8-12 MM 4 MP 120 dB WDR 30 MTS SD Hasta 128 Gb POE VCA).Incluye suministros e instalación (mano de obra) necesarios para el óptimo funcionamiento del circuito cerrado de televisión | F47: =54+5+5+3+6 -> 73 | G47: 1072385 | H47: =ROUND($G47*$F47,0) -> 78284105 | I47: =$H47*$I$18 -> 1.9571026e+08 | J47: 69500 | K47: =ROUND($J47*$F47,0) -> 5073500 | L47: =$K47*$I$18 -> 12683750 | M47: 119631 | N47: =ROUND($M47*$F47,0) -> 8733063 | O47: =$N47*$I$18 -> 21832658 | Q47: =ROUND(AVERAGE($G47,$J47,$M47),0) -> 420505 | R47: =ROUND($Q47*$F47,0) -> 30696865 | S47: =$R47*$I$18 -> 76742162 | T47: =ROUND(GEOMEAN($G47,$J47,$M47),0) -> 207361 | U47: =ROUND($T47*$F47,0) -> 15137353 | V47: =$U47*$I$18 -> 37843382 | W47: =ROUND(HARMEAN($G47,$J47,$M47),0) -> 126689 | X47: =ROUND($W47*$F47,0) -> 9248297 | Y47: =$X47*$I$18 -> 23120742 | Z47: {=ROUND(AVERAGE((SMALL(($G47,$J47,$M47),{1;2}))),0)} -> 94566 | AA47: =ROUND($Z47*$F47,0) -> 6903318 | AB47: =$AA47*$I$18 -> 17258295 | AC47: {=ROUND(GEOMEAN((SMALL(($G47,$J47,$M47),{1;2}))),0)} -> 91183 | AD47: =ROUND($AC47*$F47,0) -> 6656359 | AE47: =$AD47*$I$18 -> 16640898 | AF47: {=ROUND(HARMEAN((SMALL(($G47,$J47,$M47),{1;2}))),0)} -> 87922 | AG47: =ROUND($AF47*$F47,0) -> 6418306 | AH47: =$AG47*$I$18 -> 16045765 | AI47: =AF47 -> 87922 | AJ47: =ROUND($AI47*$F47,0) -> 6418306 | AK47: =$AJ47*$I$18 -> 16045765
B48: 7 | C48: EQUIPOS CCTV Y TV | D48: Cámara Domo PTZ Exterior IP, 4 MP, zoom óptico ≥25×, IR ≥100 m, protección IP66, WDR ≥120 dB, H.265, VCA, audio y alarmas, PoE+/Hi-PoE. Incluye suministros e instalación (mano de obra) necesarios para el óptimo funcionamiento del circuito cerrado de televisión. | F48: =1 -> 1 | G48: 469356 | H48: =ROUND($G48*$F48,0) -> 469356 | I48: =$H48*$I$18 -> 1173390 | J48: 469833.33 | K48: =ROUND($J48*$F48,0) -> 469833 | L48: =$K48*$I$18 -> 1174582.5 | M48: 747500 | N48: =ROUND($M48*$F48,0) -> 747500 | O48: =$N48*$I$18 -> 1868750 | Q48: =ROUND(AVERAGE($G48,$J48,$M48),0) -> 562230 | R48: =ROUND($Q48*$F48,0) -> 562230 | S48: =$R48*$I$18 -> 1405575 | T48: =ROUND(GEOMEAN($G48,$J48,$M48),0) -> 548301 | U48: =ROUND($T48*$F48,0) -> 548301 | V48: =$U48*$I$18 -> 1370752.5 | W48: =ROUND(HARMEAN($G48,$J48,$M48),0) -> 536022 | X48: =ROUND($W48*$F48,0) -> 536022 | Y48: =$X48*$I$18 -> 1340055 | Z48: {=ROUND(AVERAGE((SMALL(($G48,$J48,$M48),{1;2}))),0)} -> 469595 | AA48: =ROUND($Z48*$F48,0) -> 469595 | AB48: =$AA48*$I$18 -> 1173987.5 | AC48: {=ROUND(GEOMEAN((SMALL(($G48,$J48,$M48),{1;2}))),0)} -> 469595 | AD48: =ROUND($AC48*$F48,0) -> 469595 | AE48: =$AD48*$I$18 -> 1173987.5 | AF48: {=ROUND(HARMEAN((SMALL(($G48,$J48,$M48),{1;2}))),0)} -> 469595 | AG48: =ROUND($AF48*$F48,0) -> 469595 | AH48: =$AG48*$I$18 -> 1173987.5 | AI48: =AF48 -> 469595 | AJ48: =ROUND($AI48*$F48,0) -> 469595 | AK48: =$AJ48*$I$18 -> 1173987.5
B49: 8 | C49: EQUIPOS CCTV Y TV | D49: UPS online 2 KVA tipo torre monofásica con autonomía de aproximadamente 30 minutos. Incluye suministros e instalación (mano de obra) necesarios para el óptimo funcionamiento | F49: =4+1 -> 5 | G49: 226693 | H49: =ROUND($G49*$F49,0) -> 1133465 | I49: =$H49*$I$18 -> 2833662.5 | J49: 345166.67 | K49: =ROUND($J49*$F49,0) -> 1725833 | L49: =$K49*$I$18 -> 4314582.5 | M49: 642298 | N49: =ROUND($M49*$F49,0) -> 3211490 | O49: =$N49*$I$18 -> 8028725 | Q49: =ROUND(AVERAGE($G49,$J49,$M49),0) -> 404719 | R49: =ROUND($Q49*$F49,0) -> 2023595 | S49: =$R49*$I$18 -> 5058987.5 | T49: =ROUND(GEOMEAN($G49,$J49,$M49),0) -> 369035 | U49: =ROUND($T49*$F49,0) -> 1845175 | V49: =$U49*$I$18 -> 4612937.5 | W49: =ROUND(HARMEAN($G49,$J49,$M49),0) -> 338398 | X49: =ROUND($W49*$F49,0) -> 1691990 | Y49: =$X49*$I$18 -> 4229975 | Z49: {=ROUND(AVERAGE((SMALL(($G49,$J49,$M49),{1;2}))),0)} -> 285930 | AA49: =ROUND($Z49*$F49,0) -> 1429650 | AB49: =$AA49*$I$18 -> 3574125 | AC49: {=ROUND(GEOMEAN((SMALL(($G49,$J49,$M49),{1;2}))),0)} -> 279726 | AD49: =ROUND($AC49*$F49,0) -> 1398630 | AE49: =$AD49*$I$18 -> 3496575 | AF49: {=ROUND(HARMEAN((SMALL(($G49,$J49,$M49),{1;2}))),0)} -> 273658 | AG49: =ROUND($AF49*$F49,0) -> 1368290 | AH49: =$AG49*$I$18 -> 3420725 | AI49: =AF49 -> 273658 | AJ49: =ROUND($AI49*$F49,0) -> 1368290 | AK49: =$AJ49*$I$18 -> 3420725
B50: 9 | C50: EQUIPOS CCTV Y TV | D50: UPS online 3 KVA tipo torre monofásica con autonomía aproximadamente de 30 minutos. Incluye suministros e instalación (mano de obra) necesarios para el óptimo funcionamiento | F50: =1 -> 1 | G50: 426693 | H50: =ROUND($G50*$F50,0) -> 426693 | I50: =$H50*$I$18 -> 1066732.5 | J50: 410666.67 | K50: =ROUND($J50*$F50,0) -> 410667 | L50: =$K50*$I$18 -> 1026667.5 | M50: 678500 | N50: =ROUND($M50*$F50,0) -> 678500 | O50: =$N50*$I$18 -> 1696250 | Q50: =ROUND(AVERAGE($G50,$J50,$M50),0) -> 505287 | R50: =ROUND($Q50*$F50,0) -> 505287 | S50: =$R50*$I$18 -> 1263217.5 | T50: =ROUND(GEOMEAN($G50,$J50,$M50),0) -> 491720 | U50: =ROUND($T50*$F50,0) -> 491720 | V50: =$U50*$I$18 -> 1229300 | W50: =ROUND(HARMEAN($G50,$J50,$M50),0) -> 479807 | X50: =ROUND($W50*$F50,0) -> 479807 | Y50: =$X50*$I$18 -> 1199517.5 | Z50: {=ROUND(AVERAGE((SMALL(($G50,$J50,$M50),{1;2}))),0)} -> 418680 | AA50: =ROUND($Z50*$F50,0) -> 418680 | AB50: =$AA50*$I$18 -> 1046700 | AC50: {=ROUND(GEOMEAN((SMALL(($G50,$J50,$M50),{1;2}))),0)} -> 418603 | AD50: =ROUND($AC50*$F50,0) -> 418603 | AE50: =$AD50*$I$18 -> 1046507.5 | AF50: {=ROUND(HARMEAN((SMALL(($G50,$J50,$M50),{1;2}))),0)} -> 418526 | AG50: =ROUND($AF50*$F50,0) -> 418526 | AH50: =$AG50*$I$18 -> 1046315 | AI50: =AF50 -> 418526 | AJ50: =ROUND($AI50*$F50,0) -> 418526 | AK50: =$AJ50*$I$18 -> 1046315
B51: 10 | C51: EQUIPOS DE SISTEMA DE DETECCIÓN Y ALARMA | D51: Sensor humo fotoeléctrico Detectores de incendios automáticos. Incluye suministros e instalación (mano de obra) necesarios para el óptimo funcionamiento | F51: =30+2+3+1 -> 36 | G51: 52151 | H51: =ROUND($G51*$F51,0) -> 1877436 | I51: =$H51*$I$18 -> 4693590 | J51: 49666.667 | K51: =ROUND($J51*$F51,0) -> 1788000 | L51: =$K51*$I$18 -> 4470000 | M51: 60983 | N51: =ROUND($M51*$F51,0) -> 2195388 | O51: =$N51*$I$18 -> 5488470 | Q51: =ROUND(AVERAGE($G51,$J51,$M51),0) -> 54267 | R51: =ROUND($Q51*$F51,0) -> 1953612 | S51: =$R51*$I$18 -> 4884030 | T51: =ROUND(GEOMEAN($G51,$J51,$M51),0) -> 54056 | U51: =ROUND($T51*$F51,0) -> 1946016 | V51: =$U51*$I$18 -> 4865040 | W51: =ROUND(HARMEAN($G51,$J51,$M51),0) -> 53853 | X51: =ROUND($W51*$F51,0) -> 1938708 | Y51: =$X51*$I$18 -> 4846770 | Z51: {=ROUND(AVERAGE((SMALL(($G51,$J51,$M51),{1;2}))),0)} -> 50909 | AA51: =ROUND($Z51*$F51,0) -> 1832724 | AB51: =$AA51*$I$18 -> 4581810 | AC51: {=ROUND(GEOMEAN((SMALL(($G51,$J51,$M51),{1;2}))),0)} -> 50894 | AD51: =ROUND($AC51*$F51,0) -> 1832184 | AE51: =$AD51*$I$18 -> 4580460 | AF51: {=ROUND(HARMEAN((SMALL(($G51,$J51,$M51),{1;2}))),0)} -> 50879 | AG51: =ROUND($AF51*$F51,0) -> 1831644 | AH51: =$AG51*$I$18 -> 4579110 | AI51: =AF51 -> 50879 | AJ51: =ROUND($AI51*$F51,0) -> 1831644 | AK51: =$AJ51*$I$18 -> 4579110
B52: 11 | C52: EQUIPOS DE SISTEMA DE DETECCIÓN Y ALARMA | D52: Panel central de detección, Panel de control direccionales. Incluye suministros e instalación (mano de obra) necesarios para el óptimo funcionamiento | E52: CAMARAS IP - TIPO BALA | F52: =5+1+1+1+1 -> 9 | G52: 434965 | H52: =ROUND($G52*$F52,0) -> 3914685 | I52: =$H52*$I$18 -> 9786712.5 | J52: 69166.667 | K52: =ROUND($J52*$F52,0) -> 622500 | L52: =$K52*$I$18 -> 1556250 | M52: 252793 | N52: =ROUND($M52*$F52,0) -> 2275137 | O52: =$N52*$I$18 -> 5687842.5 | Q52: =ROUND(AVERAGE($G52,$J52,$M52),0) -> 252308 | R52: =ROUND($Q52*$F52,0) -> 2270772 | S52: =$R52*$I$18 -> 5676930 | T52: =ROUND(GEOMEAN($G52,$J52,$M52),0) -> 196655 | U52: =ROUND($T52*$F52,0) -> 1769895 | V52: =$U52*$I$18 -> 4424737.5 | W52: =ROUND(HARMEAN($G52,$J52,$M52),0) -> 144839 | X52: =ROUND($W52*$F52,0) -> 1303551 | Y52: =$X52*$I$18 -> 3258877.5 | Z52: {=ROUND(AVERAGE((SMALL(($G52,$J52,$M52),{1;2}))),0)} -> 160980 | AA52: =ROUND($Z52*$F52,0) -> 1448820 | AB52: =$AA52*$I$18 -> 3622050 | AC52: {=ROUND(GEOMEAN((SMALL(($G52,$J52,$M52),{1;2}))),0)} -> 132230 | AD52: =ROUND($AC52*$F52,0) -> 1190070 | AE52: =$AD52*$I$18 -> 2975175 | AF52: {=ROUND(HARMEAN((SMALL(($G52,$J52,$M52),{1;2}))),0)} -> 108615 | AG52: =ROUND($AF52*$F52,0) -> 977535 | AH52: =$AG52*$I$18 -> 2443837.5 | AI52: =AF52 -> 108615 | AJ52: =ROUND($AI52*$F52,0) -> 977535 | AK52: =$AJ52*$I$18 -> 2443837.5
B53: 12 | C53: EQUIPOS DE SISTEMA DE DETECCIÓN Y ALARMA | D53: Sirena con estrobo. Incluye suministros e instalación (mano de obra) necesarios para el óptimo funcionamiento | E53: JOISTYCK PARA CONTROL DE CÁMARAS DOMO PTZ | F53: =4+1+1 -> 6 | G53: 123678 | H53: =ROUND($G53*$F53,0) -> 742068 | I53: =$H53*$I$18 -> 1855170 | J53: 43000 | K53: =ROUND($J53*$F53,0) -> 258000 | L53: =$K53*$I$18 -> 645000 | M53: 85561 | N53: =ROUND($M53*$F53,0) -> 513366 | O53: =$N53*$I$18 -> 1283415 | Q53: =ROUND(AVERAGE($G53,$J53,$M53),0) -> 84080 | R53: =ROUND($Q53*$F53,0) -> 504480 | S53: =$R53*$I$18 -> 1261200 | T53: =ROUND(GEOMEAN($G53,$J53,$M53),0) -> 76915 | U53: =ROUND($T53*$F53,0) -> 461490 | V53: =$U53*$I$18 -> 1153725 | W53: =ROUND(HARMEAN($G53,$J53,$M53),0) -> 69721 | X53: =ROUND($W53*$F53,0) -> 418326 | Y53: =$X53*$I$18 -> 1045815 | Z53: {=ROUND(AVERAGE((SMALL(($G53,$J53,$M53),{1;2}))),0)} -> 64281 | AA53: =ROUND($Z53*$F53,0) -> 385686 | AB53: =$AA53*$I$18 -> 964215 | AC53: {=ROUND(GEOMEAN((SMALL(($G53,$J53,$M53),{1;2}))),0)} -> 60656 | AD53: =ROUND($AC53*$F53,0) -> 363936 | AE53: =$AD53*$I$18 -> 909840 | AF53: {=ROUND(HARMEAN((SMALL(($G53,$J53,$M53),{1;2}))),0)} -> 57235 | AG53: =ROUND($AF53*$F53,0) -> 343410 | AH53: =$AG53*$I$18 -> 858525 | AI53: =AF53 -> 57235 | AJ53: =ROUND($AI53*$F53,0) -> 343410 | AK53: =$AJ53*$I$18 -> 858525
B54: 13 | C54: EQUIPOS DE SISTEMA DE DETECCIÓN Y ALARMA | D54: Estación manual de alarma. Incluye suministros e instalación (mano de obra) necesarios para el óptimo funcionamiento | E54: MONITOR DE 24" PARA CIRCUITO CERRADO DE TELEVISIÓN | F54: =5+1+1+1+1 -> 9 | G54: 51014 | H54: =ROUND($G54*$F54,0) -> 459126 | I54: =$H54*$I$18 -> 1147815 | J54: 69166.667 | K54: =ROUND($J54*$F54,0) -> 622500 | L54: =$K54*$I$18 -> 1556250 | M54: 101678 | N54: =ROUND($M54*$F54,0) -> 915102 | O54: =$N54*$I$18 -> 2287755 | Q54: =ROUND(AVERAGE($G54,$J54,$M54),0) -> 73953 | R54: =ROUND($Q54*$F54,0) -> 665577 | S54: =$R54*$I$18 -> 1663942.5 | T54: =ROUND(GEOMEAN($G54,$J54,$M54),0) -> 71057 | U54: =ROUND($T54*$F54,0) -> 639513 | V54: =$U54*$I$18 -> 1598782.5 | W54: =ROUND(HARMEAN($G54,$J54,$M54),0) -> 68345 | X54: =ROUND($W54*$F54,0) -> 615105 | Y54: =$X54*$I$18 -> 1537762.5 | Z54: {=ROUND(AVERAGE((SMALL(($G54,$J54,$M54),{1;2}))),0)} -> 60090 | AA54: =ROUND($Z54*$F54,0) -> 540810 | AB54: =$AA54*$I$18 -> 1352025 | AC54: {=ROUND(GEOMEAN((SMALL(($G54,$J54,$M54),{1;2}))),0)} -> 59401 | AD54: =ROUND($AC54*$F54,0) -> 534609 | AE54: =$AD54*$I$18 -> 1336522.5 | AF54: {=ROUND(HARMEAN((SMALL(($G54,$J54,$M54),{1;2}))),0)} -> 58719 | AG54: =ROUND($AF54*$F54,0) -> 528471 | AH54: =$AG54*$I$18 -> 1321177.5 | AI54: =AF54 -> 58719 | AJ54: =ROUND($AI54*$F54,0) -> 528471 | AK54: =$AJ54*$I$18 -> 1321177.5
B55: 14 | C55: EQUIPOS DE SISTEMA DE DETECCIÓN Y ALARMA | D55: Modulo indicador. Incluye suministros e instalación (mano de obra) necesarios para el óptimo funcionamiento | E55: MONITOR DE 24" PARA CIRCUITO CERRADO DE TELEVISIÓN | F55: =5+1+1+1 -> 8 | G55: 142633 | H55: =ROUND($G55*$F55,0) -> 1141064 | I55: =$H55*$I$18 -> 2852660 | J55: 96333.333 | K55: =ROUND($J55*$F55,0) -> 770667 | L55: =$K55*$I$18 -> 1926667.5 | M55: 66996 | N55: =ROUND($M55*$F55,0) -> 535968 | O55: =$N55*$I$18 -> 1339920 | Q55: =ROUND(AVERAGE($G55,$J55,$M55),0) -> 101987 | R55: =ROUND($Q55*$F55,0) -> 815896 | S55: =$R55*$I$18 -> 2039740 | T55: =ROUND(GEOMEAN($G55,$J55,$M55),0) -> 97278 | U55: =ROUND($T55*$F55,0) -> 778224 | V55: =$U55*$I$18 -> 1945560 | W55: =ROUND(HARMEAN($G55,$J55,$M55),0) -> 92828 | X55: =ROUND($W55*$F55,0) -> 742624 | Y55: =$X55*$I$18 -> 1856560 | Z55: {=ROUND(AVERAGE((SMALL(($G55,$J55,$M55),{1;2}))),0)} -> 81665 | AA55: =ROUND($Z55*$F55,0) -> 653320 | AB55: =$AA55*$I$18 -> 1633300 | AC55: {=ROUND(GEOMEAN((SMALL(($G55,$J55,$M55),{1;2}))),0)} -> 80336 | AD55: =ROUND($AC55*$F55,0) -> 642688 | AE55: =$AD55*$I$18 -> 1606720 | AF55: {=ROUND(HARMEAN((SMALL(($G55,$J55,$M55),{1;2}))),0)} -> 79030 | AG55: =ROUND($AF55*$F55,0) -> 632240 | AH55: =$AG55*$I$18 -> 1580600 | AI55: =AF55 -> 79030 | AJ55: =ROUND($AI55*$F55,0) -> 632240 | AK55: =$AJ55*$I$18 -> 1580600
B56: 15 | C56: EQUIPOS DE SISTEMA DE DETECCIÓN Y ALARMA | D56: Sensor de intrusión tipo interior. Incluye suministros e instalación (mano de obra) necesarios para el óptimo funcionamiento | E56: MONITOR DE 24" PARA CIRCUITO CERRADO DE TELEVISIÓN | F56: =76+1+3 -> 80 | G56: 43329 | H56: =ROUND($G56*$F56,0) -> 3466320 | I56: =$H56*$I$18 -> 8665800 | J56: 24166.667 | K56: =ROUND($J56*$F56,0) -> 1933333 | L56: =$K56*$I$18 -> 4833332.5 | M56: 41449 | N56: =ROUND($M56*$F56,0) -> 3315920 | O56: =$N56*$I$18 -> 8289800 | Q56: =ROUND(AVERAGE($G56,$J56,$M56),0) -> 36315 | R56: =ROUND($Q56*$F56,0) -> 2905200 | S56: =$R56*$I$18 -> 7263000 | T56: =ROUND(GEOMEAN($G56,$J56,$M56),0) -> 35143 | U56: =ROUND($T56*$F56,0) -> 2811440 | V56: =$U56*$I$18 -> 7028600 | W56: =ROUND(HARMEAN($G56,$J56,$M56),0) -> 33866 | X56: =ROUND($W56*$F56,0) -> 2709280 | Y56: =$X56*$I$18 -> 6773200 | Z56: {=ROUND(AVERAGE((SMALL(($G56,$J56,$M56),{1;2}))),0)} -> 32808 | AA56: =ROUND($Z56*$F56,0) -> 2624640 | AB56: =$AA56*$I$18 -> 6561600 | AC56: {=ROUND(GEOMEAN((SMALL(($G56,$J56,$M56),{1;2}))),0)} -> 31649 | AD56: =ROUND($AC56*$F56,0) -> 2531920 | AE56: =$AD56*$I$18 -> 6329800 | AF56: {=ROUND(HARMEAN((SMALL(($G56,$J56,$M56),{1;2}))),0)} -> 30532 | AG56: =ROUND($AF56*$F56,0) -> 2442560 | AH56: =$AG56*$I$18 -> 6106400 | AI56: =AF56 -> 30532 | AJ56: =ROUND($AI56*$F56,0) -> 2442560 | AK56: =$AJ56*$I$18 -> 6106400
B57: 16 | C57: EQUIPOS DE SISTEMA DE DETECCIÓN Y ALARMA | D57: Sensor de intrusión tipo exterior. Incluye suministros e instalación (mano de obra) necesarios para el óptimo funcionamiento | E57: DISPOSITIVO DE GRABACIÓN DE RED (NVR) | F57: =12+1+1+1 -> 15 | G57: 112790 | H57: =ROUND($G57*$F57,0) -> 1691850 | I57: =$H57*$I$18 -> 4229625 | J57: 40833.333 | K57: =ROUND($J57*$F57,0) -> 612500 | L57: =$K57*$I$18 -> 1531250 | M57: 62984 | N57: =ROUND($M57*$F57,0) -> 944760 | O57: =$N57*$I$18 -> 2361900 | Q57: =ROUND(AVERAGE($G57,$J57,$M57),0) -> 72202 | R57: =ROUND($Q57*$F57,0) -> 1083030 | S57: =$R57*$I$18 -> 2707575 | T57: =ROUND(GEOMEAN($G57,$J57,$M57),0) -> 66197 | U57: =ROUND($T57*$F57,0) -> 992955 | V57: =$U57*$I$18 -> 2482387.5 | W57: =ROUND(HARMEAN($G57,$J57,$M57),0) -> 60935 | X57: =ROUND($W57*$F57,0) -> 914025 | Y57: =$X57*$I$18 -> 2285062.5 | Z57: {=ROUND(AVERAGE((SMALL(($G57,$J57,$M57),{1;2}))),0)} -> 51909 | AA57: =ROUND($Z57*$F57,0) -> 778635 | AB57: =$AA57*$I$18 -> 1946587.5 | AC57: {=ROUND(GEOMEAN((SMALL(($G57,$J57,$M57),{1;2}))),0)} -> 50713 | AD57: =ROUND($AC57*$F57,0) -> 760695 | AE57: =$AD57*$I$18 -> 1901737.5 | AF57: {=ROUND(HARMEAN((SMALL(($G57,$J57,$M57),{1;2}))),0)} -> 49546 | AG57: =ROUND($AF57*$F57,0) -> 743190 | AH57: =$AG57*$I$18 -> 1857975 | AI57: =AF57 -> 49546 | AJ57: =ROUND($AI57*$F57,0) -> 743190 | AK57: =$AJ57*$I$18 -> 1857975
B58: 17 | C58: EQUIPOS DE SISTEMA DE DETECCIÓN Y ALARMA | D58: Detector rayo fotoelectrico exterior par receptor-emisor incluye suministros e instalación (mano de obra) necesarios para el óptimo funcionamiento | E58: UPS 3KVA | F58: =12 -> 12 | G58: 102763 | H58: =ROUND($G58*$F58,0) -> 1233156 | I58: =$H58*$I$18 -> 3082890 | J58: 135333.33 | K58: =ROUND($J58*$F58,0) -> 1624000 | L58: =$K58*$I$18 -> 4060000 | M58: 125675 | N58: =ROUND($M58*$F58,0) -> 1508100 | O58: =$N58*$I$18 -> 3770250 | Q58: =ROUND(AVERAGE($G58,$J58,$M58),0) -> 121257 | R58: =ROUND($Q58*$F58,0) -> 1455084 | S58: =$R58*$I$18 -> 3637710 | T58: =ROUND(GEOMEAN($G58,$J58,$M58),0) -> 120456 | U58: =ROUND($T58*$F58,0) -> 1445472 | V58: =$U58*$I$18 -> 3613680 | W58: =ROUND(HARMEAN($G58,$J58,$M58),0) -> 119630 | X58: =ROUND($W58*$F58,0) -> 1435560 | Y58: =$X58*$I$18 -> 3588900 | Z58: {=ROUND(AVERAGE((SMALL(($G58,$J58,$M58),{1;2}))),0)} -> 114219 | AA58: =ROUND($Z58*$F58,0) -> 1370628 | AB58: =$AA58*$I$18 -> 3426570 | AC58: {=ROUND(GEOMEAN((SMALL(($G58,$J58,$M58),{1;2}))),0)} -> 113643 | AD58: =ROUND($AC58*$F58,0) -> 1363716 | AE58: =$AD58*$I$18 -> 3409290 | AF58: {=ROUND(HARMEAN((SMALL(($G58,$J58,$M58),{1;2}))),0)} -> 113070 | AG58: =ROUND($AF58*$F58,0) -> 1356840 | AH58: =$AG58*$I$18 -> 3392100 | AI58: =AF58 -> 113070 | AJ58: =ROUND($AI58*$F58,0) -> 1356840 | AK58: =$AJ58*$I$18 -> 3392100
B59: 18 | C59: EQUIPOS DE SISTEMA DE DETECCIÓN Y ALARMA | D59: Sensor de contacto magenitico (mano de obra) necesarios para el óptimo funcionamiento | E59: BOTON DE PANICO | F59: =13 -> 13 | G59: 19910 | H59: =ROUND($G59*$F59,0) -> 258830 | I59: =$H59*$I$18 -> 647075 | J59: 19500 | K59: =ROUND($J59*$F59,0) -> 253500 | L59: =$K59*$I$18 -> 633750 | M59: 19612 | N59: =ROUND($M59*$F59,0) -> 254956 | O59: =$N59*$I$18 -> 637390 | Q59: =ROUND(AVERAGE($G59,$J59,$M59),0) -> 19674 | R59: =ROUND($Q59*$F59,0) -> 255762 | S59: =$R59*$I$18 -> 639405 | T59: =ROUND(GEOMEAN($G59,$J59,$M59),0) -> 19673 | U59: =ROUND($T59*$F59,0) -> 255749 | V59: =$U59*$I$18 -> 639372.5 | W59: =ROUND(HARMEAN($G59,$J59,$M59),0) -> 19672 | X59: =ROUND($W59*$F59,0) -> 255736 | Y59: =$X59*$I$18 -> 639340 | Z59: {=ROUND(AVERAGE((SMALL(($G59,$J59,$M59),{1;2}))),0)} -> 19556 | AA59: =ROUND($Z59*$F59,0) -> 254228 | AB59: =$AA59*$I$18 -> 635570 | AC59: {=ROUND(GEOMEAN((SMALL(($G59,$J59,$M59),{1;2}))),0)} -> 19556 | AD59: =ROUND($AC59*$F59,0) -> 254228 | AE59: =$AD59*$I$18 -> 635570 | AF59: {=ROUND(HARMEAN((SMALL(($G59,$J59,$M59),{1;2}))),0)} -> 19556 | AG59: =ROUND($AF59*$F59,0) -> 254228 | AH59: =$AG59*$I$18 -> 635570 | AI59: =AF59 -> 19556 | AJ59: =ROUND($AI59*$F59,0) -> 254228 | AK59: =$AJ59*$I$18 -> 635570
B60: 19 | C60: EQUIPOS DE SISTEMA DE DETECCIÓN Y ALARMA | D60: Sensor de rotura de vidrio, Incluye suministros e instalación (mano de obra) necesarios para el óptimo funcionamiento | E60: Cilindro de Descarga | F60: =1 -> 1 | G60: 31121 | H60: =ROUND($G60*$F60,0) -> 31121 | I60: =$H60*$I$18 -> 77802.5 | J60: 29666.667 | K60: =ROUND($J60*$F60,0) -> 29667 | L60: =$K60*$I$18 -> 74167.5 | M60: 43845 | N60: =ROUND($M60*$F60,0) -> 43845 | O60: =$N60*$I$18 -> 109612.5 | Q60: =ROUND(AVERAGE($G60,$J60,$M60),0) -> 34878 | R60: =ROUND($Q60*$F60,0) -> 34878 | S60: =$R60*$I$18 -> 87195 | T60: =ROUND(GEOMEAN($G60,$J60,$M60),0) -> 34336 | U60: =ROUND($T60*$F60,0) -> 34336 | V60: =$U60*$I$18 -> 85840 | W60: =ROUND(HARMEAN($G60,$J60,$M60),0) -> 33842 | X60: =ROUND($W60*$F60,0) -> 33842 | Y60: =$X60*$I$18 -> 84605 | Z60: {=ROUND(AVERAGE((SMALL(($G60,$J60,$M60),{1;2}))),0)} -> 30394 | AA60: =ROUND($Z60*$F60,0) -> 30394 | AB60: =$AA60*$I$18 -> 75985 | AC60: {=ROUND(GEOMEAN((SMALL(($G60,$J60,$M60),{1;2}))),0)} -> 30385 | AD60: =ROUND($AC60*$F60,0) -> 30385 | AE60: =$AD60*$I$18 -> 75962.5 | AF60: {=ROUND(HARMEAN((SMALL(($G60,$J60,$M60),{1;2}))),0)} -> 30376 | AG60: =ROUND($AF60*$F60,0) -> 30376 | AH60: =$AG60*$I$18 -> 75940 | AI60: =AF60 -> 30376 | AJ60: =ROUND($AI60*$F60,0) -> 30376 | AK60: =$AJ60*$I$18 -> 75940
B61: 20 | C61: EQUIPOS DE SISTEMA DE DETECCIÓN Y ALARMA | D61: Kit antena antihurto radiofrecuencia con fuente de poder (antena trasmisora TX, antena receptora RX) detección entre antenas 1,20 para adhesivos. Incluye suministro e instalación (mano de obra) necesarios para el óptimo funcionamiento | E61: Espejos Concavos para inspección Vehicular | F61: =3 -> 3 | G61: 50000 | H61: =ROUND($G61*$F61,0) -> 150000 | I61: =$H61*$I$18 -> 375000 | J61: 224166.67 | K61: =ROUND($J61*$F61,0) -> 672500 | L61: =$K61*$I$18 -> 1681250 | M61: 467981 | N61: =ROUND($M61*$F61,0) -> 1403943 | O61: =$N61*$I$18 -> 3509857.5 | Q61: =ROUND(AVERAGE($G61,$J61,$M61),0) -> 247383 | R61: =ROUND($Q61*$F61,0) -> 742149 | S61: =$R61*$I$18 -> 1855372.5 | T61: =ROUND(GEOMEAN($G61,$J61,$M61),0) -> 173749 | U61: =ROUND($T61*$F61,0) -> 521247 | V61: =$U61*$I$18 -> 1303117.5 | W61: =ROUND(HARMEAN($G61,$J61,$M61),0) -> 112791 | X61: =ROUND($W61*$F61,0) -> 338373 | Y61: =$X61*$I$18 -> 845932.5 | Z61: {=ROUND(AVERAGE((SMALL(($G61,$J61,$M61),{1;2}))),0)} -> 137083 | AA61: =ROUND($Z61*$F61,0) -> 411249 | AB61: =$AA61*$I$18 -> 1028122.5 | AC61: {=ROUND(GEOMEAN((SMALL(($G61,$J61,$M61),{1;2}))),0)} -> 105869 | AD61: =ROUND($AC61*$F61,0) -> 317607 | AE61: =$AD61*$I$18 -> 794017.5 | AF61: {=ROUND(HARMEAN((SMALL(($G61,$J61,$M61),{1;2}))),0)} -> 81763 | AG61: =ROUND($AF61*$F61,0) -> 245289 | AH61: =$AG61*$I$18 -> 613222.5 | AI61: =AF61 -> 81763 | AJ61: =ROUND($AI61*$F61,0) -> 245289 | AK61: =$AJ61*$I$18 -> 613222.5
B62: 21 | C62: EQUIPOS Y SISTEMA DE CONTROL DE ACCESO | D62: Sistema de control de acceso biométrico (huella) con software de respaldo. | F62: =4 -> 4 | G62: 183917 | H62: =ROUND($G62*$F62,0) -> 735668 | I62: =$H62*$I$18 -> 1839170 | J62: 113150 | K62: =ROUND($J62*$F62,0) -> 452600 | L62: =$K62*$I$18 -> 1131500 | M62: 235980 | N62: =ROUND($M62*$F62,0) -> 943920 | O62: =$N62*$I$18 -> 2359800 | Q62: =ROUND(AVERAGE($G62,$J62,$M62),0) -> 177682 | R62: =ROUND($Q62*$F62,0) -> 710728 | S62: =$R62*$I$18 -> 1776820 | T62: =ROUND(GEOMEAN($G62,$J62,$M62),0) -> 169975 | U62: =ROUND($T62*$F62,0) -> 679900 | V62: =$U62*$I$18 -> 1699750 | W62: =ROUND(HARMEAN($G62,$J62,$M62),0) -> 162051 | X62: =ROUND($W62*$F62,0) -> 648204 | Y62: =$X62*$I$18 -> 1620510 | Z62: {=ROUND(AVERAGE((SMALL(($G62,$J62,$M62),{1;2}))),0)} -> 148534 | AA62: =ROUND($Z62*$F62,0) -> 594136 | AB62: =$AA62*$I$18 -> 1485340 | AC62: {=ROUND(GEOMEAN((SMALL(($G62,$J62,$M62),{1;2}))),0)} -> 144257 | AD62: =ROUND($AC62*$F62,0) -> 577028 | AE62: =$AD62*$I$18 -> 1442570 | AF62: {=ROUND(HARMEAN((SMALL(($G62,$J62,$M62),{1;2}))),0)} -> 140104 | AG62: =ROUND($AF62*$F62,0) -> 560416 | AH62: =$AG62*$I$18 -> 1401040 | AI62: =AF62 -> 140104 | AJ62: =ROUND($AI62*$F62,0) -> 560416 | AK62: =$AJ62*$I$18 -> 1401040
B63: 22 | C63: EQUIPOS Y SISTEMA DE CONTROL DE ACCESO | D63: Puntos de control electrónico de rondas en los sitios donde la entidad lo requiera, para verificar el correcto cumplimiento de las funciones de supervisión | E63: Puntos de control electrónico de rondas en los sitios donde la entidad lo requiera, para verificar el correcto cumplimiento de las funciones de supervisión | F63: =16+5+5+5+1+1 -> 33 | G63: 25000 | H63: =ROUND($G63*$F63,0) -> 825000 | I63: =$H63*$I$18 -> 2062500 | J63: 57500 | K63: =ROUND($J63*$F63,0) -> 1897500 | L63: =$K63*$I$18 -> 4743750 | M63: 57608 | N63: =ROUND($M63*$F63,0) -> 1901064 | O63: =$N63*$I$18 -> 4752660 | Q63: =ROUND(AVERAGE($G63,$J63,$M63),0) -> 46703 | R63: =ROUND($Q63*$F63,0) -> 1541199 | S63: =$R63*$I$18 -> 3852997.5 | T63: =ROUND(GEOMEAN($G63,$J63,$M63),0) -> 43588 | U63: =ROUND($T63*$F63,0) -> 1438404 | V63: =$U63*$I$18 -> 3596010 | W63: =ROUND(HARMEAN($G63,$J63,$M63),0) -> 40134 | X63: =ROUND($W63*$F63,0) -> 1324422 | Y63: =$X63*$I$18 -> 3311055 | Z63: {=ROUND(AVERAGE((SMALL(($G63,$J63,$M63),{1;2}))),0)} -> 41250 | AA63: =ROUND($Z63*$F63,0) -> 1361250 | AB63: =$AA63*$I$18 -> 3403125 | AC63: {=ROUND(GEOMEAN((SMALL(($G63,$J63,$M63),{1;2}))),0)} -> 37914 | AD63: =ROUND($AC63*$F63,0) -> 1251162 | AE63: =$AD63*$I$18 -> 3127905 | AF63: {=ROUND(HARMEAN((SMALL(($G63,$J63,$M63),{1;2}))),0)} -> 34848 | AG63: =ROUND($AF63*$F63,0) -> 1149984 | AH63: =$AG63*$I$18 -> 2874960 | AI63: =AF63 -> 34848 | AJ63: =ROUND($AI63*$F63,0) -> 1149984 | AK63: =$AJ63*$I$18 -> 2874960
B64: 23 | C64: EQUIPOS DE COMUNICACIÓN | D64: Radio teléfono para comunicación con alcance mínimo de 4 kms (punto a punto) especificando marca y modelo Debe garantizar la comunicación oportuna y estable en cada uno de los puestos. | F64: =5+4+3+3+2+2 -> 19 | G64: 219500 | H64: =ROUND($G64*$F64,0) -> 4170500 | I64: =$H64*$I$18 -> 10426250 | J64: 250000 | K64: =ROUND($J64*$F64,0) -> 4750000 | L64: =$K64*$I$18 -> 11875000 | M64: 142913 | N64: =ROUND($M64*$F64,0) -> 2715347 | O64: =$N64*$I$18 -> 6788367.5 | Q64: =ROUND(AVERAGE($G64,$J64,$M64),0) -> 204138 | R64: =ROUND($Q64*$F64,0) -> 3878622 | S64: =$R64*$I$18 -> 9696555 | T64: =ROUND(GEOMEAN($G64,$J64,$M64),0) -> 198678 | U64: =ROUND($T64*$F64,0) -> 3774882 | V64: =$U64*$I$18 -> 9437205 | W64: =ROUND(HARMEAN($G64,$J64,$M64),0) -> 192888 | X64: =ROUND($W64*$F64,0) -> 3664872 | Y64: =$X64*$I$18 -> 9162180 | Z64: {=ROUND(AVERAGE((SMALL(($G64,$J64,$M64),{1;2}))),0)} -> 181207 | AA64: =ROUND($Z64*$F64,0) -> 3442933 | AB64: =$AA64*$I$18 -> 8607332.5 | AC64: {=ROUND(GEOMEAN((SMALL(($G64,$J64,$M64),{1;2}))),0)} -> 177114 | AD64: =ROUND($AC64*$F64,0) -> 3365166 | AE64: =$AD64*$I$18 -> 8412915 | AF64: {=ROUND(HARMEAN((SMALL(($G64,$J64,$M64),{1;2}))),0)} -> 173114 | AG64: =ROUND($AF64*$F64,0) -> 3289166 | AH64: =$AG64*$I$18 -> 8222915 | AI64: =AF64 -> 173114 | AJ64: =ROUND($AI64*$F64,0) -> 3289166 | AK64: =$AJ64*$I$18 -> 8222915
B65: 24 | C65: EQUIPOS DE COMUNICACIÓN | D65: Radio de base, no inferior a 10 watts con su respectiva antena por cada municipio donde se presta el servicio. | E65: Radio de base, no inferior a 10 watts con su respectiva antena por cada municipio donde se presta el servicio. | F65: =2+1+1+1+1+1 -> 7 | G65: 219500 | H65: =ROUND($G65*$F65,0) -> 1536500 | I65: =$H65*$I$18 -> 3841250 | J65: 250000 | K65: =ROUND($J65*$F65,0) -> 1750000 | L65: =$K65*$I$18 -> 4375000 | M65: 139856 | N65: =ROUND($M65*$F65,0) -> 978992 | O65: =$N65*$I$18 -> 2447480 | Q65: =ROUND(AVERAGE($G65,$J65,$M65),0) -> 203119 | R65: =ROUND($Q65*$F65,0) -> 1421833 | S65: =$R65*$I$18 -> 3554582.5 | T65: =ROUND(GEOMEAN($G65,$J65,$M65),0) -> 197251 | U65: =ROUND($T65*$F65,0) -> 1380757 | V65: =$U65*$I$18 -> 3451892.5 | W65: =ROUND(HARMEAN($G65,$J65,$M65),0) -> 191010 | X65: =ROUND($W65*$F65,0) -> 1337070 | Y65: =$X65*$I$18 -> 3342675 | Z65: {=ROUND(AVERAGE((SMALL(($G65,$J65,$M65),{1;2}))),0)} -> 179678 | AA65: =ROUND($Z65*$F65,0) -> 1257746 | AB65: =$AA65*$I$18 -> 3144365 | AC65: {=ROUND(GEOMEAN((SMALL(($G65,$J65,$M65),{1;2}))),0)} -> 175210 | AD65: =ROUND($AC65*$F65,0) -> 1226470 | AE65: =$AD65*$I$18 -> 3066175 | AF65: {=ROUND(HARMEAN((SMALL(($G65,$J65,$M65),{1;2}))),0)} -> 170852 | AG65: =ROUND($AF65*$F65,0) -> 1195964 | AH65: =$AG65*$I$18 -> 2989910 | AI65: =AF65 -> 170852 | AJ65: =ROUND($AI65*$F65,0) -> 1195964 | AK65: =$AJ65*$I$18 -> 2989910
B66: 25 | C66: EQUIPOS DE COMUNICACIÓN | D66: Lámpara-linterna tipo led reflector de emergencia sin conexión eléctrica (recargable o con batería de repuesto) | E66: Lámpara-linterna tipo led reflector de emergencia sin conexión eléctrica (recargable o con batería de repuesto) | F66: =3+3+3+3+1+1 -> 14 | G66: 20000 | H66: =ROUND($G66*$F66,0) -> 280000 | I66: =$H66*$I$18 -> 700000 | J66: 14166.667 | K66: =ROUND($J66*$F66,0) -> 198333 | L66: =$K66*$I$18 -> 495832.5 | M66: 60124 | N66: =ROUND($M66*$F66,0) -> 841736 | O66: =$N66*$I$18 -> 2104340 | Q66: =ROUND(AVERAGE($G66,$J66,$M66),0) -> 31430 | R66: =ROUND($Q66*$F66,0) -> 440020 | S66: =$R66*$I$18 -> 1100050 | T66: =ROUND(GEOMEAN($G66,$J66,$M66),0) -> 25731 | U66: =ROUND($T66*$F66,0) -> 360234 | V66: =$U66*$I$18 -> 900585 | W66: =ROUND(HARMEAN($G66,$J66,$M66),0) -> 21863 | X66: =ROUND($W66*$F66,0) -> 306082 | Y66: =$X66*$I$18 -> 765205 | Z66: {=ROUND(AVERAGE((SMALL(($G66,$J66,$M66),{1;2}))),0)} -> 17083 | AA66: =ROUND($Z66*$F66,0) -> 239162 | AB66: =$AA66*$I$18 -> 597905 | AC66: {=ROUND(GEOMEAN((SMALL(($G66,$J66,$M66),{1;2}))),0)} -> 16833 | AD66: =ROUND($AC66*$F66,0) -> 235662 | AE66: =$AD66*$I$18 -> 589155 | AF66: {=ROUND(HARMEAN((SMALL(($G66,$J66,$M66),{1;2}))),0)} -> 16585 | AG66: =ROUND($AF66*$F66,0) -> 232190 | AH66: =$AG66*$I$18 -> 580475 | AI66: =AF66 -> 16585 | AJ66: =ROUND($AI66*$F66,0) -> 232190 | AK66: =$AJ66*$I$18 -> 580475
B67: 26 | C67: EQUIPOS DE COMUNICACIÓN | D67: Detector de metales manual convencional (Tipo detector de metales recargable) y batería. | E67: Detector de metales manual convencional (Tipo detector de metales recargable) y batería. | F67: =3+1+1+1+1 -> 7 | G67: 18505 | H67: =ROUND($G67*$F67,0) -> 129535 | I67: =$H67*$I$18 -> 323837.5 | J67: 49166.667 | K67: =ROUND($J67*$F67,0) -> 344167 | L67: =$K67*$I$18 -> 860417.5 | M67: 55727 | N67: =ROUND($M67*$F67,0) -> 390089 | O67: =$N67*$I$18 -> 975222.5 | Q67: =ROUND(AVERAGE($G67,$J67,$M67),0) -> 41133 | R67: =ROUND($Q67*$F67,0) -> 287931 | S67: =$R67*$I$18 -> 719827.5 | T67: =ROUND(GEOMEAN($G67,$J67,$M67),0) -> 37012 | U67: =ROUND($T67*$F67,0) -> 259084 | V67: =$U67*$I$18 -> 647710 | W67: =ROUND(HARMEAN($G67,$J67,$M67),0) -> 32495 | X67: =ROUND($W67*$F67,0) -> 227465 | Y67: =$X67*$I$18 -> 568662.5 | Z67: {=ROUND(AVERAGE((SMALL(($G67,$J67,$M67),{1;2}))),0)} -> 33836 | AA67: =ROUND($Z67*$F67,0) -> 236852 | AB67: =$AA67*$I$18 -> 592130 | AC67: {=ROUND(GEOMEAN((SMALL(($G67,$J67,$M67),{1;2}))),0)} -> 30163 | AD67: =ROUND($AC67*$F67,0) -> 211141 | AE67: =$AD67*$I$18 -> 527852.5 | AF67: {=ROUND(HARMEAN((SMALL(($G67,$J67,$M67),{1;2}))),0)} -> 26890 | AG67: =ROUND($AF67*$F67,0) -> 188230 | AH67: =$AG67*$I$18 -> 470575 | AI67: =AF67 -> 26890 | AJ67: =ROUND($AI67*$F67,0) -> 188230 | AK67: =$AJ67*$I$18 -> 470575
B68: 27 | C68: EQUIPOS DE COMUNICACIÓN | D68: Smart phone con comunicación mediante minutos y datos en el operador local de mejor receptividad | F68: =1 -> 1 | G68: 96200 | H68: =ROUND($G68*$F68,0) -> 96200 | I68: =$H68*$I$18 -> 240500 | J68: 108333.33 | K68: =ROUND($J68*$F68,0) -> 108333 | L68: =$K68*$I$18 -> 270832.5 | M68: 186992 | N68: =ROUND($M68*$F68,0) -> 186992 | O68: =$N68*$I$18 -> 467480 | Q68: =ROUND(AVERAGE($G68,$J68,$M68),0) -> 130508 | R68: =ROUND($Q68*$F68,0) -> 130508 | S68: =$R68*$I$18 -> 326270 | T68: =ROUND(GEOMEAN($G68,$J68,$M68),0) -> 124907 | U68: =ROUND($T68*$F68,0) -> 124907 | V68: =$U68*$I$18 -> 312267.5 | W68: =ROUND(HARMEAN($G68,$J68,$M68),0) -> 120127 | X68: =ROUND($W68*$F68,0) -> 120127 | Y68: =$X68*$I$18 -> 300317.5 | Z68: {=ROUND(AVERAGE((SMALL(($G68,$J68,$M68),{1;2}))),0)} -> 102267 | AA68: =ROUND($Z68*$F68,0) -> 102267 | AB68: =$AA68*$I$18 -> 255667.5 | AC68: {=ROUND(GEOMEAN((SMALL(($G68,$J68,$M68),{1;2}))),0)} -> 102087 | AD68: =ROUND($AC68*$F68,0) -> 102087 | AE68: =$AD68*$I$18 -> 255217.5 | AF68: {=ROUND(HARMEAN((SMALL(($G68,$J68,$M68),{1;2}))),0)} -> 101907 | AG68: =ROUND($AF68*$F68,0) -> 101907 | AH68: =$AG68*$I$18 -> 254767.5 | AI68: =AF68 -> 101907 | AJ68: =ROUND($AI68*$F68,0) -> 101907 | AK68: =$AJ68*$I$18 -> 254767.5
B69: SUBTOTAL MEDIOS TECNOLÓGICOS, DE MONITOREO Y DE APOYO | I69: =SUM(I42:I68) -> 3.7311853e+08 | L69: =SUM(L42:L68) -> 83528582 | O69: =SUM(O42:O68) -> 114525715 | S69: =SUM(S42:S68) -> 190390940 | V69: =SUM(V42:V68) -> 1.2891367e+08 | Y69: =SUM(Y42:Y68) -> 1.020087e+08 | AB69: =SUM(AB42:AB68) -> 88095010 | AE69: =SUM(AE42:AE68) -> 84826708 | AH69: =SUM(AH42:AH68) -> 81832882 | AK69: =SUM(AK42:AK68) -> 81832882
B71: 3. CALCULO DEL PRESUPUESTO
B73: RESUMEN PRESUPUESTO
B75: COMPONENTE | E75: AÑO 2026
B76: SERVICIOS DE VIGILANCIA | E76: =SUM(J28:J33) -> 702219246
B77: MEDIOS TECNOLÓGICOS, DE MONITOREO Y DE APOYO | E77: =AK69 -> 81832882
B78: SUBTOTAL | E78: =E76+E77 -> 7.8405213e+08
B79: A.I.U (Nota 9) | D79: 0.1 | E79: =ROUND((E78)*D79,0) -> 78405213
B80: IVA | D80: 0.19 | E80: =ROUND(E79*D80,0) -> 14896990
B81: TOTAL CONTRATO IVA INCLUIDO (Nota 10) | E81: =E78+E80 -> 7.9894912e+08

Sheet RESUMEN CIRCULAR_DEC_RESOLUCION
B2: SOLICITUD DE COTIZACIÓN | P2: CLASIFICACIÓN DE LA INFORMACIÓN PÚBLICA
B6: CIRCULAR EXTERNA 20251300000115CS DEL 30 DE DICIEMBRE DE 2025 SUPERVIGILANCIA Y DECRETO 1561 DE 2022 RESOLUCIÓN Nº 20251000059517CS DEL 08 DE AGOSTO DE 2025
B8: 1. INFORMACIÓN PARA CALCULAR LA TARIFA DEL SERVICIO
B10: CANTIDAD DE DÍAS | G10: JORNADA LABORAL | K10: Variable de Proporcionalidad | M10: PORCENTAJE DE GASTOS DE ADMINISTRACIÓN Y SUPERVISIÓN
B11: Lunes a viernes sin festivos | E11: 20 | G11: 06:00 a.m. A 07:00 p.m. | I11: 13 | K11: 0.4759 | M11: Medio Humano sin Arma | P11: 0.08
B12: Lunes a viernes con festivos | E12: 22 | M12: Medio Humano Con Arma | P12: 0.1
B13: Lunes a sábados sin festivos | E13: 24 | G13: 07:00 p.m. A 06:00 a.m. | H13: Nocturno | I13: 11 | K13: 0.5241 | M13: Medio Humano Con Canino | P13: 0.11
B14: Lunes a sábados con festivos | E14: 26
B15: Festivos | E15: 2 | G15: Cuando la prestación del servicio de vigilancia y seguridad privada que se requiera contratar sea inferior a veinticuatro (24) horas y/o treinta (30) días, la tarifa deberá ser proporcional al tiempo contratado y para efectos de obtener el valor correspondiente se debe: a. Aplicar, según el caso, la variable de proporcionalidad sobre el valor del servicio establecido para un servicio de veinticuatro (24) horas y treinta (30) días al mes y en los términos de la jornada laboral vigente. b) Tomar el valor resultante de la aplicación de la variable de proporcionalidad anteriormente establecida, dividirlo por treinta (30) días y multiplicarlo por el número de días en que se prestará el servicio, luego dividirlo por la jornada laboral y el resultado multiplicarlo por las horas requeridas del servicio. A partir del 25 de diciembre de 2025, el horario nocturno se entiende desde las 19:00 hasta las 06:00 horas del día siguiente, por lo cual la aplicación de la variable de proporcionalidad deberá considerar este cambio de jornada conforme a la Ley 2466 de 2025.
B16: Sábados y Domingos | E16: 8
B17: Sábados, Domingos y festivos | E17: 10
B19: Fecha inicio | C19: Fecha fin | D19: Recargo festivo | E19: Horario nocturno desde | G19: La aplicación de las variables de proporcionalidad y del cálculo de la tarifa mínima debe realizarse conforme a lo dispuesto en la Resolución 20251000059517CS y la Circular Externa 20251300000115CS de la Superintendencia de Vigilancia y Seguridad Privada. A partir del 25 de diciembre de 2025, el horario nocturno se entiende desde las 19:00 hasta las 06:00 horas del día siguiente. Así mismo, el recargo por trabajo en días de descanso obligatorio o festivos será del 80% desde el 1 de julio de 2025, del 90% desde el 1 de julio de 2026 y del 100% desde el 1 de julio de 2027.
B20: 45839 | C20: 46015 | D20: 0.8 | E20: 09:00 p.m.
B21: 46016 | C21: 46203 | D21: 0.8 | E21: 07:00 p.m.
B22: 46204 | C22: 46568 | D22: 0.9 | E22: 07:00 p.m.
B23: 46569 | C23: en adelante | D23: 1 | E23: 07:00 p.m.
B25: 2. TARIFA DEL SERVICIO PARA LOS TURNOS DE VIGILANCIA REQUERIDOS POR EL ICANH
B27: TURNOS DE VIGILANCIA REQUERIDOS POR EL ICANH | F27: Variable de Proporcionalidad | G27: Días necesarios | H27: Administración y Supervisión | I27: Valor de la Prima del seguro de vida 2026 (Nota 1) | L27: PERÍODO DE TIEMPO | P27: Tarifa Mínima
B28: Horas requeridas | C28: Días | D28: Jornada | E28: Tipo de Servicio | L28: Tarifa a partir del 15 de julio del año 2026 | P28: 10.21
B29: 24 | C29: Lunes a Domingo | D29: Completa | E29: Medio Humano sin Arma | F29: 1 | G29: 30 | H29: 0.08 | I29: 6613
B30: 24 | C30: Lunes a Domingo | D30: Completa | E30: Medio Humano Con Arma | F30: 1 | G30: 30 | H30: 0.1 | I30: 6613
B31: 24 | C31: Sabados, Domingos y Festivos | D31: Completa (Nota 3) | E31: Medio Humano Con Arma | F31: 1 | G31: 10 | H31: 0.08 | I31: 4667
B32: 12 | C32: Lunes a Domingo | D32: Nocturna (Nota 4 y 5) | E32: Medio Humano sin Arma | F32: =K13 -> 0.5241 | G32: 30 | H32: 0.08 | I32: 3532
B33: 12 | C33: Lunes a Viernes sin Festivo | D33: Nocturna (Nota 4 y 5) | E33: Medio Humano sin Arma | F33: =K13 -> 0.5241 | G33: 20 | H33: 0.08 | I33: 2931
B34: 9 | C34: Lunes a Viernes sin Festivo | D34: Diurna | E34: Medio Humano sin Arma | F34: =K11 -> 0.4759 | G34: 20 | H34: 0.08 | I34: 1453 | L34: SMMLV 2026 | M34: 1750905 | N34: El salario mínimo en Colombia para 2026 fue fijado provisionalmente en $1.750.905 mensuales mediante el Decreto 0159 del 19 de febrero de 2026, tras la suspensión del decreto anterior por el Consejo de Estado
B36: Nota 3. El recargo por trabajo en días de descanso obligatorio o festivos se aplicará de manera progresiva según la normativa vigente: 80% desde el 1 de julio de 2025, 90% desde el 1 de julio de 2026 y 100% desde el 1 de julio de 2027. Nota 4. Para los cálculos de turnos de 12 horas que combinan jornada nocturna y diurna, hasta el 24 de diciembre de 2025 se tendrán en cuenta 9 horas dentro del horario nocturno (09:00 p.m. – 06:00 a.m.) y 3 horas dentro del horario diurno. Nota 5. A partir del 25 de diciembre de 2025, el horario nocturno se entiende desde las 19:00 hasta las 06:00 horas del día siguiente, por lo cual los turnos de 12 horas que crucen este rango deberán ajustarse a la nueva distribución de horas nocturnas y diurnas.
B38: Festivos | C38: 2026 (desde el 30 de junio de 2026 al 31 de diciembre de 2026) | D38: Total festivos
C39: -20 de julio de 2026 -7 y 17 de agosto de 2026 -12 de octubre de 2026 -2 y 16 de noviembre de 2026 -8 y 25 de diciembre de 2026 | D39: 8
B41: TURNOS DE VIGILANCIA REQUERIDOS POR EL ICANH | F41: A partir del 1 de octubre de 2026 al 15 de diciembre de 2026 Mes Completo
B42: Horas requeridas | C42: Días | D42: Jornada | E42: Tipo de Servicio | F42: Costo Directo Turno | G42: Administración y Supervisión (sobre Costo Directo + Prima del Seguro) | H42: Valor Total Turno (Costo Directo + prima del seguro + AyS)
B43: 24 | C43: Lunes a Domingo | D43: Completa | E43: Medio Humano sin Arma | F43: =ROUND($M$34*$P$28,0) -> 17876740 | G43: =ROUND((F43+$I$29)*$H$29,0) -> 1430668 | H43: =G43+F43+I29 -> 19314021
B44: 24 | C44: Lunes a Domingo | D44: Completa | E44: Medio Humano Con Arma | F44: =ROUND($M$34*$P$28,0) -> 17876740 | G44: =ROUND((F44+$I$30)*$H$30,0) -> 1788335 | H44: =G44+F44+I30 -> 19671688
B45: 24 | C45: Sabados, Domingos y Festivos | D45: Completa | E45: Medio Humano Con Arma | F45: =ROUND(($M$34*$P$28)/30*G31,0) -> 5958913 | G45: =ROUND((F45+$I$31)*$H$31,0) -> 477086 | H45: =G45+F45+I31 -> 6440666
B46: 12 | C46: Lunes a Domingo | D46: Nocturna (Nota 4 y 5) | E46: Medio Humano sin Arma | F46: =ROUND((($M$34*$P$28)*$F$32)+(((($M$34*$P$28)*$K$11)/$I$11)*1),0) -> 10023626 | G46: =ROUND((F46+$I$32)*$H$32,0) -> 802173 | H46: =G46+F46+I32 -> 10829331
B47: 12 | C47: Lunes a Viernes sin Festivo | D47: Nocturna (Nota 4 y 5) | E47: Medio Humano sin Arma | F47: =ROUND(((((($M$34*$P$28*$F33)/30)*$G33)))+((((($M$34*$P$28*$K11)/30)*$G33)/13)*1),0) -> 6682417 | G47: =ROUND((F47+$I$33)*$H$33,0) -> 534828 | H47: =G47+F47+I33 -> 7220176
B48: 9 | C48: Lunes a Viernes sin Festivo | D48: Diurna | E48: Medio Humano Sin Arma | F48: =ROUND((((((M34*P28)*F34)/30)*G34)/I11)*B48,0) -> 3926557 | G48: =ROUND((F48+I34)*H34,0) -> 314241 | H48: =G48+F48+I34 -> 4242251

Sheet 1 Nápoles
B2: SOLICITUD DE COTIZACIÓN | L2: CLASIFICACIÓN DE LA INFORMACIÓN PÚBLICA
B6: SOLICITUD DE COTIZACIÓN
B7: Denominación del Bien o Servicio | D7: Contratar la prestación del servicio integral de vigilancia y seguridad privada para la protección de los bienes y las sedes del ICANH ubicadas a nivel nacional.
B8: Empresa: | C8: SEGURIDAD NAPOLES LTDA | E8: Ciudad | F8: CALI | G8: Nit: | H8: 860523408-6% | I8: Nombres y apellidos persona de contacto: | K8: NILSON CASTELLANOS
B9: E-Mail: | C9: dircomercialestatal@seguridadnapolesltda.com | F9: Cargo: | G9: analista licitaciones | I9: Tel. celular: | J9: 31579390 | K9: Fecha: | L9: 45503
B13: • Por favor diligenciar solo las celdas en AMARILLO. • Revisar todos los requerimientos que se exponen en el documento "Ficha técnica de condiciones esenciales para la Prestación del Servicio y/o Entrega del Bien" (FCT) ; y formular su cotización en concordancia con este, garantizando que los bienes y/o servicios ofrecidos cumplan en su totalidad con las especificaciones técnicas descritas en la FCT. • El precio de la cotización deber ser expresado en PESOS COLOMBIANOS. • Los precios deberán aproximarse por exceso o por defecto al entero más cercano así: (i) si es igual o superior a 50 centavos, se aproxima al entero siguiente; (ii) si es inferior a 50 centavos se baja al entero anterior. • No modificar, agregar o quitar ningún ítem o sub-ítem. • Los precios cotizados deben corresponder al año 2024, 2025 y 2026
B15: Notas: SE DEBE DILIGENCIAR LA HOJA "FORMATO_COTIZACIÓN". (1) La pregunta 3 de la Hoja "FORMATO_COTIZACION" es obligatoria, debido a que los datos del valor de la prima allí solicitados se requieren para realizar la proyección del presupuesto, por favor diligenciar los valores para los años 2024, 2025 y 2026. Tener en cuenta que la Administración y Supervisión de la Prima de seguro se está calculando en la hoja "RESUMEN CIRCULAR_DECRETO". Las preguntas restantes son de carácter informativo. (2) Tener en cuenta para cotizar que el plazo de ejecución es estimado y podrá ser inferior. (3) Para el servicio de 12 horas nocturno se contemplan para los cálculos 9 horas del horario nocturno y 3 del horario diurno. (4) Las cantidades de servicios y equipos requeridos son estimadas y podrán variar en ejecución del contrato de acuerdo con las necesidades para la prestación del servicio de la Entidad y de acuerdo con el resultado del Estudio de Seguridad que se realice. (5) El detalle de los lugares para la prestación del servicio de vigilancia y la distribución de los equipos se detalla en la ficha técnica. (6) Los precios cotizados para los medios tecnológicos y de apoyo deberán incluir costos de instalación, operación, traslado y/o reubicación, mantenimiento preventivo y correctivo. (7) En el artículo 462-1 "Base gravable especial" del Estatuto Tributario, se indica que los servicios de vigilancia prestados por entidades autorizadas por la SuperVigilancia, generan IVA sobre el valor del componente AIU (Administración, imprevistos y utilidad) que se pacte en cada contrato. La misma norma indica que ese AIU no puede ser inferior al 10% del valor total del contrato. El A.I.U servirá para establecer la base gravable del cálculo del IVA. (8) Si remite su cotización mediante el módulo de Solicitud de información a proveedores de la plataforma SECOP II, en la respuesta a la pregunta 1 debe incluir el total del presupuesto, que corresponde a la Celda E93 y como respuesta a la pregunta 2 deberá subir el presente formato completamente diligenciado.
B17: PREGUNTAS (Nota 1)
B20: 1 | C20: ¿Qué tipo de Organización es? | F20: EMPRESA
B21: 2 | C21: Si es Cooperativa, indique qué descuento podría ofrecer sobre el valor de la tarifa.
B23: 3 (Nota 1) | C23: TURNOS DE VIGILANCIA REQUERIDOS POR EL ICANH | G23: Valor de la prima del seguro de vida según servicios | H23: Valor de la prima del seguro de vida según servicios | I23: Valor de la prima del seguro de vida según servicios
C24: Horas requeridas | D24: Días | E24: Jornada | F24: Tipo de Servicio | G24: 2024 | H24: 2025 | I24: 2026
C25: 24 | D25: Lunes a Domingo | E25: Completa | F25: Medio Humano sin Arma | G25: 20000 | H25: 20000 | I25: 20000
C26: 24 | D26: Lunes a Domingo | E26: Completa | F26: Medio Humano Con Arma | G26: 20000 | H26: 20000 | I26: 20000
C27: 24 | D27: Sabados, Domingos y Festivos | E27: Completa | F27: Medio Humano Con Arma | G27: 20000 | H27: 20000 | I27: 20000
C28: 12 | D28: Lunes a Viernes sin Festivo | E28: Diurnas | F28: Medio Humano con Arma | G28: 20000 | H28: 20000 | I28: 20000
C29: 12 | D29: Lunes a Viernes sin Festivo | E29: Nocturna (Nota 3) | F29: Medio Humano sin Arma | G29: 20000 | H29: 20000 | I29: 20000
C30: 12 | D30: Lunes a Domingo | E30: Diurnas | F30: Medio Humano sin Arma | G30: 20000 | H30: 20000 | I30: 20000
G31: =SUM(G25:G30) -> 120000 | H31: =SUM(H25:H30) -> 120000 | I31: =SUM(I25:I30) -> 120000
B32: PLAZO ESTIMADO DE EJECUCIÓN
H34: TOTAL 1 de diciembre de 2024 al 31 de diciembre de 2026 | I34: Del 1 de diciembre al 31 de diciembre de 2024 | J34: Del 1 de enero de 2025 al 14 de julio de 2025 | K34: Del 15 de julio de 2025 al 31 de diciembre de 2025 | L34: Del 1 de enero de 2026 al 14 de julio de 2026 | M34: Del 15 de julio de 2026 al 31 de diciembre de 2026
F35: Tiempo estimado de ejecución (Notas 2 y 7) | H35: =SUM(I35:M35) -> 25 | I35: 1 | J35: 6.5 | K35: 5.5 | L35: 6.5 | M35: 5.5
F36: Salario Mínimo Mensual Legal Vigente | H36: - | I36: =#REF! -> #REF! | J36: =#REF! -> #REF! | K36: =#REF! -> #REF! | L36: 1504157.2 | M36: 1504157.2
B38: SERVICIOS DE VIGILANCIA Y MEDIOS TECNOLÓGICOS, DE MONITOREO Y DE APOYO REQUERIDOS POR EL ICANH (Nota 4 y 5)
B41: 1. SERVICIOS DE VIGILANCIA REQUERIDOS POR EL ICANH
B43: SERVICIOS INCLUIDO EN LA CIRCULAR EXTERNA 20221300000675 DEL 29 DE DICIEMBRE DE 2022 | F43: Servicios requeridos para Parques Arqueológicos de San Agustín, Alto de los Ídolos (Huila), Santa María de la Antigua del Darién (Chocó), Tierradentro (Cauca), Santa Marta (Magdalena), San José del Guaviare (Guaviare) y las sedes del ICANH ubicadas en la ciudad de Bogotá D.C | L43: Del 1 de diciembre de 2024 al 31 de diciembre de 2024 | N43: Del 1 de enero de 2025 al 14 de julio de 2025 | P43: Del 15 de julio de 2025 al 31 de diciembre de 2025 | R43: Del 1 de enero de 2026 al 14 de julio de 2026 | T43: Del 15 de julio de 2026 al 31 de diciembre de 2026 | V43: TOTAL 1 de diciembre de 2024 al 31 de diciembre de 2026
B44: Horas requeridas | C44: Días | D44: Jornada | E44: Tipo de Servicio | F44: Cantidad | G44: Valor total turno mes a partir del 15 de julio de 2024 al 31 de diciembre de 2024 Mes Completo | H44: Valor total turno mes a partir del 1 de enero de 2025 al 14 de julio de 2025 Mes Completo | I44: Valor total turno mes a partir del 15 de Julio de 2025 al 31 de diciembre de 2025 Mes Completo | J44: Valor total turno mes a partir del 1 de enero de 2026 al 14 de julio de 2026 Mes Completo | K44: Valor total turno mes a partir del 15 de Julio de 2026 al 31 de diciembre de 2026 Mes Completo | L44: Valor mensual servicio | M44: Valor total | N44: Valor mensual servicio | O44: Valor total | P44: Valor mensual servicio | Q44: Valor total | R44: Valor mensual servicio | S44: Valor total | T44: Valor mensual servicio | U44: Valor total | V44: Valor total (25 MESES)
B45: 24 | C45: Lunes a Domingo | D45: Completa | E45: Medio Humano sin Arma | F45: 5 | G45: 12854160 | H45: 13944928 | I45: 14173429 | J45: 15113110 | K45: 15161845 | L45: =G45*F45 -> 64270800 | M45: =ROUND(L45*$I$35,0) -> 64270800 | N45: =H45*F45 -> 69724640 | O45: =ROUND(N45*$J$35,0) -> 453210160 | P45: =I45*F45 -> 70867145 | Q45: =ROUND(P45*$K$35,0) -> 389769298 | R45: =J45*F45 -> 75565550 | S45: =ROUND(R45*$L$35,0) -> 491176075 | T45: =K45*F45 -> 75809225 | U45: =ROUND(T45*$M$35,0) -> 416950738 | V45: =O45+M45+Q45+S45+U45 -> 1815377071
B46: 24 | C46: Lunes a Domingo | D46: Completa | E46: Medio Humano Con Arma | F46: 11 | G46: 13092200 | H46: 14203167 | I46: 14435900 | J46: 15392982 | K46: 15442620 | L46: =G46*F46 -> 144014200 | M46: =ROUND(L46*$I$35,0) -> 144014200 | N46: =H46*F46 -> 156234837 | O46: =ROUND(N46*$J$35,0) -> 1015526441 | P46: =I46*F46 -> 158794900 | Q46: =ROUND(P46*$K$35,0) -> 873371950 | R46: =J46*F46 -> 169322802 | S46: =ROUND(R46*$L$35,0) -> 1100598213 | T46: =K46*F46 -> 169868820 | U46: =ROUND(T46*$M$35,0) -> 934278510 | V46: =O46+M46+Q46+S46+U46 -> 4067789314
B47: 24 | C47: Sabados, Domingos y Festivos | D47: Completa | E47: Medio Humano Con Arma | F47: 1 | G47: 4378734 | H47: 4749055 | I47: 4826633 | J47: 5145660 | K47: 5162207 | L47: =G47*F47 -> 4378734 | M47: =ROUND(L47*$I$35,0) -> 4378734 | N47: =H47*F47 -> 4749055 | O47: =ROUND(N47*$J$35,0) -> 30868858 | P47: =I47*F47 -> 4826633 | Q47: =ROUND(P47*$K$35,0) -> 26546482 | R47: =J47*F47 -> 5145660 | S47: =ROUND(R47*$L$35,0) -> 33446790 | T47: =K47*F47 -> 5162207 | U47: =ROUND(T47*$M$35,0) -> 28392139 | V47: =O47+M47+Q47+S47+U47 -> 123633003
B48: 12 | C48: Lunes a Viernes sin Festivo | D48: Diurnas | E48: Medio Humano con Arma | F48: 1 | G48: 3923542 | H48: 4255173 | I48: 4324646 | J48: 4610341 | K48: 4625158 | L48: =G48*F48 -> 3923542 | M48: =ROUND(L48*$I$35,0) -> 3923542 | N48: =H48*F48 -> 4255173 | O48: =ROUND(N48*$J$35,0) -> 27658625 | P48: =I48*F48 -> 4324646 | Q48: =ROUND(P48*$K$35,0) -> 23785553 | R48: =J48*F48 -> 4610341 | S48: =ROUND(R48*$L$35,0) -> 29967217 | T48: =K48*F48 -> 4625158 | U48: =ROUND(T48*$M$35,0) -> 25438369 | V48: =O48+M48+Q48+S48+U48 -> 110773306
B49: 12 | C49: Lunes a Viernes sin Festivo | D49: Nocturna (Nota 3) | E49: Medio Humano sin Arma | F49: 1 | G49: 4746035 | H49: 5147613 | I49: 5231737 | J49: 5577690 | K49: 5595632 | L49: =G49*F49 -> 4746035 | M49: =ROUND(L49*$I$35,0) -> 4746035 | N49: =H49*F49 -> 5147613 | O49: =ROUND(N49*$J$35,0) -> 33459485 | P49: =I49*F49 -> 5231737 | Q49: =ROUND(P49*$K$35,0) -> 28774554 | R49: =J49*F49 -> 5577690 | S49: =ROUND(R49*$L$35,0) -> 36254985 | T49: =K49*F49 -> 5595632 | U49: =ROUND(T49*$M$35,0) -> 30775976 | V49: =O49+M49+Q49+S49+U49 -> 134011035
B50: 12 | C50: Lunes a Domingo | D50: Diurnas | E50: Medio Humano sin Arma | F50: 1 | G50: 5767507 | H50: 6255909 | I50: 6358222 | J50: 6778974 | K50: 6800796 | L50: =G50*F50 -> 5767507 | M50: =ROUND(L50*$I$35,0) -> 5767507 | N50: =H50*F50 -> 6255909 | O50: =ROUND(N50*$J$35,0) -> 40663409 | P50: =I50*F50 -> 6358222 | Q50: =ROUND(P50*$K$35,0) -> 34970221 | R50: =J50*F50 -> 6778974 | S50: =ROUND(R50*$L$35,0) -> 44063331 | T50: =K50*F50 -> 6800796 | U50: =ROUND(T50*$M$35,0) -> 37404378 | V50: =O50+M50+Q50+S50+U50 -> 162868846
B51: SUBTOTAL SERVICIOS DE VIGILANCIA | V51: =SUM(V45:V50) -> 6414452575
B54: 2. Medios de comunicación, equipos, materiales y elementos necesarios para la prestación del servicio (Nota 4, 5 y 6)
B56: MEDIOS TECNOLÓGICOS, DE MONITOREO Y DE APOYO (Nota 4, 5 y 6) | F56: Equipos requeridos para Parques Arqueológicos de San Agustín, Alto de los Ídolos (Huila), Santa María de la Antigua del Darién (Chocó), Tierradentro (Cauca), Santa Marta (Magdalena), San José del Guaviare (Guaviare) y las sedes del ICANH ubicadas en la ciudad de Bogotá D.C
B57: # | C57: CATEGORÍA | D57: MEDIO | F57: Cantidad | G57: Precio Unitario Mensual Antes de IVA 2024 | H57: Precio Unitario Mensual Antes de IVA 2025 | I57: Precio Unitario Mensual Antes de IVA 2026 | J57: Valor mensual x cantidades 2024 | K57: Valor total del 1 de diciembre al 31 de diciembre de 2024 | L57: Valor mensual x cantidades 2025 | M57: Valor total del 1 de enero del 2025 al 31 de diciembre de 2025 | N57: Valor mensual x cantidades 2026 | O57: Valor total del 1 de enero del 2026 al 31 de diciembre de 2026 | P57: Valor total 1 de diciembre de 2024 al 31 de diciembre de 2026
B58: 1 | C58: EQUIPOS CCTV Y TV | D58: MONITOR 32" 1080P Señalización DIGITAL Android WIFI RJ45 SD32GB Incorporada INCL. Soporte Pared | F58: 8 | G58: 6200000 | H58: 6200000 | I58: 6200000 | J58: =ROUND(G58*F58,0) -> 49600000 | K58: =J58*$I$35 -> 49600000 | L58: =ROUND(H58*F58,0) -> 49600000 | M58: =L58*(SUM($J$35:$K$35)) -> 595200000 | N58: =ROUND(I58*F58,0) -> 49600000 | O58: =N58*(SUM($L$35:$M$35)) -> 595200000 | P58: =K58+M58+O58 -> 1240000000
B59: 2 | C59: EQUIPOS CCTV Y TV | D59: NVR (Para grabación continua, 32 CH H. 265 4CH @4K o 16CH @1080P hasta 12MP reproducción 16CH 8 SATA 2 HDMI 4K 2 RJ 45 1000 MBPS, Grabación las 24 horas del día, con capacidad de almacenamiento de 6 Teras Bytes). | E59: NVR (Para grabación continua, 32 CH H. 265 4CH @4K o 16CH @1080P hasta 12MP reproducción 16CH 8 SATA 2 HDMI 4K 2 RJ 45 1000 MBPS, Grabación las 24 horas del día, con capacidad de almacenamiento de 6 Teras Bytes). | F59: 8 | G59: 4500000 | H59: 4500000 | I59: 4500000 | J59: =ROUND(G59*F59,0) -> 36000000 | K59: =J59*$I$35 -> 36000000 | L59: =ROUND(H59*F59,0) -> 36000000 | M59: =L59*(SUM($J$35:$K$35)) -> 432000000 | N59: =ROUND(I59*F59,0) -> 36000000 | O59: =N59*(SUM($L$35:$M$35)) -> 432000000 | P59: =K59+M59+O59 -> 900000000
B60: 3 | C60: EQUIPOS CCTV Y TV | D60: (Cámara IP tipo Bala Varifocal 2,8-12 MM 4 MP 120 dB WDR 30 MTS SD Hasta 128 Gb POE VCA).Incluye suministros e instalación (mano de obra) necesarios para el óptimo funcionamiento del circuito cerrado de televisión | E60: (Cámara IP tipo Bala Varifocal 2,8-12 MM 4 MP 120 dB WDR 30 MTS SD Hasta 128 Gb POE VCA).Incluye suministros e instalación (mano de obra) necesarios para el óptimo funcionamiento del circuito cerrado de televisión | F60: 41 | G60: 2500000 | H60: 2500000 | I60: 2500000 | J60: =ROUND(G60*F60,0) -> 102500000 | K60: =J60*$I$35 -> 102500000 | L60: =ROUND(H60*F60,0) -> 102500000 | M60: =L60*(SUM($J$35:$K$35)) -> 1230000000 | N60: =ROUND(I60*F60,0) -> 102500000 | O60: =N60*(SUM($L$35:$M$35)) -> 1230000000 | P60: =K60+M60+O60 -> 2562500000
B61: 4 | C61: EQUIPOS CCTV Y TV | D61: (Cámara IP tipo Domo Varifocal 2,8-12 MM 4 MP 120 dB WDR 30 MTS SD Hasta 128 Gb POE VCA).Incluye suministros e instalación (mano de obra) necesarios para el óptimo funcionamiento del circuito cerrado de televisión | E61: (Cámara IP tipo Domo Varifocal 2,8-12 MM 4 MP 120 dB WDR 30 MTS SD Hasta 128 Gb POE VCA).Incluye suministros e instalación (mano de obra) necesarios para el óptimo funcionamiento del circuito cerrado de televisión | F61: 71 | G61: 2400000 | H61: 2400000 | I61: 2400000 | J61: =ROUND(G61*F61,0) -> 170400000 | K61: =J61*$I$35 -> 170400000 | L61: =ROUND(H61*F61,0) -> 170400000 | M61: =L61*(SUM($J$35:$K$35)) -> 2044800000 | N61: =ROUND(I61*F61,0) -> 170400000 | O61: =N61*(SUM($L$35:$M$35)) -> 2044800000 | P61: =K61+M61+O61 -> 4260000000
B62: 5 | C62: EQUIPOS CCTV Y TV | D62: UPS 15 KVA 3 fases 208/120 V con autonomía de 20 minutos. Incluye suministros e instalación (mano de obra) necesarios para el óptimo funcionamiento | E62: UPS 15 KVA 3 fases 208/120 V con autonomía de 20 minutos. Incluye suministros e instalación (mano de obra) necesarios para el óptimo funcionamiento | F62: 4 | G62: 35420000 | H62: 35420000 | I62: 35420000 | J62: =ROUND(G62*F62,0) -> 141680000 | K62: =J62*$I$35 -> 141680000 | L62: =ROUND(H62*F62,0) -> 141680000 | M62: =L62*(SUM($J$35:$K$35)) -> 1700160000 | N62: =ROUND(I62*F62,0) -> 141680000 | O62: =N62*(SUM($L$35:$M$35)) -> 1700160000 | P62: =K62+M62+O62 -> 3542000000
B63: 6 | C63: EQUIPOS DE SISTEMA DE DETECCIÓN Y ALARMA | D63: Sensor humo fotoeléctrico Detectores de incendios automáticos. Incluye suministros e instalación (mano de obra) necesarios para el óptimo funcionamiento | F63: 34 | G63: 750000 | H63: 750000 | I63: 750000 | J63: =ROUND(G63*F63,0) -> 25500000 | K63: =J63*$I$35 -> 25500000 | L63: =ROUND(H63*F63,0) -> 25500000 | M63: =L63*(SUM($J$35:$K$35)) -> 306000000 | N63: =ROUND(I63*F63,0) -> 25500000 | O63: =N63*(SUM($L$35:$M$35)) -> 306000000 | P63: =K63+M63+O63 -> 637500000
B64: 7 | C64: EQUIPOS DE SISTEMA DE DETECCIÓN Y ALARMA | D64: Panel central de detección, Panel de control direccionales. Incluye suministros e instalación (mano de obra) necesarios para el óptimo funcionamiento | E64: CAMARAS IP - TIPO BALA | F64: 8 | G64: 3120000 | H64: 3120000 | I64: 3120000 | J64: =ROUND(G64*F64,0) -> 24960000 | K64: =J64*$I$35 -> 24960000 | L64: =ROUND(H64*F64,0) -> 24960000 | M64: =L64*(SUM($J$35:$K$35)) -> 299520000 | N64: =ROUND(I64*F64,0) -> 24960000 | O64: =N64*(SUM($L$35:$M$35)) -> 299520000 | P64: =K64+M64+O64 -> 624000000
B65: 8 | C65: EQUIPOS DE SISTEMA DE DETECCIÓN Y ALARMA | D65: Sirena con estrobo. Incluye suministros e instalación (mano de obra) necesarios para el óptimo funcionamiento | E65: JOISTYCK PARA CONTROL DE CÁMARAS DOMO PTZ | F65: 7 | G65: 1520000 | H65: 1520000 | I65: 1520000 | J65: =ROUND(G65*F65,0) -> 10640000 | K65: =J65*$I$35 -> 10640000 | L65: =ROUND(H65*F65,0) -> 10640000 | M65: =L65*(SUM($J$35:$K$35)) -> 127680000 | N65: =ROUND(I65*F65,0) -> 10640000 | O65: =N65*(SUM($L$35:$M$35)) -> 127680000 | P65: =K65+M65+O65 -> 266000000
B66: 9 | C66: EQUIPOS DE SISTEMA DE DETECCIÓN Y ALARMA | D66: Estación manual de alarma. Incluye suministros e instalación (mano de obra) necesarios para el óptimo funcionamiento | E66: MONITOR DE 24" PARA CIRCUITO CERRADO DE TELEVISIÓN | F66: 9 | G66: 1458000 | H66: 1458000 | I66: 1458000 | J66: =ROUND(G66*F66,0) -> 13122000 | K66: =J66*$I$35 -> 13122000 | L66: =ROUND(H66*F66,0) -> 13122000 | M66: =L66*(SUM($J$35:$K$35)) -> 157464000 | N66: =ROUND(I66*F66,0) -> 13122000 | O66: =N66*(SUM($L$35:$M$35)) -> 157464000 | P66: =K66+M66+O66 -> 328050000
B67: 10 | C67: EQUIPOS DE SISTEMA DE DETECCIÓN Y ALARMA | D67: Modulo indicador. Incluye suministros e instalación (mano de obra) necesarios para el óptimo funcionamiento | E67: MONITOR DE 24" PARA CIRCUITO CERRADO DE TELEVISIÓN | F67: 8 | G67: 4865000 | H67: 4865000 | I67: 4865000 | J67: =ROUND(G67*F67,0) -> 38920000 | K67: =J67*$I$35 -> 38920000 | L67: =ROUND(H67*F67,0) -> 38920000 | M67: =L67*(SUM($J$35:$K$35)) -> 467040000 | N67: =ROUND(I67*F67,0) -> 38920000 | O67: =N67*(SUM($L$35:$M$35)) -> 467040000 | P67: =K67+M67+O67 -> 973000000
B68: 11 | C68: EQUIPOS DE SISTEMA DE DETECCIÓN Y ALARMA | D68: Sensor de intrusión tipo interior. Incluye suministros e instalación (mano de obra) necesarios para el óptimo funcionamiento | E68: MONITOR DE 24" PARA CIRCUITO CERRADO DE TELEVISIÓN | F68: 77 | G68: 1200000 | H68: 1200000 | I68: 1200000 | J68: =ROUND(G68*F68,0) -> 92400000 | K68: =J68*$I$35 -> 92400000 | L68: =ROUND(H68*F68,0) -> 92400000 | M68: =L68*(SUM($J$35:$K$35)) -> 1108800000 | N68: =ROUND(I68*F68,0) -> 92400000 | O68: =N68*(SUM($L$35:$M$35)) -> 1108800000 | P68: =K68+M68+O68 -> 2310000000
B69: 12 | C69: EQUIPOS DE SISTEMA DE DETECCIÓN Y ALARMA | D69: Sensor de intrusión tipo exterior. Incluye suministros e instalación (mano de obra) necesarios para el óptimo funcionamiento | E69: DISPOSITIVO DE GRABACIÓN DE RED (NVR) | F69: 17 | G69: 1145000 | H69: 1145000 | I69: 1145000 | J69: =ROUND(G69*F69,0) -> 19465000 | K69: =J69*$I$35 -> 19465000 | L69: =ROUND(H69*F69,0) -> 19465000 | M69: =L69*(SUM($J$35:$K$35)) -> 233580000 | N69: =ROUND(I69*F69,0) -> 19465000 | O69: =N69*(SUM($L$35:$M$35)) -> 233580000 | P69: =K69+M69+O69 -> 486625000
B70: 13 | C70: EQUIPOS DE SISTEMA DE DETECCIÓN Y ALARMA | D70: Detector rayo fotoelectrico exterior par receptor-emisor incluye suministros e instalación (mano de obra) necesarios para el óptimo funcionamiento | E70: UPS 3KVA | F70: 12 | G70: 1685000 | H70: 1685000 | I70: 1685000 | J70: =ROUND(G70*F70,0) -> 20220000 | K70: =J70*$I$35 -> 20220000 | L70: =ROUND(H70*F70,0) -> 20220000 | M70: =L70*(SUM($J$35:$K$35)) -> 242640000 | N70: =ROUND(I70*F70,0) -> 20220000 | O70: =N70*(SUM($L$35:$M$35)) -> 242640000 | P70: =K70+M70+O70 -> 505500000
B71: 14 | C71: EQUIPOS DE SISTEMA DE DETECCIÓN Y ALARMA | D71: Sensor de contacto magenitico (mano de obra) necesarios para el óptimo funcionamiento | E71: BOTON DE PANICO | F71: 14 | G71: 1050000 | H71: 1050000 | I71: 1050000 | J71: =ROUND(G71*F71,0) -> 14700000 | K71: =J71*$I$35 -> 14700000 | L71: =ROUND(H71*F71,0) -> 14700000 | M71: =L71*(SUM($J$35:$K$35)) -> 176400000 | N71: =ROUND(I71*F71,0) -> 14700000 | O71: =N71*(SUM($L$35:$M$35)) -> 176400000 | P71: =K71+M71+O71 -> 367500000
B72: 15 | C72: EQUIPOS DE SISTEMA DE DETECCIÓN Y ALARMA | D72: Sensor de rotura de vidrio, Incluye suministros e instalación (mano de obra) necesarios para el óptimo funcionamiento | E72: Cilindro de Descarga | F72: 1 | G72: 1100200 | H72: 1100200 | I72: 1100200 | J72: =ROUND(G72*F72,0) -> 1100200 | K72: =J72*$I$35 -> 1100200 | L72: =ROUND(H72*F72,0) -> 1100200 | M72: =L72*(SUM($J$35:$K$35)) -> 13202400 | N72: =ROUND(I72*F72,0) -> 1100200 | O72: =N72*(SUM($L$35:$M$35)) -> 13202400 | P72: =K72+M72+O72 -> 27505000
B73: 16 | C73: EQUIPOS DE SISTEMA DE DETECCIÓN Y ALARMA | D73: Kit antena antihurto radiofrecuencia con fuente de poder (antena trasmisora TX, antena receptora RX) detección entre antenas 1,20 para adhesivos. Incluye suministro e instalación (mano de obra) necesarios para el óptimo funcionamiento | E73: Espejos Concavos para inspección Vehicular | F73: 3 | G73: 4875000 | H73: 4875000 | I73: 4875000 | J73: =ROUND(G73*F73,0) -> 14625000 | K73: =J73*$I$35 -> 14625000 | L73: =ROUND(H73*F73,0) -> 14625000 | M73: =L73*(SUM($J$35:$K$35)) -> 175500000 | N73: =ROUND(I73*F73,0) -> 14625000 | O73: =N73*(SUM($L$35:$M$35)) -> 175500000 | P73: =K73+M73+O73 -> 365625000
B74: 17 | C74: EQUIPOS Y SISTEMA DE CONTROL DE ACCESO | D74: Sistema de control de acceso biométrico (huella) con software de respaldo. | F74: 5 | G74: 6587000 | H74: 6587000 | I74: 6587000 | J74: =ROUND(G74*F74,0) -> 32935000 | K74: =J74*$I$35 -> 32935000 | L74: =ROUND(H74*F74,0) -> 32935000 | M74: =L74*(SUM($J$35:$K$35)) -> 395220000 | N74: =ROUND(I74*F74,0) -> 32935000 | O74: =N74*(SUM($L$35:$M$35)) -> 395220000 | P74: =K74+M74+O74 -> 823375000
B75: 18 | C75: EQUIPOS Y SISTEMA DE CONTROL DE ACCESO | D75: Puntos de control electrónico de rondas en los sitios donde la entidad lo requiera, para verificar el correcto cumplimiento de las funciones de supervisión | E75: Puntos de control electrónico de rondas en los sitios donde la entidad lo requiera, para verificar el correcto cumplimiento de las funciones de supervisión | F75: 34 | G75: 1587000 | H75: 1587000 | I75: 1587000 | J75: =ROUND(G75*F75,0) -> 53958000 | K75: =J75*$I$35 -> 53958000 | L75: =ROUND(H75*F75,0) -> 53958000 | M75: =L75*(SUM($J$35:$K$35)) -> 647496000 | N75: =ROUND(I75*F75,0) -> 53958000 | O75: =N75*(SUM($L$35:$M$35)) -> 647496000 | P75: =K75+M75+O75 -> 1348950000
B76: 19 | C76: EQUIPOS DE COMUNICACIÓN | D76: Radio teléfono para comunicación con alcance mínimo de 4 kms (punto a punto) especificando marca y modelo Debe garantizar la comunicación oportuna y estable en cada uno de los puestos. | F76: 22 | G76: 1985000 | H76: 1985000 | I76: 1985000 | J76: =ROUND(G76*F76,0) -> 43670000 | K76: =J76*$I$35 -> 43670000 | L76: =ROUND(H76*F76,0) -> 43670000 | M76: =L76*(SUM($J$35:$K$35)) -> 524040000 | N76: =ROUND(I76*F76,0) -> 43670000 | O76: =N76*(SUM($L$35:$M$35)) -> 524040000 | P76: =K76+M76+O76 -> 1091750000
B77: 20 | C77: EQUIPOS DE COMUNICACIÓN | D77: Radio de base, no inferior a 10 watts con su respectiva antena por cada municipio donde se presta el servicio. | E77: Radio de base, no inferior a 10 watts con su respectiva antena por cada municipio donde se presta el servicio. | F77: 8 | G77: 7850000 | H77: 7850000 | I77: 7850000 | J77: =ROUND(G77*F77,0) -> 62800000 | K77: =J77*$I$35 -> 62800000 | L77: =ROUND(H77*F77,0) -> 62800000 | M77: =L77*(SUM($J$35:$K$35)) -> 753600000 | N77: =ROUND(I77*F77,0) -> 62800000 | O77: =N77*(SUM($L$35:$M$35)) -> 753600000 | P77: =K77+M77+O77 -> 1570000000
B78: 21 | C78: EQUIPOS DE COMUNICACIÓN | D78: Lámpara-linterna tipo led reflector de emergencia sin conexión eléctrica (recargable o con batería de repuesto) | E78: Lámpara-linterna tipo led reflector de emergencia sin conexión eléctrica (recargable o con batería de repuesto) | F78: 15 | G78: 987000 | H78: 987000 | I78: 987000 | J78: =ROUND(G78*F78,0) -> 14805000 | K78: =J78*$I$35 -> 14805000 | L78: =ROUND(H78*F78,0) -> 14805000 | M78: =L78*(SUM($J$35:$K$35)) -> 177660000 | N78: =ROUND(I78*F78,0) -> 14805000 | O78: =N78*(SUM($L$35:$M$35)) -> 177660000 | P78: =K78+M78+O78 -> 370125000
B79: 22 | C79: EQUIPOS DE COMUNICACIÓN | D79: Detector de metales manual convencional (Tipo detector de metales recargable) y batería. | E79: Detector de metales manual convencional (Tipo detector de metales recargable) y batería. | F79: 9 | G79: 864500 | H79: 864500 | I79: 864500 | J79: =ROUND(G79*F79,0) -> 7780500 | K79: =J79*$I$35 -> 7780500 | L79: =ROUND(H79*F79,0) -> 7780500 | M79: =L79*(SUM($J$35:$K$35)) -> 93366000 | N79: =ROUND(I79*F79,0) -> 7780500 | O79: =N79*(SUM($L$35:$M$35)) -> 93366000 | P79: =K79+M79+O79 -> 194512500
B80: 23 | C80: EQUIPOS DE COMUNICACIÓN | D80: Smart phone con comunicación mediante minutos y datos en el operador local de mejor receptividad | F80: 1 | G80: 2352000 | H80: 2352000 | I80: 2352000 | J80: =ROUND(G80*F80,0) -> 2352000 | K80: =J80*$I$35 -> 2352000 | L80: =ROUND(H80*F80,0) -> 2352000 | M80: =L80*(SUM($J$35:$K$35)) -> 28224000 | N80: =ROUND(I80*F80,0) -> 2352000 | O80: =N80*(SUM($L$35:$M$35)) -> 28224000 | P80: =K80+M80+O80 -> 58800000
B81: SUBTOTAL MEDIOS TECNOLÓGICOS, DE MONITOREO Y DE APOYO | P81: =SUM(P58:P80) -> 24853317500
G82: =SUM(G58:G80) -> 96000700 | H82: =SUM(H58:H80) -> 96000700 | I82: =SUM(I58:I80) -> 96000700
B85: 3. CALCULO DEL PRESUPUESTO
B87: RESUMEN PRESUPUESTO
B89: COMPONENTE | E89: AÑO 2024
B90: SERVICIOS DE VIGILANCIA | E90: =SUM(V45:V50) -> 6414452575
B91: MEDIOS TECNOLÓGICOS, DE MONITOREO Y DE APOYO | E91: =SUM(P58:P80) -> 24853317500
B92: SUBTOTAL | E92: =E90+E91 -> 31267770075
B93: A.I.U (Nota 7) | D93: 0.1 | E93: =ROUND((E92)*D93,0) -> 3126777008
B94: IVA | D94: 0.19 | E94: =ROUND(E93*D94,0) -> 594087632
B95: TOTAL CONTRATO IVA INCLUIDO (Nota 8) | E95: =E92+E94 -> 31861857707
B98: La presente cotización:
B99: • Se remite como parte del estudio de mercado, previo a la contratación, y no implica ninguna obligación de contratar. • El Icanh no se hace responsable de ningún costo directo o indirecto en que incurra el potencial proveedor para presentar la actual cotización, dado que se recibe de buena fe, como fuente de información de precios de referencia del mercado para el estudio de sector. • Tiene una vigencia de 180 días a partir de la fecha de diligenciamiento.
B100: Inscripción en el Registro Único de Proponentes: Las personas naturales y jurídicas, nacionales o extranjeras, con domicilio en Colombia, interesadas en participar en procesos de contratación convocados por las entidades estatales, deben estar inscritas en el RUP, salvo las excepciones previstas de forma taxativa en la ley (Artículo 2.2.1.1.1.5.1 del Decreto 1082 de 2015). Se aclara que esta inscripción no se requiere para remitir cotización durante el estudio de sector.

Sheet 2 Visan
B2: SOLICITUD DE COTIZACIÓN | L2: CLASIFICACIÓN DE LA INFORMACIÓN PÚBLICA
B6: SOLICITUD DE COTIZACIÓN
B7: Denominación del Bien o Servicio | D7: Contratar la prestación del servicio integral de vigilancia y seguridad privada para la protección de los bienes y las sedes del ICANH ubicadas a nivel nacional.
B8: Empresa: | C8: VIGILANCIA SANTAFEREÑA Y CIA. LTDA. | E8: Ciudad | F8: Bogotá | G8: Nit: | H8: 800.076.719-5 | I8: Nombres y apellidos persona de contacto: | K8: Sandra Liliana Barrera Ramos
B9: E-Mail: | C9: mercadeo@visan.net.co | F9: Cargo: | G9: Jefe Comercial Público | I9: Tel. celular: | J9: 311 5251322 | K9: Fecha: | L9: 45505
B13: • Por favor diligenciar solo las celdas en AMARILLO. • Revisar todos los requerimientos que se exponen en el documento "Ficha técnica de condiciones esenciales para la Prestación del Servicio y/o Entrega del Bien" (FCT) ; y formular su cotización en concordancia con este, garantizando que los bienes y/o servicios ofrecidos cumplan en su totalidad con las especificaciones técnicas descritas en la FCT. • El precio de la cotización deber ser expresado en PESOS COLOMBIANOS. • Los precios deberán aproximarse por exceso o por defecto al entero más cercano así: (i) si es igual o superior a 50 centavos, se aproxima al entero siguiente; (ii) si es inferior a 50 centavos se baja al entero anterior. • No modificar, agregar o quitar ningún ítem o sub-ítem. • Los precios cotizados deben corresponder al año 2024, 2025 y 2026
B15: Notas: SE DEBE DILIGENCIAR LA HOJA "FORMATO_COTIZACIÓN". (1) La pregunta 3 de la Hoja "FORMATO_COTIZACION" es obligatoria, debido a que los datos del valor de la prima allí solicitados se requieren para realizar la proyección del presupuesto, por favor diligenciar los valores para los años 2024, 2025 y 2026. Tener en cuenta que la Administración y Supervisión de la Prima de seguro se está calculando en la hoja "RESUMEN CIRCULAR_DECRETO". Las preguntas restantes son de carácter informativo. (2) Tener en cuenta para cotizar que el plazo de ejecución es estimado y podrá ser inferior. (3) Para el servicio de 12 horas nocturno se contemplan para los cálculos 9 horas del horario nocturno y 3 del horario diurno. (4) Las cantidades de servicios y equipos requeridos son estimadas y podrán variar en ejecución del contrato de acuerdo con las necesidades para la prestación del servicio de la Entidad y de acuerdo con el resultado del Estudio de Seguridad que se realice. (5) El detalle de los lugares para la prestación del servicio de vigilancia y la distribución de los equipos se detalla en la ficha técnica. (6) Los precios cotizados para los medios tecnológicos y de apoyo deberán incluir costos de instalación, operación, traslado y/o reubicación, mantenimiento preventivo y correctivo. (7) En el artículo 462-1 "Base gravable especial" del Estatuto Tributario, se indica que los servicios de vigilancia prestados por entidades autorizadas por la SuperVigilancia, generan IVA sobre el valor del componente AIU (Administración, imprevistos y utilidad) que se pacte en cada contrato. La misma norma indica que ese AIU no puede ser inferior al 10% del valor total del contrato. El A.I.U servirá para establecer la base gravable del cálculo del IVA. (8) Si remite su cotización mediante el módulo de Solicitud de información a proveedores de la plataforma SECOP II, en la respuesta a la pregunta 1 debe incluir el total del presupuesto, que corresponde a la Celda E93 y como respuesta a la pregunta 2 deberá subir el presente formato completamente diligenciado.
B17: PREGUNTAS (Nota 1)
B20: 1 | C20: ¿Qué tipo de Organización es? | F20: EMPRESA
B21: 2 | C21: Si es Cooperativa, indique qué descuento podría ofrecer sobre el valor de la tarifa.
B23: 3 (Nota 1) | C23: TURNOS DE VIGILANCIA REQUERIDOS POR EL ICANH | G23: Valor de la prima del seguro de vida según servicios | H23: Valor de la prima del seguro de vida según servicios | I23: Valor de la prima del seguro de vida según servicios
C24: Horas requeridas | D24: Días | E24: Jornada | F24: Tipo de Servicio | G24: 2024 | H24: 2025 | I24: 2026
C25: 24 | D25: Lunes a Domingo | E25: Completa | F25: Medio Humano sin Arma | G25: =3600*3 -> 10800 | H25: =G25*1.1 -> 11880 | I25: =H25*1.1 -> 13068
C26: 24 | D26: Lunes a Domingo | E26: Completa | F26: Medio Humano Con Arma | G26: =G25 -> 10800 | H26: =G26*1.1 -> 11880 | I26: =H26*1.1 -> 13068
C27: 24 | D27: Sabados, Domingos y Festivos | E27: Completa | F27: Medio Humano Con Arma | G27: =G26*33% -> 3564 | H27: =G27*1.1 -> 3920.4 | I27: =H27*1.1 -> 4312.44
C28: 12 | D28: Lunes a Viernes sin Festivo | E28: Diurnas | F28: Medio Humano con Arma | G28: =G25*30% -> 3240 | H28: =G28*1.1 -> 3564 | I28: =H28*1.1 -> 3920.4
C29: 12 | D29: Lunes a Viernes sin Festivo | E29: Nocturna (Nota 3) | F29: Medio Humano sin Arma | G29: =G25*37% -> 3996 | H29: =G29*1.1 -> 4395.6 | I29: =H29*1.1 -> 4835.16
C30: 12 | D30: Lunes a Domingo | E30: Diurnas | F30: Medio Humano sin Arma | G30: =G25*45% -> 4860 | H30: =G30*1.1 -> 5346 | I30: =H30*1.1 -> 5880.6
G31: =SUM(G25:G30) -> 37260 | H31: =SUM(H25:H30) -> 40986 | I31: =SUM(I25:I30) -> 45084.6
B32: PLAZO ESTIMADO DE EJECUCIÓN
H34: TOTAL 1 de diciembre de 2024 al 31 de diciembre de 2026 | I34: Del 1 de diciembre al 31 de diciembre de 2024 | J34: Del 1 de enero de 2025 al 14 de julio de 2025 | K34: Del 15 de julio de 2025 al 31 de diciembre de 2025 | L34: Del 1 de enero de 2026 al 14 de julio de 2026 | M34: Del 15 de julio de 2026 al 31 de diciembre de 2026
F35: Tiempo estimado de ejecución (Notas 2 y 7) | H35: =SUM(I35:M35) -> 25 | I35: 1 | J35: 6.5 | K35: 5.5 | L35: 6.5 | M35: 5.5
F36: Salario Mínimo Mensual Legal Vigente | H36: - | I36: ='[23]RESUMEN CIRCULAR_DECRETO'!N26 -> 1300000 | J36: ='[23]RESUMEN CIRCULAR_DECRETO'!N27 -> 1410500 | K36: ='[23]RESUMEN CIRCULAR_DECRETO'!N27 -> 1410500 | L36: ='[23]RESUMEN CIRCULAR_DECRETO'!N28 -> 1504157.2 | M36: ='[23]RESUMEN CIRCULAR_DECRETO'!N28 -> 1504157.2
B38: SERVICIOS DE VIGILANCIA Y MEDIOS TECNOLÓGICOS, DE MONITOREO Y DE APOYO REQUERIDOS POR EL ICANH (Nota 4 y 5)
B41: 1. SERVICIOS DE VIGILANCIA REQUERIDOS POR EL ICANH
B43: SERVICIOS INCLUIDO EN LA CIRCULAR EXTERNA 20221300000675 DEL 29 DE DICIEMBRE DE 2022 | F43: Servicios requeridos para Parques Arqueológicos de San Agustín, Alto de los Ídolos (Huila), Santa María de la Antigua del Darién (Chocó), Tierradentro (Cauca), Santa Marta (Magdalena), San José del Guaviare (Guaviare) y las sedes del ICANH ubicadas en la ciudad de Bogotá D.C | L43: Del 1 de diciembre de 2024 al 31 de diciembre de 2024 | N43: Del 1 de enero de 2025 al 14 de julio de 2025 | P43: Del 15 de julio de 2025 al 31 de diciembre de 2025 | R43: Del 1 de enero de 2026 al 14 de julio de 2026 | T43: Del 15 de julio de 2026 al 31 de diciembre de 2026 | V43: TOTAL 1 de diciembre de 2024 al 31 de diciembre de 2026
B44: Horas requeridas | C44: Días | D44: Jornada | E44: Tipo de Servicio | F44: Cantidad | G44: Valor total turno mes a partir del 15 de julio de 2024 al 31 de diciembre de 2024 Mes Completo | H44: Valor total turno mes a partir del 1 de enero de 2025 al 14 de julio de 2025 Mes Completo | I44: Valor total turno mes a partir del 15 de Julio de 2025 al 31 de diciembre de 2025 Mes Completo | J44: Valor total turno mes a partir del 1 de enero de 2026 al 14 de julio de 2026 Mes Completo | K44: Valor total turno mes a partir del 15 de Julio de 2026 al 31 de diciembre de 2026 Mes Completo | L44: Valor mensual servicio | M44: Valor total | N44: Valor mensual servicio | O44: Valor total | P44: Valor mensual servicio | Q44: Valor total | R44: Valor mensual servicio | S44: Valor total | T44: Valor mensual servicio | U44: Valor total | V44: Valor total (25 MESES)
B45: 24 | C45: Lunes a Domingo | D45: Completa | E45: Medio Humano sin Arma | F45: 5 | G45: =IF(F45=0,"No se requiere",'[23]RESUMEN CIRCULAR_DECRETO'!H33) -> 12844224 | H45: =IF(F45=0,"No se requiere",'[23]RESUMEN CIRCULAR_DECRETO'!K33) -> 13936158 | I45: =IF(G45=0,"No se requiere",'[23]RESUMEN CIRCULAR_DECRETO'!N33) -> 14164659 | J45: =IF(H45=0,"No se requiere",'[23]RESUMEN CIRCULAR_DECRETO'!Q33) -> 15105623 | K45: =IF(I45=0,"No se requiere",'[23]RESUMEN CIRCULAR_DECRETO'!T33) -> 15154358 | L45: =G45*F45 -> 64221120 | M45: =ROUND(L45*$I$35,0) -> 64221120 | N45: =H45*F45 -> 69680790 | O45: =ROUND(N45*$J$35,0) -> 452925135 | P45: =I45*F45 -> 70823295 | Q45: =ROUND(P45*$K$35,0) -> 389528123 | R45: =J45*F45 -> 75528115 | S45: =ROUND(R45*$L$35,0) -> 490932748 | T45: =K45*F45 -> 75771790 | U45: =ROUND(T45*$M$35,0) -> 416744845 | V45: =O45+M45+Q45+S45+U45 -> 1814351971
B46: 24 | C46: Lunes a Domingo | D46: Completa | E46: Medio Humano Con Arma | F46: 11 | G46: =IF(F46=0,"No se requiere",'[23]RESUMEN CIRCULAR_DECRETO'!H34) -> 13082080 | H46: =IF(F46=0,"No se requiere",'[23]RESUMEN CIRCULAR_DECRETO'!K34) -> 14194235 | I46: =IF(G46=0,"No se requiere",'[23]RESUMEN CIRCULAR_DECRETO'!N34) -> 14426968 | J46: =IF(H46=0,"No se requiere",'[23]RESUMEN CIRCULAR_DECRETO'!Q34) -> 15385357 | K46: =IF(I46=0,"No se requiere",'[23]RESUMEN CIRCULAR_DECRETO'!T34) -> 15434994 | L46: =G46*F46 -> 143902880 | M46: =ROUND(L46*$I$35,0) -> 143902880 | N46: =H46*F46 -> 156136585 | O46: =ROUND(N46*$J$35,0) -> 1014887803 | P46: =I46*F46 -> 158696648 | Q46: =ROUND(P46*$K$35,0) -> 872831564 | R46: =J46*F46 -> 169238927 | S46: =ROUND(R46*$L$35,0) -> 1100053026 | T46: =K46*F46 -> 169784934 | U46: =ROUND(T46*$M$35,0) -> 933817137 | V46: =O46+M46+Q46+S46+U46 -> 4065492410
B47: 24 | C47: Sabados, Domingos y Festivos | D47: Completa | E47: Medio Humano Con Arma | F47: 1 | G47: =IF(F47=0,"No se requiere",'[23]RESUMEN CIRCULAR_DECRETO'!H35) -> 4360654 | H47: =IF(F47=0,"No se requiere",'[23]RESUMEN CIRCULAR_DECRETO'!K35) -> 4731367.4 | I47: =IF(G47=0,"No se requiere",'[23]RESUMEN CIRCULAR_DECRETO'!N35) -> 4808945.4 | J47: =IF(H47=0,"No se requiere",'[23]RESUMEN CIRCULAR_DECRETO'!Q35) -> 5128404.4 | K47: =IF(I47=0,"No se requiere",'[23]RESUMEN CIRCULAR_DECRETO'!T35) -> 5144950.4 | L47: =G47*F47 -> 4360654 | M47: =ROUND(L47*$I$35,0) -> 4360654 | N47: =H47*F47 -> 4731367.4 | O47: =ROUND(N47*$J$35,0) -> 30753888 | P47: =I47*F47 -> 4808945.4 | Q47: =ROUND(P47*$K$35,0) -> 26449200 | R47: =J47*F47 -> 5128404.4 | S47: =ROUND(R47*$L$35,0) -> 33334629 | T47: =K47*F47 -> 5144950.4 | U47: =ROUND(T47*$M$35,0) -> 28297227 | V47: =O47+M47+Q47+S47+U47 -> 123195598
B48: 12 | C48: Lunes a Viernes sin Festivo | D48: Diurnas | E48: Medio Humano con Arma | F48: 1 | G48: =IF(F48=0,"No se requiere",'[23]RESUMEN CIRCULAR_DECRETO'!H36) -> 3905106 | H48: =IF(F48=0,"No se requiere",'[23]RESUMEN CIRCULAR_DECRETO'!K36) -> 4237093 | I48: =IF(G48=0,"No se requiere",'[23]RESUMEN CIRCULAR_DECRETO'!N36) -> 4306566 | J48: =IF(H48=0,"No se requiere",'[23]RESUMEN CIRCULAR_DECRETO'!Q36) -> 4592653.4 | K48: =IF(I48=0,"No se requiere",'[23]RESUMEN CIRCULAR_DECRETO'!T36) -> 4607470.4 | L48: =G48*F48 -> 3905106 | M48: =ROUND(L48*$I$35,0) -> 3905106 | N48: =H48*F48 -> 4237093 | O48: =ROUND(N48*$J$35,0) -> 27541105 | P48: =I48*F48 -> 4306566 | Q48: =ROUND(P48*$K$35,0) -> 23686113 | R48: =J48*F48 -> 4592653.4 | S48: =ROUND(R48*$L$35,0) -> 29852247 | T48: =K48*F48 -> 4607470.4 | U48: =ROUND(T48*$M$35,0) -> 25341087 | V48: =O48+M48+Q48+S48+U48 -> 110325658
B49: 12 | C49: Lunes a Viernes sin Festivo | D49: Nocturna (Nota 3) | E49: Medio Humano sin Arma | F49: 1 | G49: =IF(F49=0,"No se requiere",'[23]RESUMEN CIRCULAR_DECRETO'!H37) -> 4728751 | H49: =IF(F49=0,"No se requiere",'[23]RESUMEN CIRCULAR_DECRETO'!K37) -> 5130759.6 | I49: =IF(G49=0,"No se requiere",'[23]RESUMEN CIRCULAR_DECRETO'!N37) -> 5214884.6 | J49: =IF(H49=0,"No se requiere",'[23]RESUMEN CIRCULAR_DECRETO'!Q37) -> 5561312.2 | K49: =IF(I49=0,"No se requiere",'[23]RESUMEN CIRCULAR_DECRETO'!T37) -> 5579254.2 | L49: =G49*F49 -> 4728751 | M49: =ROUND(L49*$I$35,0) -> 4728751 | N49: =H49*F49 -> 5130759.6 | O49: =ROUND(N49*$J$35,0) -> 33349937 | P49: =I49*F49 -> 5214884.6 | Q49: =ROUND(P49*$K$35,0) -> 28681865 | R49: =J49*F49 -> 5561312.2 | S49: =ROUND(R49*$L$35,0) -> 36148529 | T49: =K49*F49 -> 5579254.2 | U49: =ROUND(T49*$M$35,0) -> 30685898 | V49: =O49+M49+Q49+S49+U49 -> 133594980
B50: 12 | C50: Lunes a Domingo | D50: Diurnas | E50: Medio Humano sin Arma | F50: 1 | G50: =IF(F50=0,"No se requiere",'[23]RESUMEN CIRCULAR_DECRETO'!H38) -> 5751156 | H50: =IF(F50=0,"No se requiere",'[23]RESUMEN CIRCULAR_DECRETO'!K38) -> 6240082 | I50: =IF(G50=0,"No se requiere",'[23]RESUMEN CIRCULAR_DECRETO'!N38) -> 6342396 | J50: =IF(H50=0,"No se requiere",'[23]RESUMEN CIRCULAR_DECRETO'!Q38) -> 6763725.6 | K50: =IF(I50=0,"No se requiere",'[23]RESUMEN CIRCULAR_DECRETO'!T38) -> 6785546.6 | L50: =G50*F50 -> 5751156 | M50: =ROUND(L50*$I$35,0) -> 5751156 | N50: =H50*F50 -> 6240082 | O50: =ROUND(N50*$J$35,0) -> 40560533 | P50: =I50*F50 -> 6342396 | Q50: =ROUND(P50*$K$35,0) -> 34883178 | R50: =J50*F50 -> 6763725.6 | S50: =ROUND(R50*$L$35,0) -> 43964216 | T50: =K50*F50 -> 6785546.6 | U50: =ROUND(T50*$M$35,0) -> 37320506 | V50: =O50+M50+Q50+S50+U50 -> 162479589
B51: SUBTOTAL SERVICIOS DE VIGILANCIA | V51: =SUM(V45:V50) -> 6409440206
B54: 2. Medios de comunicación, equipos, materiales y elementos necesarios para la prestación del servicio (Nota 4, 5 y 6)
B56: MEDIOS TECNOLÓGICOS, DE MONITOREO Y DE APOYO (Nota 4, 5 y 6) | F56: Equipos requeridos para Parques Arqueológicos de San Agustín, Alto de los Ídolos (Huila), Santa María de la Antigua del Darién (Chocó), Tierradentro (Cauca), Santa Marta (Magdalena), San José del Guaviare (Guaviare) y las sedes del ICANH ubicadas en la ciudad de Bogotá D.C
B57: # | C57: CATEGORÍA | D57: MEDIO | F57: Cantidad | G57: Precio Unitario Mensual Antes de IVA 2024 | H57: Precio Unitario Mensual Antes de IVA 2025 | I57: Precio Unitario Mensual Antes de IVA 2026 | J57: Valor mensual x cantidades 2024 | K57: Valor total del 1 de diciembre al 31 de diciembre de 2024 | L57: Valor mensual x cantidades 2025 | M57: Valor total del 1 de enero del 2025 al 31 de diciembre de 2025 | N57: Valor mensual x cantidades 2026 | O57: Valor total del 1 de enero del 2026 al 31 de diciembre de 2026 | P57: Valor total 1 de diciembre de 2024 al 31 de diciembre de 2026
B58: 1 | C58: EQUIPOS CCTV Y TV | D58: MONITOR 32" 1080P Señalización DIGITAL Android WIFI RJ45 SD32GB Incorporada INCL. Soporte Pared | F58: 8 | G58: 213000 | H58: 232130 | I58: 253000 | J58: =ROUND(G58*F58,0) -> 1704000 | K58: =J58*$I$35 -> 1704000 | L58: =ROUND(H58*F58,0) -> 1857040 | M58: =L58*(SUM($J$35:$K$35)) -> 22284480 | N58: =ROUND(I58*F58,0) -> 2024000 | O58: =N58*(SUM($L$35:$M$35)) -> 24288000 | P58: =K58+M58+O58 -> 48276480
B59: 2 | C59: EQUIPOS CCTV Y TV | D59: NVR (Para grabación continua, 32 CH H. 265 4CH @4K o 16CH @1080P hasta 12MP reproducción 16CH 8 SATA 2 HDMI 4K 2 RJ 45 1000 MBPS, Grabación las 24 horas del día, con capacidad de almacenamiento de 6 Teras Bytes). | E59: NVR (Para grabación continua, 32 CH H. 265 4CH @4K o 16CH @1080P hasta 12MP reproducción 16CH 8 SATA 2 HDMI 4K 2 RJ 45 1000 MBPS, Grabación las 24 horas del día, con capacidad de almacenamiento de 6 Teras Bytes). | F59: 8 | G59: 159000 | H59: 173500 | I59: 189000 | J59: =ROUND(G59*F59,0) -> 1272000 | K59: =J59*$I$35 -> 1272000 | L59: =ROUND(H59*F59,0) -> 1388000 | M59: =L59*(SUM($J$35:$K$35)) -> 16656000 | N59: =ROUND(I59*F59,0) -> 1512000 | O59: =N59*(SUM($L$35:$M$35)) -> 18144000 | P59: =K59+M59+O59 -> 36072000
B60: 3 | C60: EQUIPOS CCTV Y TV | D60: (Cámara IP tipo Bala Varifocal 2,8-12 MM 4 MP 120 dB WDR 30 MTS SD Hasta 128 Gb POE VCA).Incluye suministros e instalación (mano de obra) necesarios para el óptimo funcionamiento del circuito cerrado de televisión | E60: (Cámara IP tipo Bala Varifocal 2,8-12 MM 4 MP 120 dB WDR 30 MTS SD Hasta 128 Gb POE VCA).Incluye suministros e instalación (mano de obra) necesarios para el óptimo funcionamiento del circuito cerrado de televisión | F60: =36+5 -> 41 | G60: 59300 | H60: 64700 | I60: 70500 | J60: =ROUND(G60*F60,0) -> 2431300 | K60: =J60*$I$35 -> 2431300 | L60: =ROUND(H60*F60,0) -> 2652700 | M60: =L60*(SUM($J$35:$K$35)) -> 31832400 | N60: =ROUND(I60*F60,0) -> 2890500 | O60: =N60*(SUM($L$35:$M$35)) -> 34686000 | P60: =K60+M60+O60 -> 68949700
B61: 4 | C61: EQUIPOS CCTV Y TV | D61: (Cámara IP tipo Domo Varifocal 2,8-12 MM 4 MP 120 dB WDR 30 MTS SD Hasta 128 Gb POE VCA).Incluye suministros e instalación (mano de obra) necesarios para el óptimo funcionamiento del circuito cerrado de televisión | E61: (Cámara IP tipo Domo Varifocal 2,8-12 MM 4 MP 120 dB WDR 30 MTS SD Hasta 128 Gb POE VCA).Incluye suministros e instalación (mano de obra) necesarios para el óptimo funcionamiento del circuito cerrado de televisión | F61: =70+1 -> 71 | G61: 59300 | H61: 64700 | I61: 70500 | J61: =ROUND(G61*F61,0) -> 4210300 | K61: =J61*$I$35 -> 4210300 | L61: =ROUND(H61*F61,0) -> 4593700 | M61: =L61*(SUM($J$35:$K$35)) -> 55124400 | N61: =ROUND(I61*F61,0) -> 5005500 | O61: =N61*(SUM($L$35:$M$35)) -> 60066000 | P61: =K61+M61+O61 -> 119400700
B62: 5 | C62: EQUIPOS CCTV Y TV | D62: UPS 15 KVA 3 fases 208/120 V con autonomía de 20 minutos. Incluye suministros e instalación (mano de obra) necesarios para el óptimo funcionamiento | E62: UPS 15 KVA 3 fases 208/120 V con autonomía de 20 minutos. Incluye suministros e instalación (mano de obra) necesarios para el óptimo funcionamiento | F62: 4 | G62: 1736200 | H62: 1857000 | I62: 2025000 | J62: =ROUND(G62*F62,0) -> 6944800 | K62: =J62*$I$35 -> 6944800 | L62: =ROUND(H62*F62,0) -> 7428000 | M62: =L62*(SUM($J$35:$K$35)) -> 89136000 | N62: =ROUND(I62*F62,0) -> 8100000 | O62: =N62*(SUM($L$35:$M$35)) -> 97200000 | P62: =K62+M62+O62 -> 193280800
B63: 6 | C63: EQUIPOS DE SISTEMA DE DETECCIÓN Y ALARMA | D63: Sensor humo fotoeléctrico Detectores de incendios automáticos. Incluye suministros e instalación (mano de obra) necesarios para el óptimo funcionamiento | F63: 34 | G63: 12000 | H63: 13167 | I63: 14500 | J63: =ROUND(G63*F63,0) -> 408000 | K63: =J63*$I$35 -> 408000 | L63: =ROUND(H63*F63,0) -> 447678 | M63: =L63*(SUM($J$35:$K$35)) -> 5372136 | N63: =ROUND(I63*F63,0) -> 493000 | O63: =N63*(SUM($L$35:$M$35)) -> 5916000 | P63: =K63+M63+O63 -> 11696136
B64: 7 | C64: EQUIPOS DE SISTEMA DE DETECCIÓN Y ALARMA | D64: Panel central de detección, Panel de control direccionales. Incluye suministros e instalación (mano de obra) necesarios para el óptimo funcionamiento | E64: CAMARAS IP - TIPO BALA | F64: 8 | G64: 495000 | H64: 545000 | I64: 599500 | J64: =ROUND(G64*F64,0) -> 3960000 | K64: =J64*$I$35 -> 3960000 | L64: =ROUND(H64*F64,0) -> 4360000 | M64: =L64*(SUM($J$35:$K$35)) -> 52320000 | N64: =ROUND(I64*F64,0) -> 4796000 | O64: =N64*(SUM($L$35:$M$35)) -> 57552000 | P64: =K64+M64+O64 -> 113832000
B65: 8 | C65: EQUIPOS DE SISTEMA DE DETECCIÓN Y ALARMA | D65: Sirena con estrobo. Incluye suministros e instalación (mano de obra) necesarios para el óptimo funcionamiento | E65: JOISTYCK PARA CONTROL DE CÁMARAS DOMO PTZ | F65: 7 | G65: 35000 | H65: 38500 | I65: 42350 | J65: =ROUND(G65*F65,0) -> 245000 | K65: =J65*$I$35 -> 245000 | L65: =ROUND(H65*F65,0) -> 269500 | M65: =L65*(SUM($J$35:$K$35)) -> 3234000 | N65: =ROUND(I65*F65,0) -> 296450 | O65: =N65*(SUM($L$35:$M$35)) -> 3557400 | P65: =K65+M65+O65 -> 7036400
B66: 9 | C66: EQUIPOS DE SISTEMA DE DETECCIÓN Y ALARMA | D66: Estación manual de alarma. Incluye suministros e instalación (mano de obra) necesarios para el óptimo funcionamiento | E66: MONITOR DE 24" PARA CIRCUITO CERRADO DE TELEVISIÓN | F66: 9 | G66: 30000 | H66: 33000 | I66: 36300 | J66: =ROUND(G66*F66,0) -> 270000 | K66: =J66*$I$35 -> 270000 | L66: =ROUND(H66*F66,0) -> 297000 | M66: =L66*(SUM($J$35:$K$35)) -> 3564000 | N66: =ROUND(I66*F66,0) -> 326700 | O66: =N66*(SUM($L$35:$M$35)) -> 3920400 | P66: =K66+M66+O66 -> 7754400
B67: 10 | C67: EQUIPOS DE SISTEMA DE DETECCIÓN Y ALARMA | D67: Modulo indicador. Incluye suministros e instalación (mano de obra) necesarios para el óptimo funcionamiento | E67: MONITOR DE 24" PARA CIRCUITO CERRADO DE TELEVISIÓN | F67: 8 | G67: 30000 | H67: 33000 | I67: 36300 | J67: =ROUND(G67*F67,0) -> 240000 | K67: =J67*$I$35 -> 240000 | L67: =ROUND(H67*F67,0) -> 264000 | M67: =L67*(SUM($J$35:$K$35)) -> 3168000 | N67: =ROUND(I67*F67,0) -> 290400 | O67: =N67*(SUM($L$35:$M$35)) -> 3484800 | P67: =K67+M67+O67 -> 6892800
B68: 11 | C68: EQUIPOS DE SISTEMA DE DETECCIÓN Y ALARMA | D68: Sensor de intrusión tipo interior. Incluye suministros e instalación (mano de obra) necesarios para el óptimo funcionamiento | E68: MONITOR DE 24" PARA CIRCUITO CERRADO DE TELEVISIÓN | F68: 77 | G68: 4900 | H68: 5400 | I68: 5900 | J68: =ROUND(G68*F68,0) -> 377300 | K68: =J68*$I$35 -> 377300 | L68: =ROUND(H68*F68,0) -> 415800 | M68: =L68*(SUM($J$35:$K$35)) -> 4989600 | N68: =ROUND(I68*F68,0) -> 454300 | O68: =N68*(SUM($L$35:$M$35)) -> 5451600 | P68: =K68+M68+O68 -> 10818500
B69: 12 | C69: EQUIPOS DE SISTEMA DE DETECCIÓN Y ALARMA | D69: Sensor de intrusión tipo exterior. Incluye suministros e instalación (mano de obra) necesarios para el óptimo funcionamiento | E69: DISPOSITIVO DE GRABACIÓN DE RED (NVR) | F69: 17 | G69: 49000 | H69: 58000 | I69: 69600 | J69: =ROUND(G69*F69,0) -> 833000 | K69: =J69*$I$35 -> 833000 | L69: =ROUND(H69*F69,0) -> 986000 | M69: =L69*(SUM($J$35:$K$35)) -> 11832000 | N69: =ROUND(I69*F69,0) -> 1183200 | O69: =N69*(SUM($L$35:$M$35)) -> 14198400 | P69: =K69+M69+O69 -> 26863400
B70: 13 | C70: EQUIPOS DE SISTEMA DE DETECCIÓN Y ALARMA | D70: Detector rayo fotoelectrico exterior par receptor-emisor incluye suministros e instalación (mano de obra) necesarios para el óptimo funcionamiento | E70: UPS 3KVA | F70: 12 | G70: 43500 | H70: 52100 | I70: 62517 | J70: =ROUND(G70*F70,0) -> 522000 | K70: =J70*$I$35 -> 522000 | L70: =ROUND(H70*F70,0) -> 625200 | M70: =L70*(SUM($J$35:$K$35)) -> 7502400 | N70: =ROUND(I70*F70,0) -> 750204 | O70: =N70*(SUM($L$35:$M$35)) -> 9002448 | P70: =K70+M70+O70 -> 17026848
B71: 14 | C71: EQUIPOS DE SISTEMA DE DETECCIÓN Y ALARMA | D71: Sensor de contacto magenitico (mano de obra) necesarios para el óptimo funcionamiento | E71: BOTON DE PANICO | F71: 14 | G71: 1500 | H71: 1800 | I71: 2100 | J71: =ROUND(G71*F71,0) -> 21000 | K71: =J71*$I$35 -> 21000 | L71: =ROUND(H71*F71,0) -> 25200 | M71: =L71*(SUM($J$35:$K$35)) -> 302400 | N71: =ROUND(I71*F71,0) -> 29400 | O71: =N71*(SUM($L$35:$M$35)) -> 352800 | P71: =K71+M71+O71 -> 676200
B72: 15 | C72: EQUIPOS DE SISTEMA DE DETECCIÓN Y ALARMA | D72: Sensor de rotura de vidrio, Incluye suministros e instalación (mano de obra) necesarios para el óptimo funcionamiento | E72: Cilindro de Descarga | F72: 1 | G72: 13400 | H72: 14750 | I72: 16000 | J72: =ROUND(G72*F72,0) -> 13400 | K72: =J72*$I$35 -> 13400 | L72: =ROUND(H72*F72,0) -> 14750 | M72: =L72*(SUM($J$35:$K$35)) -> 177000 | N72: =ROUND(I72*F72,0) -> 16000 | O72: =N72*(SUM($L$35:$M$35)) -> 192000 | P72: =K72+M72+O72 -> 382400
B73: 16 | C73: EQUIPOS DE SISTEMA DE DETECCIÓN Y ALARMA | D73: Kit antena antihurto radiofrecuencia con fuente de poder (antena trasmisora TX, antena receptora RX) detección entre antenas 1,20 para adhesivos. Incluye suministro e instalación (mano de obra) necesarios para el óptimo funcionamiento | E73: Espejos Concavos para inspección Vehicular | F73: 3 | G73: 290000 | H73: 319000 | I73: 350900 | J73: =ROUND(G73*F73,0) -> 870000 | K73: =J73*$I$35 -> 870000 | L73: =ROUND(H73*F73,0) -> 957000 | M73: =L73*(SUM($J$35:$K$35)) -> 11484000 | N73: =ROUND(I73*F73,0) -> 1052700 | O73: =N73*(SUM($L$35:$M$35)) -> 12632400 | P73: =K73+M73+O73 -> 24986400
B74: 17 | C74: EQUIPOS Y SISTEMA DE CONTROL DE ACCESO | D74: Sistema de control de acceso biométrico (huella) con software de respaldo. | F74: 5 | G74: 75000 | H74: 82500 | I74: 90750 | J74: =ROUND(G74*F74,0) -> 375000 | K74: =J74*$I$35 -> 375000 | L74: =ROUND(H74*F74,0) -> 412500 | M74: =L74*(SUM($J$35:$K$35)) -> 4950000 | N74: =ROUND(I74*F74,0) -> 453750 | O74: =N74*(SUM($L$35:$M$35)) -> 5445000 | P74: =K74+M74+O74 -> 10770000
B75: 18 | C75: EQUIPOS Y SISTEMA DE CONTROL DE ACCESO | D75: Puntos de control electrónico de rondas en los sitios donde la entidad lo requiera, para verificar el correcto cumplimiento de las funciones de supervisión | E75: Puntos de control electrónico de rondas en los sitios donde la entidad lo requiera, para verificar el correcto cumplimiento de las funciones de supervisión | F75: 34 | G75: 159000 | H75: 174900 | I75: 192400 | J75: =ROUND(G75*F75,0) -> 5406000 | K75: =J75*$I$35 -> 5406000 | L75: =ROUND(H75*F75,0) -> 5946600 | M75: =L75*(SUM($J$35:$K$35)) -> 71359200 | N75: =ROUND(I75*F75,0) -> 6541600 | O75: =N75*(SUM($L$35:$M$35)) -> 78499200 | P75: =K75+M75+O75 -> 155264400
B76: 19 | C76: EQUIPOS DE COMUNICACIÓN | D76: Radio teléfono para comunicación con alcance mínimo de 4 kms (punto a punto) especificando marca y modelo Debe garantizar la comunicación oportuna y estable en cada uno de los puestos. | F76: 22 | G76: 164900 | H76: 178091 | I76: 192300 | J76: =ROUND(G76*F76,0) -> 3627800 | K76: =J76*$I$35 -> 3627800 | L76: =ROUND(H76*F76,0) -> 3918002 | M76: =L76*(SUM($J$35:$K$35)) -> 47016024 | N76: =ROUND(I76*F76,0) -> 4230600 | O76: =N76*(SUM($L$35:$M$35)) -> 50767200 | P76: =K76+M76+O76 -> 101411024
B77: 20 | C77: EQUIPOS DE COMUNICACIÓN | D77: Radio de base, no inferior a 10 watts con su respectiva antena por cada municipio donde se presta el servicio. | E77: Radio de base, no inferior a 10 watts con su respectiva antena por cada municipio donde se presta el servicio. | F77: 8 | G77: 164900 | H77: 178091 | I77: 192300 | J77: =ROUND(G77*F77,0) -> 1319200 | K77: =J77*$I$35 -> 1319200 | L77: =ROUND(H77*F77,0) -> 1424728 | M77: =L77*(SUM($J$35:$K$35)) -> 17096736 | N77: =ROUND(I77*F77,0) -> 1538400 | O77: =N77*(SUM($L$35:$M$35)) -> 18460800 | P77: =K77+M77+O77 -> 36876736
B78: 21 | C78: EQUIPOS DE COMUNICACIÓN | D78: Lámpara-linterna tipo led reflector de emergencia sin conexión eléctrica (recargable o con batería de repuesto) | E78: Lámpara-linterna tipo led reflector de emergencia sin conexión eléctrica (recargable o con batería de repuesto) | F78: 15 | G78: 165500 | H78: 178740 | I78: 193039 | J78: =ROUND(G78*F78,0) -> 2482500 | K78: =J78*$I$35 -> 2482500 | L78: =ROUND(H78*F78,0) -> 2681100 | M78: =L78*(SUM($J$35:$K$35)) -> 32173200 | N78: =ROUND(I78*F78,0) -> 2895585 | O78: =N78*(SUM($L$35:$M$35)) -> 34747020 | P78: =K78+M78+O78 -> 69402720
B79: 22 | C79: EQUIPOS DE COMUNICACIÓN | D79: Detector de metales manual convencional (Tipo detector de metales recargable) y batería. | E79: Detector de metales manual convencional (Tipo detector de metales recargable) y batería. | F79: 9 | G79: 75000 | H79: 81000 | I79: 87480 | J79: =ROUND(G79*F79,0) -> 675000 | K79: =J79*$I$35 -> 675000 | L79: =ROUND(H79*F79,0) -> 729000 | M79: =L79*(SUM($J$35:$K$35)) -> 8748000 | N79: =ROUND(I79*F79,0) -> 787320 | O79: =N79*(SUM($L$35:$M$35)) -> 9447840 | P79: =K79+M79+O79 -> 18870840
B80: 23 | C80: EQUIPOS DE COMUNICACIÓN | D80: Smart phone con comunicación mediante minutos y datos en el operador local de mejor receptividad | F80: 1 | G80: 58900 | H80: 63000 | I80: 68040 | J80: =ROUND(G80*F80,0) -> 58900 | K80: =J80*$I$35 -> 58900 | L80: =ROUND(H80*F80,0) -> 63000 | M80: =L80*(SUM($J$35:$K$35)) -> 756000 | N80: =ROUND(I80*F80,0) -> 68040 | O80: =N80*(SUM($L$35:$M$35)) -> 816480 | P80: =K80+M80+O80 -> 1631380
B81: SUBTOTAL MEDIOS TECNOLÓGICOS, DE MONITOREO Y DE APOYO | P81: =SUM(P58:P80) -> 1088172264
G82: =SUM(G58:G80) -> 4094300 | H82: =SUM(H58:H80) -> 4442069 | I82: =SUM(I58:I80) -> 4860276
B83: 3. CALCULO DEL PRESUPUESTO
B85: RESUMEN PRESUPUESTO
B87: COMPONENTE | E87: AÑO 2024
B88: SERVICIOS DE VIGILANCIA | E88: =SUM(V45:V50) -> 6409440206
B89: MEDIOS TECNOLÓGICOS, DE MONITOREO Y DE APOYO | E89: =SUM(P58:P80) -> 1088172264
B90: SUBTOTAL | E90: =E88+E89 -> 7497612470
B91: A.I.U (Nota 7) | D91: 0.1 | E91: =ROUND((E90)*D91,0) -> 749761247
B92: IVA | D92: 0.19 | E92: =ROUND(E91*D92,0) -> 142454637
B93: TOTAL CONTRATO IVA INCLUIDO (Nota 8) | E93: =E90+E92 -> 7640067107
B96: La presente cotización:
B97: • Se remite como parte del estudio de mercado, previo a la contratación, y no implica ninguna obligación de contratar. • El Icanh no se hace responsable de ningún costo directo o indirecto en que incurra el potencial proveedor para presentar la actual cotización, dado que se recibe de buena fe, como fuente de información de precios de referencia del mercado para el estudio de sector. • Tiene una vigencia de 180 días a partir de la fecha de diligenciamiento.
B98: Inscripción en el Registro Único de Proponentes: Las personas naturales y jurídicas, nacionales o extranjeras, con domicilio en Colombia, interesadas en participar en procesos de contratación convocados por las entidades estatales, deben estar inscritas en el RUP, salvo las excepciones previstas de forma taxativa en la ley (Artículo 2.2.1.1.1.5.1 del Decreto 1082 de 2015). Se aclara que esta inscripción no se requiere para remitir cotización durante el estudio de sector.

Sheet 3 Libertadora
B2: SOLICITUD DE COTIZACIÓN | L2: CLASIFICACIÓN DE LA INFORMACIÓN PÚBLICA
B6: SOLICITUD DE COTIZACIÓN
B7: Denominación del Bien o Servicio | D7: Contratar la prestación del servicio integral de vigilancia y seguridad privada para la protección de los bienes y las sedes del ICANH ubicadas a nivel nacional.
B8: Empresa: | C8: LIBERTADORA DE SEGURIDAD LTDA | E8: Ciudad | F8: BOGOTA | G8: Nit: | H8: 860451294-3 | I8: Nombres y apellidos persona de contacto: | K8: EDWIN CRISTANCHO
B9: E-Mail: | C9: direccioncomercial@libertadora.co | F9: Cargo: | G9: DIRECTOR DE NEGOCIOS | I9: Tel. celular: | J9: 32133156 | K9: Fecha: | L9: 45505
B13: • Por favor diligenciar solo las celdas en AMARILLO. • Revisar todos los requerimientos que se exponen en el documento "Ficha técnica de condiciones esenciales para la Prestación del Servicio y/o Entrega del Bien" (FCT) ; y formular su cotización en concordancia con este, garantizando que los bienes y/o servicios ofrecidos cumplan en su totalidad con las especificaciones técnicas descritas en la FCT. • El precio de la cotización deber ser expresado en PESOS COLOMBIANOS. • Los precios deberán aproximarse por exceso o por defecto al entero más cercano así: (i) si es igual o superior a 50 centavos, se aproxima al entero siguiente; (ii) si es inferior a 50 centavos se baja al entero anterior. • No modificar, agregar o quitar ningún ítem o sub-ítem. • Los precios cotizados deben corresponder al año 2024, 2025 y 2026
B15: Notas: SE DEBE DILIGENCIAR LA HOJA "FORMATO_COTIZACIÓN". (1) La pregunta 3 de la Hoja "FORMATO_COTIZACION" es obligatoria, debido a que los datos del valor de la prima allí solicitados se requieren para realizar la proyección del presupuesto, por favor diligenciar los valores para los años 2024, 2025 y 2026. Tener en cuenta que la Administración y Supervisión de la Prima de seguro se está calculando en la hoja "RESUMEN CIRCULAR_DECRETO". Las preguntas restantes son de carácter informativo. (2) Tener en cuenta para cotizar que el plazo de ejecución es estimado y podrá ser inferior. (3) Para el servicio de 12 horas nocturno se contemplan para los cálculos 9 horas del horario nocturno y 3 del horario diurno. (4) Las cantidades de servicios y equipos requeridos son estimadas y podrán variar en ejecución del contrato de acuerdo con las necesidades para la prestación del servicio de la Entidad y de acuerdo con el resultado del Estudio de Seguridad que se realice. (5) El detalle de los lugares para la prestación del servicio de vigilancia y la distribución de los equipos se detalla en la ficha técnica. (6) Los precios cotizados para los medios tecnológicos y de apoyo deberán incluir costos de instalación, operación, traslado y/o reubicación, mantenimiento preventivo y correctivo. (7) En el artículo 462-1 "Base gravable especial" del Estatuto Tributario, se indica que los servicios de vigilancia prestados por entidades autorizadas por la SuperVigilancia, generan IVA sobre el valor del componente AIU (Administración, imprevistos y utilidad) que se pacte en cada contrato. La misma norma indica que ese AIU no puede ser inferior al 10% del valor total del contrato. El A.I.U servirá para establecer la base gravable del cálculo del IVA. (8) Si remite su cotización mediante el módulo de Solicitud de información a proveedores de la plataforma SECOP II, en la respuesta a la pregunta 1 debe incluir el total del presupuesto, que corresponde a la Celda E93 y como respuesta a la pregunta 2 deberá subir el presente formato completamente diligenciado.
B17: PREGUNTAS (Nota 1)
B20: 1 | C20: ¿Qué tipo de Organización es? | F20: EMPRESA
B21: 2 | C21: Si es Cooperativa, indique qué descuento podría ofrecer sobre el valor de la tarifa.
B23: 3 (Nota 1) | C23: TURNOS DE VIGILANCIA REQUERIDOS POR EL ICANH | G23: Valor de la prima del seguro de vida según servicios | H23: Valor de la prima del seguro de vida según servicios | I23: Valor de la prima del seguro de vida según servicios
C24: Horas requeridas | D24: Días | E24: Jornada | F24: Tipo de Servicio | G24: 2024 | H24: 2025 | I24: 2026
C25: 24 | D25: Lunes a Domingo | E25: Completa | F25: Medio Humano sin Arma | G25: 1500 | H25: 1650 | I25: =+H25*1.1 -> 1815
C26: 24 | D26: Lunes a Domingo | E26: Completa | F26: Medio Humano Con Arma | G26: 1500 | H26: 1650 | I26: =+H26*1.1 -> 1815
C27: 24 | D27: Sabados, Domingos y Festivos | E27: Completa | F27: Medio Humano Con Arma | G27: 1500 | H27: 1650 | I27: =+H27*1.1 -> 1815
C28: 12 | D28: Lunes a Viernes sin Festivo | E28: Diurnas | F28: Medio Humano con Arma | G28: 1500 | H28: 1650 | I28: =+H28*1.1 -> 1815
C29: 12 | D29: Lunes a Viernes sin Festivo | E29: Nocturna (Nota 3) | F29: Medio Humano sin Arma | G29: 1500 | H29: 1650 | I29: =+H29*1.1 -> 1815
C30: 12 | D30: Lunes a Domingo | E30: Diurnas | F30: Medio Humano sin Arma | G30: 1500 | H30: 1650 | I30: =+H30*1.1 -> 1815
G31: =SUM(G25:G30) -> 9000 | H31: =SUM(H25:H30) -> 9900 | I31: =SUM(I25:I30) -> 10890
B32: PLAZO ESTIMADO DE EJECUCIÓN
H34: TOTAL 1 de diciembre de 2024 al 31 de diciembre de 2026 | I34: Del 1 de diciembre al 31 de diciembre de 2024 | J34: Del 1 de enero de 2025 al 14 de julio de 2025 | K34: Del 15 de julio de 2025 al 31 de diciembre de 2025 | L34: Del 1 de enero de 2026 al 14 de julio de 2026 | M34: Del 15 de julio de 2026 al 31 de diciembre de 2026
F35: Tiempo estimado de ejecución (Notas 2 y 7) | H35: =SUM(I35:M35) -> 25 | I35: 1 | J35: 6.5 | K35: 5.5 | L35: 6.5 | M35: 5.5
F36: Salario Mínimo Mensual Legal Vigente | H36: - | I36: ='[24]RESUMEN CIRCULAR_DECRETO'!N26 -> 1300000 | J36: ='[24]RESUMEN CIRCULAR_DECRETO'!N27 -> 1410500 | K36: ='[24]RESUMEN CIRCULAR_DECRETO'!N27 -> 1410500 | L36: ='[24]RESUMEN CIRCULAR_DECRETO'!N28 -> 1504157.2 | M36: ='[24]RESUMEN CIRCULAR_DECRETO'!N28 -> 1504157.2
B38: SERVICIOS DE VIGILANCIA Y MEDIOS TECNOLÓGICOS, DE MONITOREO Y DE APOYO REQUERIDOS POR EL ICANH (Nota 4 y 5)
B41: 1. SERVICIOS DE VIGILANCIA REQUERIDOS POR EL ICANH
B43: SERVICIOS INCLUIDO EN LA CIRCULAR EXTERNA 20221300000675 DEL 29 DE DICIEMBRE DE 2022 | F43: Servicios requeridos para Parques Arqueológicos de San Agustín, Alto de los Ídolos (Huila), Santa María de la Antigua del Darién (Chocó), Tierradentro (Cauca), Santa Marta (Magdalena), San José del Guaviare (Guaviare) y las sedes del ICANH ubicadas en la ciudad de Bogotá D.C | L43: Del 1 de diciembre de 2024 al 31 de diciembre de 2024 | N43: Del 1 de enero de 2025 al 14 de julio de 2025 | P43: Del 15 de julio de 2025 al 31 de diciembre de 2025 | R43: Del 1 de enero de 2026 al 14 de julio de 2026 | T43: Del 15 de julio de 2026 al 31 de diciembre de 2026 | V43: TOTAL 1 de diciembre de 2024 al 31 de diciembre de 2026
B44: Horas requeridas | C44: Días | D44: Jornada | E44: Tipo de Servicio | F44: Cantidad | G44: Valor total turno mes a partir del 15 de julio de 2024 al 31 de diciembre de 2024 Mes Completo | H44: Valor total turno mes a partir del 1 de enero de 2025 al 14 de julio de 2025 Mes Completo | I44: Valor total turno mes a partir del 15 de Julio de 2025 al 31 de diciembre de 2025 Mes Completo | J44: Valor total turno mes a partir del 1 de enero de 2026 al 14 de julio de 2026 Mes Completo | K44: Valor total turno mes a partir del 15 de Julio de 2026 al 31 de diciembre de 2026 Mes Completo | L44: Valor mensual servicio | M44: Valor total | N44: Valor mensual servicio | O44: Valor total | P44: Valor mensual servicio | Q44: Valor total | R44: Valor mensual servicio | S44: Valor total | T44: Valor mensual servicio | U44: Valor total | V44: Valor total (25 MESES)
B45: 24 | C45: Lunes a Domingo | D45: Completa | E45: Medio Humano sin Arma | F45: 5 | G45: =IF(F45=0,"No se requiere",'[24]RESUMEN CIRCULAR_DECRETO'!H33) -> 12834180 | H45: =IF(F45=0,"No se requiere",'[24]RESUMEN CIRCULAR_DECRETO'!K33) -> 13925110 | I45: =IF(G45=0,"No se requiere",'[24]RESUMEN CIRCULAR_DECRETO'!N33) -> 14153611 | J45: =IF(H45=0,"No se requiere",'[24]RESUMEN CIRCULAR_DECRETO'!Q33) -> 15093470 | K45: =IF(I45=0,"No se requiere",'[24]RESUMEN CIRCULAR_DECRETO'!T33) -> 15142205 | L45: =G45*F45 -> 64170900 | M45: =ROUND(L45*$I$35,0) -> 64170900 | N45: =H45*F45 -> 69625550 | O45: =ROUND(N45*$J$35,0) -> 452566075 | P45: =I45*F45 -> 70768055 | Q45: =ROUND(P45*$K$35,0) -> 389224303 | R45: =J45*F45 -> 75467350 | S45: =ROUND(R45*$L$35,0) -> 490537775 | T45: =K45*F45 -> 75711025 | U45: =ROUND(T45*$M$35,0) -> 416410638 | V45: =O45+M45+Q45+S45+U45 -> 1812909691
B46: 24 | C46: Lunes a Domingo | D46: Completa | E46: Medio Humano Con Arma | F46: 11 | G46: =IF(F46=0,"No se requiere",'[24]RESUMEN CIRCULAR_DECRETO'!H34) -> 13071850 | H46: =IF(F46=0,"No se requiere",'[24]RESUMEN CIRCULAR_DECRETO'!K34) -> 14182982 | I46: =IF(G46=0,"No se requiere",'[24]RESUMEN CIRCULAR_DECRETO'!N34) -> 14415715 | J46: =IF(H46=0,"No se requiere",'[24]RESUMEN CIRCULAR_DECRETO'!Q34) -> 15372979 | K46: =IF(I46=0,"No se requiere",'[24]RESUMEN CIRCULAR_DECRETO'!T34) -> 15422616 | L46: =G46*F46 -> 143790350 | M46: =ROUND(L46*$I$35,0) -> 143790350 | N46: =H46*F46 -> 156012802 | O46: =ROUND(N46*$J$35,0) -> 1014083213 | P46: =I46*F46 -> 158572865 | Q46: =ROUND(P46*$K$35,0) -> 872150758 | R46: =J46*F46 -> 169102769 | S46: =ROUND(R46*$L$35,0) -> 1099167999 | T46: =K46*F46 -> 169648776 | U46: =ROUND(T46*$M$35,0) -> 933068268 | V46: =O46+M46+Q46+S46+U46 -> 4062260588
B47: 24 | C47: Sabados, Domingos y Festivos | D47: Completa | E47: Medio Humano Con Arma | F47: 1 | G47: =IF(F47=0,"No se requiere",'[24]RESUMEN CIRCULAR_DECRETO'!H35) -> 4358384 | H47: =IF(F47=0,"No se requiere",'[24]RESUMEN CIRCULAR_DECRETO'!K35) -> 4728870 | I47: =IF(G47=0,"No se requiere",'[24]RESUMEN CIRCULAR_DECRETO'!N35) -> 4806448 | J47: =IF(H47=0,"No se requiere",'[24]RESUMEN CIRCULAR_DECRETO'!Q35) -> 5125657 | K47: =IF(I47=0,"No se requiere",'[24]RESUMEN CIRCULAR_DECRETO'!T35) -> 5142203 | L47: =G47*F47 -> 4358384 | M47: =ROUND(L47*$I$35,0) -> 4358384 | N47: =H47*F47 -> 4728870 | O47: =ROUND(N47*$J$35,0) -> 30737655 | P47: =I47*F47 -> 4806448 | Q47: =ROUND(P47*$K$35,0) -> 26435464 | R47: =J47*F47 -> 5125657 | S47: =ROUND(R47*$L$35,0) -> 33316771 | T47: =K47*F47 -> 5142203 | U47: =ROUND(T47*$M$35,0) -> 28282117 | V47: =O47+M47+Q47+S47+U47 -> 123130391
B48: 12 | C48: Lunes a Viernes sin Festivo | D48: Diurnas | E48: Medio Humano con Arma | F48: 1 | G48: =IF(F48=0,"No se requiere",'[24]RESUMEN CIRCULAR_DECRETO'!H36) -> 3903192 | H48: =IF(F48=0,"No se requiere",'[24]RESUMEN CIRCULAR_DECRETO'!K36) -> 4234988 | I48: =IF(G48=0,"No se requiere",'[24]RESUMEN CIRCULAR_DECRETO'!N36) -> 4304461 | J48: =IF(H48=0,"No se requiere",'[24]RESUMEN CIRCULAR_DECRETO'!Q36) -> 4590337 | K48: =IF(I48=0,"No se requiere",'[24]RESUMEN CIRCULAR_DECRETO'!T36) -> 4605154 | L48: =G48*F48 -> 3903192 | M48: =ROUND(L48*$I$35,0) -> 3903192 | N48: =H48*F48 -> 4234988 | O48: =ROUND(N48*$J$35,0) -> 27527422 | P48: =I48*F48 -> 4304461 | Q48: =ROUND(P48*$K$35,0) -> 23674536 | R48: =J48*F48 -> 4590337 | S48: =ROUND(R48*$L$35,0) -> 29837191 | T48: =K48*F48 -> 4605154 | U48: =ROUND(T48*$M$35,0) -> 25328347 | V48: =O48+M48+Q48+S48+U48 -> 110270688
B49: 12 | C49: Lunes a Viernes sin Festivo | D49: Nocturna (Nota 3) | E49: Medio Humano sin Arma | F49: 1 | G49: =IF(F49=0,"No se requiere",'[24]RESUMEN CIRCULAR_DECRETO'!H37) -> 4726055 | H49: =IF(F49=0,"No se requiere",'[24]RESUMEN CIRCULAR_DECRETO'!K37) -> 5127795 | I49: =IF(G49=0,"No se requiere",'[24]RESUMEN CIRCULAR_DECRETO'!N37) -> 5211919 | J49: =IF(H49=0,"No se requiere",'[24]RESUMEN CIRCULAR_DECRETO'!Q37) -> 5558050 | K49: =IF(I49=0,"No se requiere",'[24]RESUMEN CIRCULAR_DECRETO'!T37) -> 5575992 | L49: =G49*F49 -> 4726055 | M49: =ROUND(L49*$I$35,0) -> 4726055 | N49: =H49*F49 -> 5127795 | O49: =ROUND(N49*$J$35,0) -> 33330668 | P49: =I49*F49 -> 5211919 | Q49: =ROUND(P49*$K$35,0) -> 28665555 | R49: =J49*F49 -> 5558050 | S49: =ROUND(R49*$L$35,0) -> 36127325 | T49: =K49*F49 -> 5575992 | U49: =ROUND(T49*$M$35,0) -> 30667956 | V49: =O49+M49+Q49+S49+U49 -> 133517559
B50: 12 | C50: Lunes a Domingo | D50: Diurnas | E50: Medio Humano sin Arma | F50: 1 | G50: =IF(F50=0,"No se requiere",'[24]RESUMEN CIRCULAR_DECRETO'!H38) -> 5747527 | H50: =IF(F50=0,"No se requiere",'[24]RESUMEN CIRCULAR_DECRETO'!K38) -> 6236091 | I50: =IF(G50=0,"No se requiere",'[24]RESUMEN CIRCULAR_DECRETO'!N38) -> 6338404 | J50: =IF(H50=0,"No se requiere",'[24]RESUMEN CIRCULAR_DECRETO'!Q38) -> 6759334 | K50: =IF(I50=0,"No se requiere",'[24]RESUMEN CIRCULAR_DECRETO'!T38) -> 6781156 | L50: =G50*F50 -> 5747527 | M50: =ROUND(L50*$I$35,0) -> 5747527 | N50: =H50*F50 -> 6236091 | O50: =ROUND(N50*$J$35,0) -> 40534592 | P50: =I50*F50 -> 6338404 | Q50: =ROUND(P50*$K$35,0) -> 34861222 | R50: =J50*F50 -> 6759334 | S50: =ROUND(R50*$L$35,0) -> 43935671 | T50: =K50*F50 -> 6781156 | U50: =ROUND(T50*$M$35,0) -> 37296358 | V50: =O50+M50+Q50+S50+U50 -> 162375370
B51: SUBTOTAL SERVICIOS DE VIGILANCIA | V51: =SUM(V45:V50) -> 6404464287
B54: 2. Medios de comunicación, equipos, materiales y elementos necesarios para la prestación del servicio (Nota 4, 5 y 6)
B56: MEDIOS TECNOLÓGICOS, DE MONITOREO Y DE APOYO (Nota 4, 5 y 6) | F56: Equipos requeridos para Parques Arqueológicos de San Agustín, Alto de los Ídolos (Huila), Santa María de la Antigua del Darién (Chocó), Tierradentro (Cauca), Santa Marta (Magdalena), San José del Guaviare (Guaviare) y las sedes del ICANH ubicadas en la ciudad de Bogotá D.C
B57: # | C57: CATEGORÍA | D57: MEDIO | F57: Cantidad | G57: Precio Unitario Mensual Antes de IVA 2024 | H57: Precio Unitario Mensual Antes de IVA 2025 | I57: Precio Unitario Mensual Antes de IVA 2026 | J57: Valor mensual x cantidades 2024 | K57: Valor total del 1 de diciembre al 31 de diciembre de 2024 | L57: Valor mensual x cantidades 2025 | M57: Valor total del 1 de enero del 2025 al 31 de diciembre de 2025 | N57: Valor mensual x cantidades 2026 | O57: Valor total del 1 de enero del 2026 al 31 de diciembre de 2026 | P57: Valor total 1 de diciembre de 2024 al 31 de diciembre de 2026
B58: 1 | C58: EQUIPOS CCTV Y TV | D58: MONITOR 32" 1080P Señalización DIGITAL Android WIFI RJ45 SD32GB Incorporada INCL. Soporte Pared | F58: 8 | G58: =1931450/36 -> 53651.389 | H58: =+G58*1.1 -> 59016.528 | I58: =+H58*1.1 -> 64918.181 | J58: =ROUND(G58*F58,0) -> 429211 | K58: =J58*$I$35 -> 429211 | L58: =ROUND(H58*F58,0) -> 472132 | M58: =L58*(SUM($J$35:$K$35)) -> 5665584 | N58: =ROUND(I58*F58,0) -> 519345 | O58: =N58*(SUM($L$35:$M$35)) -> 6232140 | P58: =K58+M58+O58 -> 12326935
B59: 2 | C59: EQUIPOS CCTV Y TV | D59: NVR (Para grabación continua, 32 CH H. 265 4CH @4K o 16CH @1080P hasta 12MP reproducción 16CH 8 SATA 2 HDMI 4K 2 RJ 45 1000 MBPS, Grabación las 24 horas del día, con capacidad de almacenamiento de 6 Teras Bytes). | E59: NVR (Para grabación continua, 32 CH H. 265 4CH @4K o 16CH @1080P hasta 12MP reproducción 16CH 8 SATA 2 HDMI 4K 2 RJ 45 1000 MBPS, Grabación las 24 horas del día, con capacidad de almacenamiento de 6 Teras Bytes). | F59: 8 | G59: =4324356/36 -> 120121 | H59: =+G59*1.1 -> 132133.1 | I59: =+H59*1.1 -> 145346.41 | J59: =ROUND(G59*F59,0) -> 960968 | K59: =J59*$I$35 -> 960968 | L59: =ROUND(H59*F59,0) -> 1057065 | M59: =L59*(SUM($J$35:$K$35)) -> 12684780 | N59: =ROUND(I59*F59,0) -> 1162771 | O59: =N59*(SUM($L$35:$M$35)) -> 13953252 | P59: =K59+M59+O59 -> 27599000
B60: 3 | C60: EQUIPOS CCTV Y TV | D60: (Cámara IP tipo Bala Varifocal 2,8-12 MM 4 MP 120 dB WDR 30 MTS SD Hasta 128 Gb POE VCA).Incluye suministros e instalación (mano de obra) necesarios para el óptimo funcionamiento del circuito cerrado de televisión | E60: (Cámara IP tipo Bala Varifocal 2,8-12 MM 4 MP 120 dB WDR 30 MTS SD Hasta 128 Gb POE VCA).Incluye suministros e instalación (mano de obra) necesarios para el óptimo funcionamiento del circuito cerrado de televisión | F60: =36+5 -> 41 | G60: =1246172/36 -> 34615.889 | H60: =+G60*1.1 -> 38077.478 | I60: =+H60*1.1 -> 41885.226 | J60: =ROUND(G60*F60,0) -> 1419251 | K60: =J60*$I$35 -> 1419251 | L60: =ROUND(H60*F60,0) -> 1561177 | M60: =L60*(SUM($J$35:$K$35)) -> 18734124 | N60: =ROUND(I60*F60,0) -> 1717294 | O60: =N60*(SUM($L$35:$M$35)) -> 20607528 | P60: =K60+M60+O60 -> 40760903
B61: 4 | C61: EQUIPOS CCTV Y TV | D61: (Cámara IP tipo Domo Varifocal 2,8-12 MM 4 MP 120 dB WDR 30 MTS SD Hasta 128 Gb POE VCA).Incluye suministros e instalación (mano de obra) necesarios para el óptimo funcionamiento del circuito cerrado de televisión | E61: (Cámara IP tipo Domo Varifocal 2,8-12 MM 4 MP 120 dB WDR 30 MTS SD Hasta 128 Gb POE VCA).Incluye suministros e instalación (mano de obra) necesarios para el óptimo funcionamiento del circuito cerrado de televisión | F61: =70+1 -> 71 | G61: =1032770/36 -> 28688.056 | H61: =+G61*1.1 -> 31556.861 | I61: =+H61*1.1 -> 34712.547 | J61: =ROUND(G61*F61,0) -> 2036852 | K61: =J61*$I$35 -> 2036852 | L61: =ROUND(H61*F61,0) -> 2240537 | M61: =L61*(SUM($J$35:$K$35)) -> 26886444 | N61: =ROUND(I61*F61,0) -> 2464591 | O61: =N61*(SUM($L$35:$M$35)) -> 29575092 | P61: =K61+M61+O61 -> 58498388
B62: 5 | C62: EQUIPOS CCTV Y TV | D62: UPS 15 KVA 3 fases 208/120 V con autonomía de 20 minutos. Incluye suministros e instalación (mano de obra) necesarios para el óptimo funcionamiento | E62: UPS 15 KVA 3 fases 208/120 V con autonomía de 20 minutos. Incluye suministros e instalación (mano de obra) necesarios para el óptimo funcionamiento | F62: 4 | G62: =2318450/36 -> 64401.389 | H62: =+G62*1.1 -> 70841.528 | I62: =+H62*1.1 -> 77925.681 | J62: =ROUND(G62*F62,0) -> 257606 | K62: =J62*$I$35 -> 257606 | L62: =ROUND(H62*F62,0) -> 283366 | M62: =L62*(SUM($J$35:$K$35)) -> 3400392 | N62: =ROUND(I62*F62,0) -> 311703 | O62: =N62*(SUM($L$35:$M$35)) -> 3740436 | P62: =K62+M62+O62 -> 7398434
B63: 6 | C63: EQUIPOS DE SISTEMA DE DETECCIÓN Y ALARMA | D63: Sensor humo fotoeléctrico Detectores de incendios automáticos. Incluye suministros e instalación (mano de obra) necesarios para el óptimo funcionamiento | F63: 34 | G63: =960231/36 -> 26673.083 | H63: =+G63*1.1 -> 29340.392 | I63: =+H63*1.1 -> 32274.431 | J63: =ROUND(G63*F63,0) -> 906885 | K63: =J63*$I$35 -> 906885 | L63: =ROUND(H63*F63,0) -> 997573 | M63: =L63*(SUM($J$35:$K$35)) -> 11970876 | N63: =ROUND(I63*F63,0) -> 1097331 | O63: =N63*(SUM($L$35:$M$35)) -> 13167972 | P63: =K63+M63+O63 -> 26045733
B64: 7 | C64: EQUIPOS DE SISTEMA DE DETECCIÓN Y ALARMA | D64: Panel central de detección, Panel de control direccionales. Incluye suministros e instalación (mano de obra) necesarios para el óptimo funcionamiento | E64: CAMARAS IP - TIPO BALA | F64: 8 | G64: =4387393/36 -> 121872.03 | H64: =+G64*1.1 -> 134059.23 | I64: =+H64*1.1 -> 147465.15 | J64: =ROUND(G64*F64,0) -> 974976 | K64: =J64*$I$35 -> 974976 | L64: =ROUND(H64*F64,0) -> 1072474 | M64: =L64*(SUM($J$35:$K$35)) -> 12869688 | N64: =ROUND(I64*F64,0) -> 1179721 | O64: =N64*(SUM($L$35:$M$35)) -> 14156652 | P64: =K64+M64+O64 -> 28001316
B65: 8 | C65: EQUIPOS DE SISTEMA DE DETECCIÓN Y ALARMA | D65: Sirena con estrobo. Incluye suministros e instalación (mano de obra) necesarios para el óptimo funcionamiento | E65: JOISTYCK PARA CONTROL DE CÁMARAS DOMO PTZ | F65: 7 | G65: =704991/36 -> 19583.083 | H65: =+G65*1.1 -> 21541.392 | I65: =+H65*1.1 -> 23695.531 | J65: =ROUND(G65*F65,0) -> 137082 | K65: =J65*$I$35 -> 137082 | L65: =ROUND(H65*F65,0) -> 150790 | M65: =L65*(SUM($J$35:$K$35)) -> 1809480 | N65: =ROUND(I65*F65,0) -> 165869 | O65: =N65*(SUM($L$35:$M$35)) -> 1990428 | P65: =K65+M65+O65 -> 3936990
B66: 9 | C66: EQUIPOS DE SISTEMA DE DETECCIÓN Y ALARMA | D66: Estación manual de alarma. Incluye suministros e instalación (mano de obra) necesarios para el óptimo funcionamiento | E66: MONITOR DE 24" PARA CIRCUITO CERRADO DE TELEVISIÓN | F66: 9 | G66: =376551/36 -> 10459.75 | H66: =+G66*1.1 -> 11505.725 | I66: =+H66*1.1 -> 12656.298 | J66: =ROUND(G66*F66,0) -> 94138 | K66: =J66*$I$35 -> 94138 | L66: =ROUND(H66*F66,0) -> 103552 | M66: =L66*(SUM($J$35:$K$35)) -> 1242624 | N66: =ROUND(I66*F66,0) -> 113907 | O66: =N66*(SUM($L$35:$M$35)) -> 1366884 | P66: =K66+M66+O66 -> 2703646
B67: 10 | C67: EQUIPOS DE SISTEMA DE DETECCIÓN Y ALARMA | D67: Modulo indicador. Incluye suministros e instalación (mano de obra) necesarios para el óptimo funcionamiento | E67: MONITOR DE 24" PARA CIRCUITO CERRADO DE TELEVISIÓN | F67: 8 | G67: =960231/36 -> 26673.083 | H67: =+G67*1.1 -> 29340.392 | I67: =+H67*1.1 -> 32274.431 | J67: =ROUND(G67*F67,0) -> 213385 | K67: =J67*$I$35 -> 213385 | L67: =ROUND(H67*F67,0) -> 234723 | M67: =L67*(SUM($J$35:$K$35)) -> 2816676 | N67: =ROUND(I67*F67,0) -> 258195 | O67: =N67*(SUM($L$35:$M$35)) -> 3098340 | P67: =K67+M67+O67 -> 6128401
B68: 11 | C68: EQUIPOS DE SISTEMA DE DETECCIÓN Y ALARMA | D68: Sensor de intrusión tipo interior. Incluye suministros e instalación (mano de obra) necesarios para el óptimo funcionamiento | E68: MONITOR DE 24" PARA CIRCUITO CERRADO DE TELEVISIÓN | F68: 77 | G68: =412071/36 -> 11446.417 | H68: =+G68*1.1 -> 12591.058 | I68: =+H68*1.1 -> 13850.164 | J68: =ROUND(G68*F68,0) -> 881374 | K68: =J68*$I$35 -> 881374 | L68: =ROUND(H68*F68,0) -> 969511 | M68: =L68*(SUM($J$35:$K$35)) -> 11634132 | N68: =ROUND(I68*F68,0) -> 1066463 | O68: =N68*(SUM($L$35:$M$35)) -> 12797556 | P68: =K68+M68+O68 -> 25313062
B69: 12 | C69: EQUIPOS DE SISTEMA DE DETECCIÓN Y ALARMA | D69: Sensor de intrusión tipo exterior. Incluye suministros e instalación (mano de obra) necesarios para el óptimo funcionamiento | E69: DISPOSITIVO DE GRABACIÓN DE RED (NVR) | F69: 17 | G69: =946671/36 -> 26296.417 | H69: =+G69*1.1 -> 28926.058 | I69: =+H69*1.1 -> 31818.664 | J69: =ROUND(G69*F69,0) -> 447039 | K69: =J69*$I$35 -> 447039 | L69: =ROUND(H69*F69,0) -> 491743 | M69: =L69*(SUM($J$35:$K$35)) -> 5900916 | N69: =ROUND(I69*F69,0) -> 540917 | O69: =N69*(SUM($L$35:$M$35)) -> 6491004 | P69: =K69+M69+O69 -> 12838959
B70: 13 | C70: EQUIPOS DE SISTEMA DE DETECCIÓN Y ALARMA | D70: Detector rayo fotoelectrico exterior par receptor-emisor incluye suministros e instalación (mano de obra) necesarios para el óptimo funcionamiento | E70: UPS 3KVA | F70: 12 | G70: =519471/36 -> 14429.75 | H70: =+G70*1.1 -> 15872.725 | I70: =+H70*1.1 -> 17459.998 | J70: =ROUND(G70*F70,0) -> 173157 | K70: =J70*$I$35 -> 173157 | L70: =ROUND(H70*F70,0) -> 190473 | M70: =L70*(SUM($J$35:$K$35)) -> 2285676 | N70: =ROUND(I70*F70,0) -> 209520 | O70: =N70*(SUM($L$35:$M$35)) -> 2514240 | P70: =K70+M70+O70 -> 4973073
B71: 14 | C71: EQUIPOS DE SISTEMA DE DETECCIÓN Y ALARMA | D71: Sensor de contacto magenitico (mano de obra) necesarios para el óptimo funcionamiento | E71: BOTON DE PANICO | F71: 14 | G71: =230439/36 -> 6401.0833 | H71: =+G71*1.1 -> 7041.1917 | I71: =+H71*1.1 -> 7745.3108 | J71: =ROUND(G71*F71,0) -> 89615 | K71: =J71*$I$35 -> 89615 | L71: =ROUND(H71*F71,0) -> 98577 | M71: =L71*(SUM($J$35:$K$35)) -> 1182924 | N71: =ROUND(I71*F71,0) -> 108434 | O71: =N71*(SUM($L$35:$M$35)) -> 1301208 | P71: =K71+M71+O71 -> 2573747
B72: 15 | C72: EQUIPOS DE SISTEMA DE DETECCIÓN Y ALARMA | D72: Sensor de rotura de vidrio, Incluye suministros e instalación (mano de obra) necesarios para el óptimo funcionamiento | E72: Cilindro de Descarga | F72: 1 | G72: =381371/36 -> 10593.639 | H72: =+G72*1.1 -> 11653.003 | I72: =+H72*1.1 -> 12818.303 | J72: =ROUND(G72*F72,0) -> 10594 | K72: =J72*$I$35 -> 10594 | L72: =ROUND(H72*F72,0) -> 11653 | M72: =L72*(SUM($J$35:$K$35)) -> 139836 | N72: =ROUND(I72*F72,0) -> 12818 | O72: =N72*(SUM($L$35:$M$35)) -> 153816 | P72: =K72+M72+O72 -> 304246
B73: 16 | C73: EQUIPOS DE SISTEMA DE DETECCIÓN Y ALARMA | D73: Kit antena antihurto radiofrecuencia con fuente de poder (antena trasmisora TX, antena receptora RX) detección entre antenas 1,20 para adhesivos. Incluye suministro e instalación (mano de obra) necesarios para el óptimo funcionamiento | E73: Espejos Concavos para inspección Vehicular | F73: 3 | G73: =3176031/36 -> 88223.083 | H73: =+G73*1.1 -> 97045.392 | I73: =+H73*1.1 -> 106749.93 | J73: =ROUND(G73*F73,0) -> 264669 | K73: =J73*$I$35 -> 264669 | L73: =ROUND(H73*F73,0) -> 291136 | M73: =L73*(SUM($J$35:$K$35)) -> 3493632 | N73: =ROUND(I73*F73,0) -> 320250 | O73: =N73*(SUM($L$35:$M$35)) -> 3843000 | P73: =K73+M73+O73 -> 7601301
B74: 17 | C74: EQUIPOS Y SISTEMA DE CONTROL DE ACCESO | D74: Sistema de control de acceso biométrico (huella) con software de respaldo. | F74: 5 | G74: =3461031/36 -> 96139.75 | H74: =+G74*1.1 -> 105753.73 | I74: =+H74*1.1 -> 116329.1 | J74: =ROUND(G74*F74,0) -> 480699 | K74: =J74*$I$35 -> 480699 | L74: =ROUND(H74*F74,0) -> 528769 | M74: =L74*(SUM($J$35:$K$35)) -> 6345228 | N74: =ROUND(I74*F74,0) -> 581645 | O74: =N74*(SUM($L$35:$M$35)) -> 6979740 | P74: =K74+M74+O74 -> 13805667
B75: 18 | C75: EQUIPOS Y SISTEMA DE CONTROL DE ACCESO | D75: Puntos de control electrónico de rondas en los sitios donde la entidad lo requiera, para verificar el correcto cumplimiento de las funciones de supervisión | E75: Puntos de control electrónico de rondas en los sitios donde la entidad lo requiera, para verificar el correcto cumplimiento de las funciones de supervisión | F75: 34 | G75: =358431/36 -> 9956.4167 | H75: =+G75*1.1 -> 10952.058 | I75: =+H75*1.1 -> 12047.264 | J75: =ROUND(G75*F75,0) -> 338518 | K75: =J75*$I$35 -> 338518 | L75: =ROUND(H75*F75,0) -> 372370 | M75: =L75*(SUM($J$35:$K$35)) -> 4468440 | N75: =ROUND(I75*F75,0) -> 409607 | O75: =N75*(SUM($L$35:$M$35)) -> 4915284 | P75: =K75+M75+O75 -> 9722242
B76: 19 | C76: EQUIPOS DE COMUNICACIÓN | D76: Radio teléfono para comunicación con alcance mínimo de 4 kms (punto a punto) especificando marca y modelo Debe garantizar la comunicación oportuna y estable en cada uno de los puestos. | F76: 22 | G76: =1200600/36 -> 33350 | H76: =+G76*1.1 -> 36685 | I76: =+H76*1.1 -> 40353.5 | J76: =ROUND(G76*F76,0) -> 733700 | K76: =J76*$I$35 -> 733700 | L76: =ROUND(H76*F76,0) -> 807070 | M76: =L76*(SUM($J$35:$K$35)) -> 9684840 | N76: =ROUND(I76*F76,0) -> 887777 | O76: =N76*(SUM($L$35:$M$35)) -> 10653324 | P76: =K76+M76+O76 -> 21071864
B77: 20 | C77: EQUIPOS DE COMUNICACIÓN | D77: Radio de base, no inferior a 10 watts con su respectiva antena por cada municipio donde se presta el servicio. | E77: Radio de base, no inferior a 10 watts con su respectiva antena por cada municipio donde se presta el servicio. | F77: 8 | G77: =174840/36 -> 4856.6667 | H77: =+G77*1.1 -> 5342.3333 | I77: =+H77*1.1 -> 5876.5667 | J77: =ROUND(G77*F77,0) -> 38853 | K77: =J77*$I$35 -> 38853 | L77: =ROUND(H77*F77,0) -> 42739 | M77: =L77*(SUM($J$35:$K$35)) -> 512868 | N77: =ROUND(I77*F77,0) -> 47013 | O77: =N77*(SUM($L$35:$M$35)) -> 564156 | P77: =K77+M77+O77 -> 1115877
B78: 21 | C78: EQUIPOS DE COMUNICACIÓN | D78: Lámpara-linterna tipo led reflector de emergencia sin conexión eléctrica (recargable o con batería de repuesto) | E78: Lámpara-linterna tipo led reflector de emergencia sin conexión eléctrica (recargable o con batería de repuesto) | F78: 15 | G78: =173760/36 -> 4826.6667 | H78: =+G78*1.1 -> 5309.3333 | I78: =+H78*1.1 -> 5840.2667 | J78: =ROUND(G78*F78,0) -> 72400 | K78: =J78*$I$35 -> 72400 | L78: =ROUND(H78*F78,0) -> 79640 | M78: =L78*(SUM($J$35:$K$35)) -> 955680 | N78: =ROUND(I78*F78,0) -> 87604 | O78: =N78*(SUM($L$35:$M$35)) -> 1051248 | P78: =K78+M78+O78 -> 2079328
B79: 22 | C79: EQUIPOS DE COMUNICACIÓN | D79: Detector de metales manual convencional (Tipo detector de metales recargable) y batería. | E79: Detector de metales manual convencional (Tipo detector de metales recargable) y batería. | F79: 9 | G79: =210240/36 -> 5840 | H79: =+G79*1.1 -> 6424 | I79: =+H79*1.1 -> 7066.4 | J79: =ROUND(G79*F79,0) -> 52560 | K79: =J79*$I$35 -> 52560 | L79: =ROUND(H79*F79,0) -> 57816 | M79: =L79*(SUM($J$35:$K$35)) -> 693792 | N79: =ROUND(I79*F79,0) -> 63598 | O79: =N79*(SUM($L$35:$M$35)) -> 763176 | P79: =K79+M79+O79 -> 1509528
B80: 23 | C80: EQUIPOS DE COMUNICACIÓN | D80: Smart phone con comunicación mediante minutos y datos en el operador local de mejor receptividad | F80: 1 | G80: =798600/36 -> 22183.333 | H80: =+G80*1.1 -> 24401.667 | I80: =+H80*1.1 -> 26841.833 | J80: =ROUND(G80*F80,0) -> 22183 | K80: =J80*$I$35 -> 22183 | L80: =ROUND(H80*F80,0) -> 24402 | M80: =L80*(SUM($J$35:$K$35)) -> 292824 | N80: =ROUND(I80*F80,0) -> 26842 | O80: =N80*(SUM($L$35:$M$35)) -> 322104 | P80: =K80+M80+O80 -> 637111
B81: SUBTOTAL MEDIOS TECNOLÓGICOS, DE MONITOREO Y DE APOYO | P81: =SUM(P58:P80) -> 316945751
G82: =SUM(G58:G80) -> 841281.97 | H82: =SUM(H58:H80) -> 925410.17 | I82: =SUM(I58:I80) -> 1017951.2
B83: 3. CALCULO DEL PRESUPUESTO
B85: RESUMEN PRESUPUESTO
B87: COMPONENTE | E87: AÑO 2024
B88: SERVICIOS DE VIGILANCIA | E88: =SUM(V45:V50) -> 6404464287
B89: MEDIOS TECNOLÓGICOS, DE MONITOREO Y DE APOYO | E89: =SUM(P58:P80) -> 316945751
B90: SUBTOTAL | E90: =E88+E89 -> 6721410038
B91: A.I.U (Nota 7) | D91: 0.1 | E91: =ROUND((E90)*D91,0) -> 672141004
B92: IVA | D92: 0.19 | E92: =ROUND(E91*D92,0) -> 127706791
B93: TOTAL CONTRATO IVA INCLUIDO (Nota 8) | E93: =E90+E92 -> 6849116829
B96: La presente cotización:
B97: • Se remite como parte del estudio de mercado, previo a la contratación, y no implica ninguna obligación de contratar. • El Icanh no se hace responsable de ningún costo directo o indirecto en que incurra el potencial proveedor para presentar la actual cotización, dado que se recibe de buena fe, como fuente de información de precios de referencia del mercado para el estudio de sector. • Tiene una vigencia de 180 días a partir de la fecha de diligenciamiento.
B98: Inscripción en el Registro Único de Proponentes: Las personas naturales y jurídicas, nacionales o extranjeras, con domicilio en Colombia, interesadas en participar en procesos de contratación convocados por las entidades estatales, deben estar inscritas en el RUP, salvo las excepciones previstas de forma taxativa en la ley (Artículo 2.2.1.1.1.5.1 del Decreto 1082 de 2015). Se aclara que esta inscripción no se requiere para remitir cotización durante el estudio de sector.

Sheet 4 Del sur
B2: SOLICITUD DE COTIZACIÓN | L2: CLASIFICACIÓN DE LA INFORMACIÓN PÚBLICA
B6: SOLICITUD DE COTIZACIÓN
B7: Denominación del Bien o Servicio | D7: Contratar la prestación del servicio integral de vigilancia y seguridad privada para la protección de los bienes y las sedes del ICANH ubicadas a nivel nacional.
B8: Empresa: | C8: SEGURIDAD DEL SUR LIMITADA | E8: Ciudad | F8: Pasto | G8: Nit: | H8: 800085349-1 | I8: Nombres y apellidos persona de contacto: | K8: ANDREA JULIETA TRUJILLO BARRIOS
B9: E-Mail: | C9: acomercial3@seguridaddelsur.net | F9: Cargo: | G9: Ejecutiva de uenta | I9: Tel. celular: | J9: 31053858 | K9: Fecha: | L9: 01-08-2024%
B13: • Por favor diligenciar solo las celdas en AMARILLO. • Revisar todos los requerimientos que se exponen en el documento "Ficha técnica de condiciones esenciales para la Prestación del Servicio y/o Entrega del Bien" (FCT) ; y formular su cotización en concordancia con este, garantizando que los bienes y/o servicios ofrecidos cumplan en su totalidad con las especificaciones técnicas descritas en la FCT. • El precio de la cotización deber ser expresado en PESOS COLOMBIANOS. • Los precios deberán aproximarse por exceso o por defecto al entero más cercano así: (i) si es igual o superior a 50 centavos, se aproxima al entero siguiente; (ii) si es inferior a 50 centavos se baja al entero anterior. • No modificar, agregar o quitar ningún ítem o sub-ítem. • Los precios cotizados deben corresponder al año 2024, 2025 y 2026
B15: Notas: SE DEBE DILIGENCIAR LA HOJA "FORMATO_COTIZACIÓN". (1) La pregunta 3 de la Hoja "FORMATO_COTIZACION" es obligatoria, debido a que los datos del valor de la prima allí solicitados se requieren para realizar la proyección del presupuesto, por favor diligenciar los valores para los años 2024, 2025 y 2026. Tener en cuenta que la Administración y Supervisión de la Prima de seguro se está calculando en la hoja "RESUMEN CIRCULAR_DECRETO". Las preguntas restantes son de carácter informativo. (2) Tener en cuenta para cotizar que el plazo de ejecución es estimado y podrá ser inferior. (3) Para el servicio de 12 horas nocturno se contemplan para los cálculos 9 horas del horario nocturno y 3 del horario diurno. (4) Las cantidades de servicios y equipos requeridos son estimadas y podrán variar en ejecución del contrato de acuerdo con las necesidades para la prestación del servicio de la Entidad y de acuerdo con el resultado del Estudio de Seguridad que se realice. (5) El detalle de los lugares para la prestación del servicio de vigilancia y la distribución de los equipos se detalla en la ficha técnica. (6) Los precios cotizados para los medios tecnológicos y de apoyo deberán incluir costos de instalación, operación, traslado y/o reubicación, mantenimiento preventivo y correctivo. (7) En el artículo 462-1 "Base gravable especial" del Estatuto Tributario, se indica que los servicios de vigilancia prestados por entidades autorizadas por la SuperVigilancia, generan IVA sobre el valor del componente AIU (Administración, imprevistos y utilidad) que se pacte en cada contrato. La misma norma indica que ese AIU no puede ser inferior al 10% del valor total del contrato. El A.I.U servirá para establecer la base gravable del cálculo del IVA. (8) Si remite su cotización mediante el módulo de Solicitud de información a proveedores de la plataforma SECOP II, en la respuesta a la pregunta 1 debe incluir el total del presupuesto, que corresponde a la Celda E93 y como respuesta a la pregunta 2 deberá subir el presente formato completamente diligenciado.
B17: PREGUNTAS (Nota 1)
B20: 1 | C20: ¿Qué tipo de Organización es? | F20: EMPRESA
B21: 2 | C21: Si es Cooperativa, indique qué descuento podría ofrecer sobre el valor de la tarifa. | F21: 0
B23: 3 (Nota 1) | C23: TURNOS DE VIGILANCIA REQUERIDOS POR EL ICANH | G23: Valor de la prima del seguro de vida según servicios | H23: Valor de la prima del seguro de vida según servicios | I23: Valor de la prima del seguro de vida según servicios
C24: Horas requeridas | D24: Días | E24: Jornada | F24: Tipo de Servicio | G24: 2024 | H24: 2025 | I24: 2026
C25: 24 | D25: Lunes a Domingo | E25: Completa | F25: Medio Humano sin Arma | G25: 550 | H25: 550 | I25: 550
C26: 24 | D26: Lunes a Domingo | E26: Completa | F26: Medio Humano Con Arma | G26: 550 | H26: 550 | I26: 550
C27: 24 | D27: Sabados, Domingos y Festivos | E27: Completa | F27: Medio Humano Con Arma | G27: 550 | H27: 550 | I27: 550
C28: 12 | D28: Lunes a Viernes sin Festivo | E28: Diurnas | F28: Medio Humano con Arma | G28: 550 | H28: 550 | I28: 550
C29: 12 | D29: Lunes a Viernes sin Festivo | E29: Nocturna (Nota 3) | F29: Medio Humano sin Arma | G29: 550 | H29: 550 | I29: 550
C30: 12 | D30: Lunes a Domingo | E30: Diurnas | F30: Medio Humano sin Arma | G30: 550 | H30: 550 | I30: 550
G31: =SUM(G25:G30) -> 3300 | H31: =SUM(H25:H30) -> 3300 | I31: =SUM(I25:I30) -> 3300
B32: PLAZO ESTIMADO DE EJECUCIÓN
H34: TOTAL 1 de diciembre de 2024 al 31 de diciembre de 2026 | I34: Del 1 de diciembre al 31 de diciembre de 2024 | J34: Del 1 de enero de 2025 al 14 de julio de 2025 | K34: Del 15 de julio de 2025 al 31 de diciembre de 2025 | L34: Del 1 de enero de 2026 al 14 de julio de 2026 | M34: Del 15 de julio de 2026 al 31 de diciembre de 2026
F35: Tiempo estimado de ejecución (Notas 2 y 7) | H35: =SUM(I35:M35) -> 25 | I35: 1 | J35: 6.5 | K35: 5.5 | L35: 6.5 | M35: 5.5
F36: Salario Mínimo Mensual Legal Vigente | H36: - | I36: ='[25]RESUMEN CIRCULAR_DECRETO'!N26 -> 1300000 | J36: ='[25]RESUMEN CIRCULAR_DECRETO'!N27 -> 1410500 | K36: ='[25]RESUMEN CIRCULAR_DECRETO'!N27 -> 1410500 | L36: ='[25]RESUMEN CIRCULAR_DECRETO'!N28 -> 1504157.2 | M36: ='[25]RESUMEN CIRCULAR_DECRETO'!N28 -> 1504157.2
B38: SERVICIOS DE VIGILANCIA Y MEDIOS TECNOLÓGICOS, DE MONITOREO Y DE APOYO REQUERIDOS POR EL ICANH (Nota 4 y 5)
B41: 1. SERVICIOS DE VIGILANCIA REQUERIDOS POR EL ICANH
B43: SERVICIOS INCLUIDO EN LA CIRCULAR EXTERNA 20221300000675 DEL 29 DE DICIEMBRE DE 2022 | F43: Servicios requeridos para Parques Arqueológicos de San Agustín, Alto de los Ídolos (Huila), Santa María de la Antigua del Darién (Chocó), Tierradentro (Cauca), Santa Marta (Magdalena), San José del Guaviare (Guaviare) y las sedes del ICANH ubicadas en la ciudad de Bogotá D.C | L43: Del 1 de diciembre de 2024 al 31 de diciembre de 2024 | N43: Del 1 de enero de 2025 al 14 de julio de 2025 | P43: Del 15 de julio de 2025 al 31 de diciembre de 2025 | R43: Del 1 de enero de 2026 al 14 de julio de 2026 | T43: Del 15 de julio de 2026 al 31 de diciembre de 2026 | V43: TOTAL 1 de diciembre de 2024 al 31 de diciembre de 2026
B44: Horas requeridas | C44: Días | D44: Jornada | E44: Tipo de Servicio | F44: Cantidad | G44: Valor total turno mes a partir del 15 de julio de 2024 al 31 de diciembre de 2024 Mes Completo | H44: Valor total turno mes a partir del 1 de enero de 2025 al 14 de julio de 2025 Mes Completo | I44: Valor total turno mes a partir del 15 de Julio de 2025 al 31 de diciembre de 2025 Mes Completo | J44: Valor total turno mes a partir del 1 de enero de 2026 al 14 de julio de 2026 Mes Completo | K44: Valor total turno mes a partir del 15 de Julio de 2026 al 31 de diciembre de 2026 Mes Completo | L44: Valor mensual servicio | M44: Valor total | N44: Valor mensual servicio | O44: Valor total | P44: Valor mensual servicio | Q44: Valor total | R44: Valor mensual servicio | S44: Valor total | T44: Valor mensual servicio | U44: Valor total | V44: Valor total (25 MESES)
B45: 24 | C45: Lunes a Domingo | D45: Completa | E45: Medio Humano sin Arma | F45: 5 | G45: =IF(F45=0,"No se requiere",'[25]RESUMEN CIRCULAR_DECRETO'!H33) -> 12833154 | H45: =IF(F45=0,"No se requiere",'[25]RESUMEN CIRCULAR_DECRETO'!K33) -> 13923922 | I45: =IF(G45=0,"No se requiere",'[25]RESUMEN CIRCULAR_DECRETO'!N33) -> 14152423 | J45: =IF(H45=0,"No se requiere",'[25]RESUMEN CIRCULAR_DECRETO'!Q33) -> 15092104 | K45: =IF(I45=0,"No se requiere",'[25]RESUMEN CIRCULAR_DECRETO'!T33) -> 15140839 | L45: =G45*F45 -> 64165770 | M45: =ROUND(L45*$I$35,0) -> 64165770 | N45: =H45*F45 -> 69619610 | O45: =ROUND(N45*$J$35,0) -> 452527465 | P45: =I45*F45 -> 70762115 | Q45: =ROUND(P45*$K$35,0) -> 389191633 | R45: =J45*F45 -> 75460520 | S45: =ROUND(R45*$L$35,0) -> 490493380 | T45: =K45*F45 -> 75704195 | U45: =ROUND(T45*$M$35,0) -> 416373073 | V45: =O45+M45+Q45+S45+U45 -> 1812751321
B46: 24 | C46: Lunes a Domingo | D46: Completa | E46: Medio Humano Con Arma | F46: 11 | G46: =IF(F46=0,"No se requiere",'[25]RESUMEN CIRCULAR_DECRETO'!H34) -> 13070805 | H46: =IF(F46=0,"No se requiere",'[25]RESUMEN CIRCULAR_DECRETO'!K34) -> 14181772 | I46: =IF(G46=0,"No se requiere",'[25]RESUMEN CIRCULAR_DECRETO'!N34) -> 14414505 | J46: =IF(H46=0,"No se requiere",'[25]RESUMEN CIRCULAR_DECRETO'!Q34) -> 15371587 | K46: =IF(I46=0,"No se requiere",'[25]RESUMEN CIRCULAR_DECRETO'!T34) -> 15421225 | L46: =G46*F46 -> 143778855 | M46: =ROUND(L46*$I$35,0) -> 143778855 | N46: =H46*F46 -> 155999492 | O46: =ROUND(N46*$J$35,0) -> 1013996698 | P46: =I46*F46 -> 158559555 | Q46: =ROUND(P46*$K$35,0) -> 872077553 | R46: =J46*F46 -> 169087457 | S46: =ROUND(R46*$L$35,0) -> 1099068471 | T46: =K46*F46 -> 169633475 | U46: =ROUND(T46*$M$35,0) -> 932984113 | V46: =O46+M46+Q46+S46+U46 -> 4061905690
B47: 24 | C47: Sabados, Domingos y Festivos | D47: Completa | E47: Medio Humano Con Arma | F47: 1 | G47: =IF(F47=0,"No se requiere",'[25]RESUMEN CIRCULAR_DECRETO'!H35) -> 4357339 | H47: =IF(F47=0,"No se requiere",'[25]RESUMEN CIRCULAR_DECRETO'!K35) -> 4727660 | I47: =IF(G47=0,"No se requiere",'[25]RESUMEN CIRCULAR_DECRETO'!N35) -> 4805238 | J47: =IF(H47=0,"No se requiere",'[25]RESUMEN CIRCULAR_DECRETO'!Q35) -> 5124265 | K47: =IF(I47=0,"No se requiere",'[25]RESUMEN CIRCULAR_DECRETO'!T35) -> 5140812 | L47: =G47*F47 -> 4357339 | M47: =ROUND(L47*$I$35,0) -> 4357339 | N47: =H47*F47 -> 4727660 | O47: =ROUND(N47*$J$35,0) -> 30729790 | P47: =I47*F47 -> 4805238 | Q47: =ROUND(P47*$K$35,0) -> 26428809 | R47: =J47*F47 -> 5124265 | S47: =ROUND(R47*$L$35,0) -> 33307723 | T47: =K47*F47 -> 5140812 | U47: =ROUND(T47*$M$35,0) -> 28274466 | V47: =O47+M47+Q47+S47+U47 -> 123098127
B48: 12 | C48: Lunes a Viernes sin Festivo | D48: Diurnas | E48: Medio Humano con Arma | F48: 1 | G48: =IF(F48=0,"No se requiere",'[25]RESUMEN CIRCULAR_DECRETO'!H36) -> 3902147 | H48: =IF(F48=0,"No se requiere",'[25]RESUMEN CIRCULAR_DECRETO'!K36) -> 4233778 | I48: =IF(G48=0,"No se requiere",'[25]RESUMEN CIRCULAR_DECRETO'!N36) -> 4303251 | J48: =IF(H48=0,"No se requiere",'[25]RESUMEN CIRCULAR_DECRETO'!Q36) -> 4588946 | K48: =IF(I48=0,"No se requiere",'[25]RESUMEN CIRCULAR_DECRETO'!T36) -> 4603763 | L48: =G48*F48 -> 3902147 | M48: =ROUND(L48*$I$35,0) -> 3902147 | N48: =H48*F48 -> 4233778 | O48: =ROUND(N48*$J$35,0) -> 27519557 | P48: =I48*F48 -> 4303251 | Q48: =ROUND(P48*$K$35,0) -> 23667881 | R48: =J48*F48 -> 4588946 | S48: =ROUND(R48*$L$35,0) -> 29828149 | T48: =K48*F48 -> 4603763 | U48: =ROUND(T48*$M$35,0) -> 25320697 | V48: =O48+M48+Q48+S48+U48 -> 110238431
B49: 12 | C49: Lunes a Viernes sin Festivo | D49: Nocturna (Nota 3) | E49: Medio Humano sin Arma | F49: 1 | G49: =IF(F49=0,"No se requiere",'[25]RESUMEN CIRCULAR_DECRETO'!H37) -> 4725029 | H49: =IF(F49=0,"No se requiere",'[25]RESUMEN CIRCULAR_DECRETO'!K37) -> 5126607 | I49: =IF(G49=0,"No se requiere",'[25]RESUMEN CIRCULAR_DECRETO'!N37) -> 5210731 | J49: =IF(H49=0,"No se requiere",'[25]RESUMEN CIRCULAR_DECRETO'!Q37) -> 5556684 | K49: =IF(I49=0,"No se requiere",'[25]RESUMEN CIRCULAR_DECRETO'!T37) -> 5574626 | L49: =G49*F49 -> 4725029 | M49: =ROUND(L49*$I$35,0) -> 4725029 | N49: =H49*F49 -> 5126607 | O49: =ROUND(N49*$J$35,0) -> 33322946 | P49: =I49*F49 -> 5210731 | Q49: =ROUND(P49*$K$35,0) -> 28659021 | R49: =J49*F49 -> 5556684 | S49: =ROUND(R49*$L$35,0) -> 36118446 | T49: =K49*F49 -> 5574626 | U49: =ROUND(T49*$M$35,0) -> 30660443 | V49: =O49+M49+Q49+S49+U49 -> 133485885
B50: 12 | C50: Lunes a Domingo | D50: Diurnas | E50: Medio Humano sin Arma | F50: 1 | G50: =IF(F50=0,"No se requiere",'[25]RESUMEN CIRCULAR_DECRETO'!H38) -> 5746501 | H50: =IF(F50=0,"No se requiere",'[25]RESUMEN CIRCULAR_DECRETO'!K38) -> 6234903 | I50: =IF(G50=0,"No se requiere",'[25]RESUMEN CIRCULAR_DECRETO'!N38) -> 6337216 | J50: =IF(H50=0,"No se requiere",'[25]RESUMEN CIRCULAR_DECRETO'!Q38) -> 6757968 | K50: =IF(I50=0,"No se requiere",'[25]RESUMEN CIRCULAR_DECRETO'!T38) -> 6779790 | L50: =G50*F50 -> 5746501 | M50: =ROUND(L50*$I$35,0) -> 5746501 | N50: =H50*F50 -> 6234903 | O50: =ROUND(N50*$J$35,0) -> 40526870 | P50: =I50*F50 -> 6337216 | Q50: =ROUND(P50*$K$35,0) -> 34854688 | R50: =J50*F50 -> 6757968 | S50: =ROUND(R50*$L$35,0) -> 43926792 | T50: =K50*F50 -> 6779790 | U50: =ROUND(T50*$M$35,0) -> 37288845 | V50: =O50+M50+Q50+S50+U50 -> 162343696
B51: SUBTOTAL SERVICIOS DE VIGILANCIA | V51: =SUM(V45:V50) -> 6403823150
B54: 2. Medios de comunicación, equipos, materiales y elementos necesarios para la prestación del servicio (Nota 4, 5 y 6)
B56: MEDIOS TECNOLÓGICOS, DE MONITOREO Y DE APOYO (Nota 4, 5 y 6) | F56: Equipos requeridos para Parques Arqueológicos de San Agustín, Alto de los Ídolos (Huila), Santa María de la Antigua del Darién (Chocó), Tierradentro (Cauca), Santa Marta (Magdalena), San José del Guaviare (Guaviare) y las sedes del ICANH ubicadas en la ciudad de Bogotá D.C
B57: # | C57: CATEGORÍA | D57: MEDIO | F57: Cantidad | G57: Precio Unitario Mensual Antes de IVA 2024 | H57: Precio Unitario Mensual Antes de IVA 2025 | I57: Precio Unitario Mensual Antes de IVA 2026 | J57: Valor mensual x cantidades 2024 | K57: Valor total del 1 de diciembre al 31 de diciembre de 2024 | L57: Valor mensual x cantidades 2025 | M57: Valor total del 1 de enero del 2025 al 31 de diciembre de 2025 | N57: Valor mensual x cantidades 2026 | O57: Valor total del 1 de enero del 2026 al 31 de diciembre de 2026 | P57: Valor total 1 de diciembre de 2024 al 31 de diciembre de 2026
B58: 1 | C58: EQUIPOS CCTV Y TV | D58: MONITOR 32" 1080P Señalización DIGITAL Android WIFI RJ45 SD32GB Incorporada INCL. Soporte Pared | F58: 8 | G58: 65087.937 | H58: 71596.73 | I58: 78756.403 | J58: =ROUND(G58*F58,0) -> 520703 | K58: =J58*$I$35 -> 520703 | L58: =ROUND(H58*F58,0) -> 572774 | M58: =L58*(SUM($J$35:$K$35)) -> 6873288 | N58: =ROUND(I58*F58,0) -> 630051 | O58: =N58*(SUM($L$35:$M$35)) -> 7560612 | P58: =K58+M58+O58 -> 14954603
B59: 2 | C59: EQUIPOS CCTV Y TV | D59: NVR (Para grabación continua, 32 CH H. 265 4CH @4K o 16CH @1080P hasta 12MP reproducción 16CH 8 SATA 2 HDMI 4K 2 RJ 45 1000 MBPS, Grabación las 24 horas del día, con capacidad de almacenamiento de 6 Teras Bytes). | E59: NVR (Para grabación continua, 32 CH H. 265 4CH @4K o 16CH @1080P hasta 12MP reproducción 16CH 8 SATA 2 HDMI 4K 2 RJ 45 1000 MBPS, Grabación las 24 horas del día, con capacidad de almacenamiento de 6 Teras Bytes). | F59: 8 | G59: 98571.429 | H59: 108428.57 | I59: 119271.43 | J59: =ROUND(G59*F59,0) -> 788571 | K59: =J59*$I$35 -> 788571 | L59: =ROUND(H59*F59,0) -> 867429 | M59: =L59*(SUM($J$35:$K$35)) -> 10409148 | N59: =ROUND(I59*F59,0) -> 954171 | O59: =N59*(SUM($L$35:$M$35)) -> 11450052 | P59: =K59+M59+O59 -> 22647771
B60: 3 | C60: EQUIPOS CCTV Y TV | D60: (Cámara IP tipo Bala Varifocal 2,8-12 MM 4 MP 120 dB WDR 30 MTS SD Hasta 128 Gb POE VCA).Incluye suministros e instalación (mano de obra) necesarios para el óptimo funcionamiento del circuito cerrado de televisión | E60: (Cámara IP tipo Bala Varifocal 2,8-12 MM 4 MP 120 dB WDR 30 MTS SD Hasta 128 Gb POE VCA).Incluye suministros e instalación (mano de obra) necesarios para el óptimo funcionamiento del circuito cerrado de televisión | F60: =36+5 -> 41 | G60: 35951.746 | H60: 39546.921 | I60: 43501.613 | J60: =ROUND(G60*F60,0) -> 1474022 | K60: =J60*$I$35 -> 1474022 | L60: =ROUND(H60*F60,0) -> 1621424 | M60: =L60*(SUM($J$35:$K$35)) -> 19457088 | N60: =ROUND(I60*F60,0) -> 1783566 | O60: =N60*(SUM($L$35:$M$35)) -> 21402792 | P60: =K60+M60+O60 -> 42333902
B61: 4 | C61: EQUIPOS CCTV Y TV | D61: (Cámara IP tipo Domo Varifocal 2,8-12 MM 4 MP 120 dB WDR 30 MTS SD Hasta 128 Gb POE VCA).Incluye suministros e instalación (mano de obra) necesarios para el óptimo funcionamiento del circuito cerrado de televisión | E61: (Cámara IP tipo Domo Varifocal 2,8-12 MM 4 MP 120 dB WDR 30 MTS SD Hasta 128 Gb POE VCA).Incluye suministros e instalación (mano de obra) necesarios para el óptimo funcionamiento del circuito cerrado de televisión | F61: =70+1 -> 71 | G61: 39371.905 | H61: 43309.095 | I61: 47640.005 | J61: =ROUND(G61*F61,0) -> 2795405 | K61: =J61*$I$35 -> 2795405 | L61: =ROUND(H61*F61,0) -> 3074946 | M61: =L61*(SUM($J$35:$K$35)) -> 36899352 | N61: =ROUND(I61*F61,0) -> 3382440 | O61: =N61*(SUM($L$35:$M$35)) -> 40589280 | P61: =K61+M61+O61 -> 80284037
B62: 5 | C62: EQUIPOS CCTV Y TV | D62: UPS 15 KVA 3 fases 208/120 V con autonomía de 20 minutos. Incluye suministros e instalación (mano de obra) necesarios para el óptimo funcionamiento | E62: UPS 15 KVA 3 fases 208/120 V con autonomía de 20 minutos. Incluye suministros e instalación (mano de obra) necesarios para el óptimo funcionamiento | F62: 4 | G62: 559166.67 | H62: 615083.33 | I62: 676591.67 | J62: =ROUND(G62*F62,0) -> 2236667 | K62: =J62*$I$35 -> 2236667 | L62: =ROUND(H62*F62,0) -> 2460333 | M62: =L62*(SUM($J$35:$K$35)) -> 29523996 | N62: =ROUND(I62*F62,0) -> 2706367 | O62: =N62*(SUM($L$35:$M$35)) -> 32476404 | P62: =K62+M62+O62 -> 64237067
B63: 6 | C63: EQUIPOS DE SISTEMA DE DETECCIÓN Y ALARMA | D63: Sensor humo fotoeléctrico Detectores de incendios automáticos. Incluye suministros e instalación (mano de obra) necesarios para el óptimo funcionamiento | F63: 34 | G63: 11920.635 | H63: 13112.698 | I63: 14423.968 | J63: =ROUND(G63*F63,0) -> 405302 | K63: =J63*$I$35 -> 405302 | L63: =ROUND(H63*F63,0) -> 445832 | M63: =L63*(SUM($J$35:$K$35)) -> 5349984 | N63: =ROUND(I63*F63,0) -> 490415 | O63: =N63*(SUM($L$35:$M$35)) -> 5884980 | P63: =K63+M63+O63 -> 11640266
B64: 7 | C64: EQUIPOS DE SISTEMA DE DETECCIÓN Y ALARMA | D64: Panel central de detección, Panel de control direccionales. Incluye suministros e instalación (mano de obra) necesarios para el óptimo funcionamiento | E64: CAMARAS IP - TIPO BALA | F64: 8 | G64: 94074.603 | H64: 103482.06 | I64: 113830.27 | J64: =ROUND(G64*F64,0) -> 752597 | K64: =J64*$I$35 -> 752597 | L64: =ROUND(H64*F64,0) -> 827857 | M64: =L64*(SUM($J$35:$K$35)) -> 9934284 | N64: =ROUND(I64*F64,0) -> 910642 | O64: =N64*(SUM($L$35:$M$35)) -> 10927704 | P64: =K64+M64+O64 -> 21614585
B65: 8 | C65: EQUIPOS DE SISTEMA DE DETECCIÓN Y ALARMA | D65: Sirena con estrobo. Incluye suministros e instalación (mano de obra) necesarios para el óptimo funcionamiento | E65: JOISTYCK PARA CONTROL DE CÁMARAS DOMO PTZ | F65: 7 | G65: 11174.603 | H65: 12292.063 | I65: 13521.27 | J65: =ROUND(G65*F65,0) -> 78222 | K65: =J65*$I$35 -> 78222 | L65: =ROUND(H65*F65,0) -> 86044 | M65: =L65*(SUM($J$35:$K$35)) -> 1032528 | N65: =ROUND(I65*F65,0) -> 94649 | O65: =N65*(SUM($L$35:$M$35)) -> 1135788 | P65: =K65+M65+O65 -> 2246538
B66: 9 | C66: EQUIPOS DE SISTEMA DE DETECCIÓN Y ALARMA | D66: Estación manual de alarma. Incluye suministros e instalación (mano de obra) necesarios para el óptimo funcionamiento | E66: MONITOR DE 24" PARA CIRCUITO CERRADO DE TELEVISIÓN | F66: 9 | G66: 8865.0794 | H66: 9751.5873 | I66: 10726.746 | J66: =ROUND(G66*F66,0) -> 79786 | K66: =J66*$I$35 -> 79786 | L66: =ROUND(H66*F66,0) -> 87764 | M66: =L66*(SUM($J$35:$K$35)) -> 1053168 | N66: =ROUND(I66*F66,0) -> 96541 | O66: =N66*(SUM($L$35:$M$35)) -> 1158492 | P66: =K66+M66+O66 -> 2291446
B67: 10 | C67: EQUIPOS DE SISTEMA DE DETECCIÓN Y ALARMA | D67: Modulo indicador. Incluye suministros e instalación (mano de obra) necesarios para el óptimo funcionamiento | E67: MONITOR DE 24" PARA CIRCUITO CERRADO DE TELEVISIÓN | F67: 8 | G67: 28150.794 | H67: 30965.873 | I67: 34062.46 | J67: =ROUND(G67*F67,0) -> 225206 | K67: =J67*$I$35 -> 225206 | L67: =ROUND(H67*F67,0) -> 247727 | M67: =L67*(SUM($J$35:$K$35)) -> 2972724 | N67: =ROUND(I67*F67,0) -> 272500 | O67: =N67*(SUM($L$35:$M$35)) -> 3270000 | P67: =K67+M67+O67 -> 6467930
B68: 11 | C68: EQUIPOS DE SISTEMA DE DETECCIÓN Y ALARMA | D68: Sensor de intrusión tipo interior. Incluye suministros e instalación (mano de obra) necesarios para el óptimo funcionamiento | E68: MONITOR DE 24" PARA CIRCUITO CERRADO DE TELEVISIÓN | F68: 77 | G68: 5952.381 | H68: 6547.619 | I68: 7202.381 | J68: =ROUND(G68*F68,0) -> 458333 | K68: =J68*$I$35 -> 458333 | L68: =ROUND(H68*F68,0) -> 504167 | M68: =L68*(SUM($J$35:$K$35)) -> 6050004 | N68: =ROUND(I68*F68,0) -> 554583 | O68: =N68*(SUM($L$35:$M$35)) -> 6654996 | P68: =K68+M68+O68 -> 13163333
B69: 12 | C69: EQUIPOS DE SISTEMA DE DETECCIÓN Y ALARMA | D69: Sensor de intrusión tipo exterior. Incluye suministros e instalación (mano de obra) necesarios para el óptimo funcionamiento | E69: DISPOSITIVO DE GRABACIÓN DE RED (NVR) | F69: 17 | G69: 22706.349 | H69: 24976.984 | I69: 27474.683 | J69: =ROUND(G69*F69,0) -> 386008 | K69: =J69*$I$35 -> 386008 | L69: =ROUND(H69*F69,0) -> 424609 | M69: =L69*(SUM($J$35:$K$35)) -> 5095308 | N69: =ROUND(I69*F69,0) -> 467070 | O69: =N69*(SUM($L$35:$M$35)) -> 5604840 | P69: =K69+M69+O69 -> 11086156
B70: 13 | C70: EQUIPOS DE SISTEMA DE DETECCIÓN Y ALARMA | D70: Detector rayo fotoelectrico exterior par receptor-emisor incluye suministros e instalación (mano de obra) necesarios para el óptimo funcionamiento | E70: UPS 3KVA | F70: 12 | G70: 22491.111 | H70: 24740.222 | I70: 27214.244 | J70: =ROUND(G70*F70,0) -> 269893 | K70: =J70*$I$35 -> 269893 | L70: =ROUND(H70*F70,0) -> 296883 | M70: =L70*(SUM($J$35:$K$35)) -> 3562596 | N70: =ROUND(I70*F70,0) -> 326571 | O70: =N70*(SUM($L$35:$M$35)) -> 3918852 | P70: =K70+M70+O70 -> 7751341
B71: 14 | C71: EQUIPOS DE SISTEMA DE DETECCIÓN Y ALARMA | D71: Sensor de contacto magenitico (mano de obra) necesarios para el óptimo funcionamiento | E71: BOTON DE PANICO | F71: 14 | G71: 3984.127 | H71: 4382.5397 | I71: 4820.7937 | J71: =ROUND(G71*F71,0) -> 55778 | K71: =J71*$I$35 -> 55778 | L71: =ROUND(H71*F71,0) -> 61356 | M71: =L71*(SUM($J$35:$K$35)) -> 736272 | N71: =ROUND(I71*F71,0) -> 67491 | O71: =N71*(SUM($L$35:$M$35)) -> 809892 | P71: =K71+M71+O71 -> 1601942
B72: 15 | C72: EQUIPOS DE SISTEMA DE DETECCIÓN Y ALARMA | D72: Sensor de rotura de vidrio, Incluye suministros e instalación (mano de obra) necesarios para el óptimo funcionamiento | E72: Cilindro de Descarga | F72: 1 | G72: 7706.3492 | H72: 8476.9841 | I72: 9324.6825 | J72: =ROUND(G72*F72,0) -> 7706 | K72: =J72*$I$35 -> 7706 | L72: =ROUND(H72*F72,0) -> 8477 | M72: =L72*(SUM($J$35:$K$35)) -> 101724 | N72: =ROUND(I72*F72,0) -> 9325 | O72: =N72*(SUM($L$35:$M$35)) -> 111900 | P72: =K72+M72+O72 -> 221330
B73: 16 | C73: EQUIPOS DE SISTEMA DE DETECCIÓN Y ALARMA | D73: Kit antena antihurto radiofrecuencia con fuente de poder (antena trasmisora TX, antena receptora RX) detección entre antenas 1,20 para adhesivos. Incluye suministro e instalación (mano de obra) necesarios para el óptimo funcionamiento | E73: Espejos Concavos para inspección Vehicular | F73: 3 | G73: 157142.86 | H73: 172857.14 | I73: 190142.86 | J73: =ROUND(G73*F73,0) -> 471429 | K73: =J73*$I$35 -> 471429 | L73: =ROUND(H73*F73,0) -> 518571 | M73: =L73*(SUM($J$35:$K$35)) -> 6222852 | N73: =ROUND(I73*F73,0) -> 570429 | O73: =N73*(SUM($L$35:$M$35)) -> 6845148 | P73: =K73+M73+O73 -> 13539429
B74: 17 | C74: EQUIPOS Y SISTEMA DE CONTROL DE ACCESO | D74: Sistema de control de acceso biométrico (huella) con software de respaldo. | F74: 5 | G74: 46793.333 | H74: 51472.667 | I74: 56619.933 | J74: =ROUND(G74*F74,0) -> 233967 | K74: =J74*$I$35 -> 233967 | L74: =ROUND(H74*F74,0) -> 257363 | M74: =L74*(SUM($J$35:$K$35)) -> 3088356 | N74: =ROUND(I74*F74,0) -> 283100 | O74: =N74*(SUM($L$35:$M$35)) -> 3397200 | P74: =K74+M74+O74 -> 6719523
B75: 18 | C75: EQUIPOS Y SISTEMA DE CONTROL DE ACCESO | D75: Puntos de control electrónico de rondas en los sitios donde la entidad lo requiera, para verificar el correcto cumplimiento de las funciones de supervisión | E75: Puntos de control electrónico de rondas en los sitios donde la entidad lo requiera, para verificar el correcto cumplimiento de las funciones de supervisión | F75: 34 | G75: 49682.54 | H75: 54650.794 | I75: 60115.873 | J75: =ROUND(G75*F75,0) -> 1689206 | K75: =J75*$I$35 -> 1689206 | L75: =ROUND(H75*F75,0) -> 1858127 | M75: =L75*(SUM($J$35:$K$35)) -> 22297524 | N75: =ROUND(I75*F75,0) -> 2043940 | O75: =N75*(SUM($L$35:$M$35)) -> 24527280 | P75: =K75+M75+O75 -> 48514010
B76: 19 | C76: EQUIPOS DE COMUNICACIÓN | D76: Radio teléfono para comunicación con alcance mínimo de 4 kms (punto a punto) especificando marca y modelo Debe garantizar la comunicación oportuna y estable en cada uno de los puestos. | F76: 22 | G76: 76984.127 | H76: 84682.54 | I76: 93150.794 | J76: =ROUND(G76*F76,0) -> 1693651 | K76: =J76*$I$35 -> 1693651 | L76: =ROUND(H76*F76,0) -> 1863016 | M76: =L76*(SUM($J$35:$K$35)) -> 22356192 | N76: =ROUND(I76*F76,0) -> 2049317 | O76: =N76*(SUM($L$35:$M$35)) -> 24591804 | P76: =K76+M76+O76 -> 48641647
B77: 20 | C77: EQUIPOS DE COMUNICACIÓN | D77: Radio de base, no inferior a 10 watts con su respectiva antena por cada municipio donde se presta el servicio. | E77: Radio de base, no inferior a 10 watts con su respectiva antena por cada municipio donde se presta el servicio. | F77: 8 | G77: 77428.571 | H77: 85171.429 | I77: 93688.571 | J77: =ROUND(G77*F77,0) -> 619429 | K77: =J77*$I$35 -> 619429 | L77: =ROUND(H77*F77,0) -> 681371 | M77: =L77*(SUM($J$35:$K$35)) -> 8176452 | N77: =ROUND(I77*F77,0) -> 749509 | O77: =N77*(SUM($L$35:$M$35)) -> 8994108 | P77: =K77+M77+O77 -> 17789989
B78: 21 | C78: EQUIPOS DE COMUNICACIÓN | D78: Lámpara-linterna tipo led reflector de emergencia sin conexión eléctrica (recargable o con batería de repuesto) | E78: Lámpara-linterna tipo led reflector de emergencia sin conexión eléctrica (recargable o con batería de repuesto) | F78: 15 | G78: 12539.683 | H78: 13793.651 | I78: 15173.016 | J78: =ROUND(G78*F78,0) -> 188095 | K78: =J78*$I$35 -> 188095 | L78: =ROUND(H78*F78,0) -> 206905 | M78: =L78*(SUM($J$35:$K$35)) -> 2482860 | N78: =ROUND(I78*F78,0) -> 227595 | O78: =N78*(SUM($L$35:$M$35)) -> 2731140 | P78: =K78+M78+O78 -> 5402095
B79: 22 | C79: EQUIPOS DE COMUNICACIÓN | D79: Detector de metales manual convencional (Tipo detector de metales recargable) y batería. | E79: Detector de metales manual convencional (Tipo detector de metales recargable) y batería. | F79: 9 | G79: 15476.19 | H79: 17023.81 | I79: 18726.19 | J79: =ROUND(G79*F79,0) -> 139286 | K79: =J79*$I$35 -> 139286 | L79: =ROUND(H79*F79,0) -> 153214 | M79: =L79*(SUM($J$35:$K$35)) -> 1838568 | N79: =ROUND(I79*F79,0) -> 168536 | O79: =N79*(SUM($L$35:$M$35)) -> 2022432 | P79: =K79+M79+O79 -> 4000286
B80: 23 | C80: EQUIPOS DE COMUNICACIÓN | D80: Smart phone con comunicación mediante minutos y datos en el operador local de mejor receptividad | F80: 1 | G80: 64285.714 | H80: 70714.286 | I80: 77785.714 | J80: =ROUND(G80*F80,0) -> 64286 | K80: =J80*$I$35 -> 64286 | L80: =ROUND(H80*F80,0) -> 70714 | M80: =L80*(SUM($J$35:$K$35)) -> 848568 | N80: =ROUND(I80*F80,0) -> 77786 | O80: =N80*(SUM($L$35:$M$35)) -> 933432 | P80: =K80+M80+O80 -> 1846286
B81: SUBTOTAL MEDIOS TECNOLÓGICOS, DE MONITOREO Y DE APOYO | P81: =SUM(P58:P80) -> 448995512
G82: =SUM(G58:G80) -> 1515508.7 | H82: =SUM(H58:H80) -> 1667059.6 | I82: =SUM(I58:I80) -> 1833765.6
B83: 3. CALCULO DEL PRESUPUESTO
B85: RESUMEN PRESUPUESTO
B87: COMPONENTE | E87: AÑO 2024
B88: SERVICIOS DE VIGILANCIA | E88: =SUM(V45:V50) -> 6403823150
B89: MEDIOS TECNOLÓGICOS, DE MONITOREO Y DE APOYO | E89: =SUM(P58:P80) -> 448995512
B90: SUBTOTAL | E90: =E88+E89 -> 6852818662
B91: A.I.U (Nota 7) | D91: 0.1 | E91: =ROUND((E90)*D91,0) -> 685281866
B92: IVA | D92: 0.19 | E92: =ROUND(E91*D92,0) -> 130203555
B93: TOTAL CONTRATO IVA INCLUIDO (Nota 8) | E93: =E90+E92 -> 6983022217
B96: La presente cotización:
B97: • Se remite como parte del estudio de mercado, previo a la contratación, y no implica ninguna obligación de contratar. • El Icanh no se hace responsable de ningún costo directo o indirecto en que incurra el potencial proveedor para presentar la actual cotización, dado que se recibe de buena fe, como fuente de información de precios de referencia del mercado para el estudio de sector. • Tiene una vigencia de 180 días a partir de la fecha de diligenciamiento.
B98: Inscripción en el Registro Único de Proponentes: Las personas naturales y jurídicas, nacionales o extranjeras, con domicilio en Colombia, interesadas en participar en procesos de contratación convocados por las entidades estatales, deben estar inscritas en el RUP, salvo las excepciones previstas de forma taxativa en la ley (Artículo 2.2.1.1.1.5.1 del Decreto 1082 de 2015). Se aclara que esta inscripción no se requiere para remitir cotización durante el estudio de sector.

Sheet 5 Squadra
B2: SOLICITUD DE COTIZACIÓN | L2: CLASIFICACIÓN DE LA INFORMACIÓN PÚBLICA
B6: SOLICITUD DE COTIZACIÓN
B7: Denominación del Bien o Servicio | D7: Contratar la prestación del servicio integral de vigilancia y seguridad privada para la protección de los bienes y las sedes del ICANH ubicadas a nivel nacional.
B8: Empresa: | C8: SQUADRA SEGURIDAD LTDA | E8: Ciudad | F8: PUERTO BOYACA | G8: Nit: | H8: 900431565-3% | I8: Nombres y apellidos persona de contacto: | K8: MARTHA LUCIA GOMEZ
B9: E-Mail: | C9: financierasquadra@gmail.com | F9: Cargo: | G9: GERENTE | I9: Tel. celular: | J9: 31652940 | K9: Fecha: | L9: 45505
B13: • Por favor diligenciar solo las celdas en AMARILLO. • Revisar todos los requerimientos que se exponen en el documento "Ficha técnica de condiciones esenciales para la Prestación del Servicio y/o Entrega del Bien" (FCT) ; y formular su cotización en concordancia con este, garantizando que los bienes y/o servicios ofrecidos cumplan en su totalidad con las especificaciones técnicas descritas en la FCT. • El precio de la cotización deber ser expresado en PESOS COLOMBIANOS. • Los precios deberán aproximarse por exceso o por defecto al entero más cercano así: (i) si es igual o superior a 50 centavos, se aproxima al entero siguiente; (ii) si es inferior a 50 centavos se baja al entero anterior. • No modificar, agregar o quitar ningún ítem o sub-ítem. • Los precios cotizados deben corresponder al año 2024, 2025 y 2026
B15: Notas: SE DEBE DILIGENCIAR LA HOJA "FORMATO_COTIZACIÓN". (1) La pregunta 3 de la Hoja "FORMATO_COTIZACION" es obligatoria, debido a que los datos del valor de la prima allí solicitados se requieren para realizar la proyección del presupuesto, por favor diligenciar los valores para los años 2024, 2025 y 2026. Tener en cuenta que la Administración y Supervisión de la Prima de seguro se está calculando en la hoja "RESUMEN CIRCULAR_DECRETO". Las preguntas restantes son de carácter informativo. (2) Tener en cuenta para cotizar que el plazo de ejecución es estimado y podrá ser inferior. (3) Para el servicio de 12 horas nocturno se contemplan para los cálculos 9 horas del horario nocturno y 3 del horario diurno. (4) Las cantidades de servicios y equipos requeridos son estimadas y podrán variar en ejecución del contrato de acuerdo con las necesidades para la prestación del servicio de la Entidad y de acuerdo con el resultado del Estudio de Seguridad que se realice. (5) El detalle de los lugares para la prestación del servicio de vigilancia y la distribución de los equipos se detalla en la ficha técnica. (6) Los precios cotizados para los medios tecnológicos y de apoyo deberán incluir costos de instalación, operación, traslado y/o reubicación, mantenimiento preventivo y correctivo. (7) En el artículo 462-1 "Base gravable especial" del Estatuto Tributario, se indica que los servicios de vigilancia prestados por entidades autorizadas por la SuperVigilancia, generan IVA sobre el valor del componente AIU (Administración, imprevistos y utilidad) que se pacte en cada contrato. La misma norma indica que ese AIU no puede ser inferior al 10% del valor total del contrato. El A.I.U servirá para establecer la base gravable del cálculo del IVA. (8) Si remite su cotización mediante el módulo de Solicitud de información a proveedores de la plataforma SECOP II, en la respuesta a la pregunta 1 debe incluir el total del presupuesto, que corresponde a la Celda E93 y como respuesta a la pregunta 2 deberá subir el presente formato completamente diligenciado.
B17: PREGUNTAS (Nota 1)
B20: 1 | C20: ¿Qué tipo de Organización es? | F20: EMPRESA
B21: 2 | C21: Si es Cooperativa, indique qué descuento podría ofrecer sobre el valor de la tarifa.
B23: 3 (Nota 1) | C23: TURNOS DE VIGILANCIA REQUERIDOS POR EL ICANH | G23: Valor de la prima del seguro de vida según servicios | H23: Valor de la prima del seguro de vida según servicios | I23: Valor de la prima del seguro de vida según servicios
C24: Horas requeridas | D24: Días | E24: Jornada | F24: Tipo de Servicio | G24: 2024 | H24: 2025 | I24: 2026
C25: 24 | D25: Lunes a Domingo | E25: Completa | F25: Medio Humano sin Arma | G25: 36000 | H25: 39060 | I25: 41637.96
C26: 24 | D26: Lunes a Domingo | E26: Completa | F26: Medio Humano Con Arma | G26: 36000 | H26: 39060 | I26: 41637.96
C27: 24 | D27: Sabados, Domingos y Festivos | E27: Completa | F27: Medio Humano Con Arma | G27: 36000 | H27: 39060 | I27: 41637.96
C28: 12 | D28: Lunes a Viernes sin Festivo | E28: Diurnas | F28: Medio Humano con Arma | G28: 24000 | H28: 26040 | I28: 27758.64
C29: 12 | D29: Lunes a Viernes sin Festivo | E29: Nocturna (Nota 3) | F29: Medio Humano sin Arma | G29: 24000 | H29: 26040 | I29: 27758.64
C30: 12 | D30: Lunes a Domingo | E30: Diurnas | F30: Medio Humano sin Arma | G30: 24000 | H30: 26040 | I30: 27758.64
G31: =SUM(G25:G30) -> 180000 | H31: =SUM(H25:H30) -> 195300 | I31: =SUM(I25:I30) -> 208189.8
B32: PLAZO ESTIMADO DE EJECUCIÓN
H34: TOTAL 1 de diciembre de 2024 al 31 de diciembre de 2026 | I34: Del 1 de diciembre al 31 de diciembre de 2024 | J34: Del 1 de enero de 2025 al 14 de julio de 2025 | K34: Del 15 de julio de 2025 al 31 de diciembre de 2025 | L34: Del 1 de enero de 2026 al 14 de julio de 2026 | M34: Del 15 de julio de 2026 al 31 de diciembre de 2026
F35: Tiempo estimado de ejecución (Notas 2 y 7) | H35: =SUM(I35:M35) -> 25 | I35: 1 | J35: 6.5 | K35: 5.5 | L35: 6.5 | M35: 5.5
F36: Salario Mínimo Mensual Legal Vigente | H36: - | I36: ='[26]RESUMEN CIRCULAR_DECRETO'!N26 -> 1300000 | J36: ='[26]RESUMEN CIRCULAR_DECRETO'!N27 -> 1410500 | K36: ='[26]RESUMEN CIRCULAR_DECRETO'!N27 -> 1410500 | L36: ='[26]RESUMEN CIRCULAR_DECRETO'!N28 -> 1504157.2 | M36: ='[26]RESUMEN CIRCULAR_DECRETO'!N28 -> 1504157.2
B38: SERVICIOS DE VIGILANCIA Y MEDIOS TECNOLÓGICOS, DE MONITOREO Y DE APOYO REQUERIDOS POR EL ICANH (Nota 4 y 5)
B41: 1. SERVICIOS DE VIGILANCIA REQUERIDOS POR EL ICANH
B43: SERVICIOS INCLUIDO EN LA CIRCULAR EXTERNA 20221300000675 DEL 29 DE DICIEMBRE DE 2022 | F43: Servicios requeridos para Parques Arqueológicos de San Agustín, Alto de los Ídolos (Huila), Santa María de la Antigua del Darién (Chocó), Tierradentro (Cauca), Santa Marta (Magdalena), San José del Guaviare (Guaviare) y las sedes del ICANH ubicadas en la ciudad de Bogotá D.C | L43: Del 1 de diciembre de 2024 al 31 de diciembre de 2024 | N43: Del 1 de enero de 2025 al 14 de julio de 2025 | P43: Del 15 de julio de 2025 al 31 de diciembre de 2025 | R43: Del 1 de enero de 2026 al 14 de julio de 2026 | T43: Del 15 de julio de 2026 al 31 de diciembre de 2026 | V43: TOTAL 1 de diciembre de 2024 al 31 de diciembre de 2026
B44: Horas requeridas | C44: Días | D44: Jornada | E44: Tipo de Servicio | F44: Cantidad | G44: Valor total turno mes a partir del 15 de julio de 2024 al 31 de diciembre de 2024 Mes Completo | H44: Valor total turno mes a partir del 1 de enero de 2025 al 14 de julio de 2025 Mes Completo | I44: Valor total turno mes a partir del 15 de Julio de 2025 al 31 de diciembre de 2025 Mes Completo | J44: Valor total turno mes a partir del 1 de enero de 2026 al 14 de julio de 2026 Mes Completo | K44: Valor total turno mes a partir del 15 de Julio de 2026 al 31 de diciembre de 2026 Mes Completo | L44: Valor mensual servicio | M44: Valor total | N44: Valor mensual servicio | O44: Valor total | P44: Valor mensual servicio | Q44: Valor total | R44: Valor mensual servicio | S44: Valor total | T44: Valor mensual servicio | U44: Valor total | V44: Valor total (25 MESES)
B45: 24 | C45: Lunes a Domingo | D45: Completa | E45: Medio Humano sin Arma | F45: 5 | G45: =IF(F45=0,"No se requiere",'[26]RESUMEN CIRCULAR_DECRETO'!H33) -> 12871440 | H45: =IF(F45=0,"No se requiere",'[26]RESUMEN CIRCULAR_DECRETO'!K33) -> 13965512 | I45: =IF(G45=0,"No se requiere",'[26]RESUMEN CIRCULAR_DECRETO'!N33) -> 14194013 | J45: =IF(H45=0,"No se requiere",'[26]RESUMEN CIRCULAR_DECRETO'!Q33) -> 15136479 | K45: =IF(I45=0,"No se requiere",'[26]RESUMEN CIRCULAR_DECRETO'!T33) -> 15185214 | L45: =G45*F45 -> 64357200 | M45: =ROUND(L45*$I$35,0) -> 64357200 | N45: =H45*F45 -> 69827560 | O45: =ROUND(N45*$J$35,0) -> 453879140 | P45: =I45*F45 -> 70970065 | Q45: =ROUND(P45*$K$35,0) -> 390335358 | R45: =J45*F45 -> 75682395 | S45: =ROUND(R45*$L$35,0) -> 491935566 | T45: =K45*F45 -> 75926070 | U45: =ROUND(T45*$M$35,0) -> 417593384 | V45: =O45+M45+Q45+S45+U45 -> 1818100648
B46: 24 | C46: Lunes a Domingo | D46: Completa | E46: Medio Humano Con Arma | F46: 11 | G46: =IF(F46=0,"No se requiere",'[26]RESUMEN CIRCULAR_DECRETO'!H34) -> 13109800 | H46: =IF(F46=0,"No se requiere",'[26]RESUMEN CIRCULAR_DECRETO'!K34) -> 14224133 | I46: =IF(G46=0,"No se requiere",'[26]RESUMEN CIRCULAR_DECRETO'!N34) -> 14456866 | J46: =IF(H46=0,"No se requiere",'[26]RESUMEN CIRCULAR_DECRETO'!Q34) -> 15416784 | K46: =IF(I46=0,"No se requiere",'[26]RESUMEN CIRCULAR_DECRETO'!T34) -> 15466421 | L46: =G46*F46 -> 144207800 | M46: =ROUND(L46*$I$35,0) -> 144207800 | N46: =H46*F46 -> 156465463 | O46: =ROUND(N46*$J$35,0) -> 1017025510 | P46: =I46*F46 -> 159025526 | Q46: =ROUND(P46*$K$35,0) -> 874640393 | R46: =J46*F46 -> 1.6958462e+08 | S46: =ROUND(R46*$L$35,0) -> 1102300053 | T46: =K46*F46 -> 1.7013063e+08 | U46: =ROUND(T46*$M$35,0) -> 935718468 | V46: =O46+M46+Q46+S46+U46 -> 4073892224
B47: 24 | C47: Sabados, Domingos y Festivos | D47: Completa | E47: Medio Humano Con Arma | F47: 1 | G47: =IF(F47=0,"No se requiere",'[26]RESUMEN CIRCULAR_DECRETO'!H35) -> 4396334 | H47: =IF(F47=0,"No se requiere",'[26]RESUMEN CIRCULAR_DECRETO'!K35) -> 4770021 | I47: =IF(G47=0,"No se requiere",'[26]RESUMEN CIRCULAR_DECRETO'!N35) -> 4847599 | J47: =IF(H47=0,"No se requiere",'[26]RESUMEN CIRCULAR_DECRETO'!Q35) -> 5169462 | K47: =IF(I47=0,"No se requiere",'[26]RESUMEN CIRCULAR_DECRETO'!T35) -> 5186008 | L47: =G47*F47 -> 4396334 | M47: =ROUND(L47*$I$35,0) -> 4396334 | N47: =H47*F47 -> 4770021 | O47: =ROUND(N47*$J$35,0) -> 31005137 | P47: =I47*F47 -> 4847599 | Q47: =ROUND(P47*$K$35,0) -> 26661795 | R47: =J47*F47 -> 5169462 | S47: =ROUND(R47*$L$35,0) -> 33601503 | T47: =K47*F47 -> 5186008 | U47: =ROUND(T47*$M$35,0) -> 28523044 | V47: =O47+M47+Q47+S47+U47 -> 124187813
B48: 12 | C48: Lunes a Viernes sin Festivo | D48: Diurnas | E48: Medio Humano con Arma | F48: 1 | G48: =IF(F48=0,"No se requiere",'[26]RESUMEN CIRCULAR_DECRETO'!H36) -> 3927942 | H48: =IF(F48=0,"No se requiere",'[26]RESUMEN CIRCULAR_DECRETO'!K36) -> 4261817 | I48: =IF(G48=0,"No se requiere",'[26]RESUMEN CIRCULAR_DECRETO'!N36) -> 4331290 | J48: =IF(H48=0,"No se requiere",'[26]RESUMEN CIRCULAR_DECRETO'!Q36) -> 4618875.6 | K48: =IF(I48=0,"No se requiere",'[26]RESUMEN CIRCULAR_DECRETO'!T36) -> 4633692.6 | L48: =G48*F48 -> 3927942 | M48: =ROUND(L48*$I$35,0) -> 3927942 | N48: =H48*F48 -> 4261817 | O48: =ROUND(N48*$J$35,0) -> 27701811 | P48: =I48*F48 -> 4331290 | Q48: =ROUND(P48*$K$35,0) -> 23822095 | R48: =J48*F48 -> 4618875.6 | S48: =ROUND(R48*$L$35,0) -> 30022692 | T48: =K48*F48 -> 4633692.6 | U48: =ROUND(T48*$M$35,0) -> 25485310 | V48: =O48+M48+Q48+S48+U48 -> 110959850
B49: 12 | C49: Lunes a Viernes sin Festivo | D49: Nocturna (Nota 3) | E49: Medio Humano sin Arma | F49: 1 | G49: =IF(F49=0,"No se requiere",'[26]RESUMEN CIRCULAR_DECRETO'!H37) -> 4750355 | H49: =IF(F49=0,"No se requiere",'[26]RESUMEN CIRCULAR_DECRETO'!K37) -> 5154136 | I49: =IF(G49=0,"No se requiere",'[26]RESUMEN CIRCULAR_DECRETO'!N37) -> 5238260 | J49: =IF(H49=0,"No se requiere",'[26]RESUMEN CIRCULAR_DECRETO'!Q37) -> 5586069.6 | K49: =IF(I49=0,"No se requiere",'[26]RESUMEN CIRCULAR_DECRETO'!T37) -> 5604011.6 | L49: =G49*F49 -> 4750355 | M49: =ROUND(L49*$I$35,0) -> 4750355 | N49: =H49*F49 -> 5154136 | O49: =ROUND(N49*$J$35,0) -> 33501884 | P49: =I49*F49 -> 5238260 | Q49: =ROUND(P49*$K$35,0) -> 28810430 | R49: =J49*F49 -> 5586069.6 | S49: =ROUND(R49*$L$35,0) -> 36309453 | T49: =K49*F49 -> 5604011.6 | U49: =ROUND(T49*$M$35,0) -> 30822064 | V49: =O49+M49+Q49+S49+U49 -> 134194186
B50: 12 | C50: Lunes a Domingo | D50: Diurnas | E50: Medio Humano sin Arma | F50: 1 | G50: =IF(F50=0,"No se requiere",'[26]RESUMEN CIRCULAR_DECRETO'!H38) -> 5771827 | H50: =IF(F50=0,"No se requiere",'[26]RESUMEN CIRCULAR_DECRETO'!K38) -> 6262432 | I50: =IF(G50=0,"No se requiere",'[26]RESUMEN CIRCULAR_DECRETO'!N38) -> 6364746 | J50: =IF(H50=0,"No se requiere",'[26]RESUMEN CIRCULAR_DECRETO'!Q38) -> 6787353.6 | K50: =IF(I50=0,"No se requiere",'[26]RESUMEN CIRCULAR_DECRETO'!T38) -> 6809174.6 | L50: =G50*F50 -> 5771827 | M50: =ROUND(L50*$I$35,0) -> 5771827 | N50: =H50*F50 -> 6262432 | O50: =ROUND(N50*$J$35,0) -> 40705808 | P50: =I50*F50 -> 6364746 | Q50: =ROUND(P50*$K$35,0) -> 35006103 | R50: =J50*F50 -> 6787353.6 | S50: =ROUND(R50*$L$35,0) -> 44117799 | T50: =K50*F50 -> 6809174.6 | U50: =ROUND(T50*$M$35,0) -> 37450461 | V50: =O50+M50+Q50+S50+U50 -> 163051998
B51: SUBTOTAL SERVICIOS DE VIGILANCIA | V51: =SUM(V45:V50) -> 6424386719
B54: 2. Medios de comunicación, equipos, materiales y elementos necesarios para la prestación del servicio (Nota 4, 5 y 6)
B56: MEDIOS TECNOLÓGICOS, DE MONITOREO Y DE APOYO (Nota 4, 5 y 6) | F56: Equipos requeridos para Parques Arqueológicos de San Agustín, Alto de los Ídolos (Huila), Santa María de la Antigua del Darién (Chocó), Tierradentro (Cauca), Santa Marta (Magdalena), San José del Guaviare (Guaviare) y las sedes del ICANH ubicadas en la ciudad de Bogotá D.C
B57: # | C57: CATEGORÍA | D57: MEDIO | F57: Cantidad | G57: Precio Unitario Mensual Antes de IVA 2024 | H57: Precio Unitario Mensual Antes de IVA 2025 | I57: Precio Unitario Mensual Antes de IVA 2026 | J57: Valor mensual x cantidades 2024 | K57: Valor total del 1 de diciembre al 31 de diciembre de 2024 | L57: Valor mensual x cantidades 2025 | M57: Valor total del 1 de enero del 2025 al 31 de diciembre de 2025 | N57: Valor mensual x cantidades 2026 | O57: Valor total del 1 de enero del 2026 al 31 de diciembre de 2026 | P57: Valor total 1 de diciembre de 2024 al 31 de diciembre de 2026
B58: 1 | C58: EQUIPOS CCTV Y TV | D58: MONITOR 32" 1080P Señalización DIGITAL Android WIFI RJ45 SD32GB Incorporada INCL. Soporte Pared | F58: 8 | G58: 1113445 | H58: 1224789.5 | I58: 1347268.5 | J58: =ROUND(G58*F58,0) -> 8907560 | K58: =J58*$I$35 -> 8907560 | L58: =ROUND(H58*F58,0) -> 9798316 | M58: =L58*(SUM($J$35:$K$35)) -> 117579792 | N58: =ROUND(I58*F58,0) -> 10778148 | O58: =N58*(SUM($L$35:$M$35)) -> 129337776 | P58: =K58+M58+O58 -> 255825128
B59: 2 | C59: EQUIPOS CCTV Y TV | D59: NVR (Para grabación continua, 32 CH H. 265 4CH @4K o 16CH @1080P hasta 12MP reproducción 16CH 8 SATA 2 HDMI 4K 2 RJ 45 1000 MBPS, Grabación las 24 horas del día, con capacidad de almacenamiento de 6 Teras Bytes). | E59: NVR (Para grabación continua, 32 CH H. 265 4CH @4K o 16CH @1080P hasta 12MP reproducción 16CH 8 SATA 2 HDMI 4K 2 RJ 45 1000 MBPS, Grabación las 24 horas del día, con capacidad de almacenamiento de 6 Teras Bytes). | F59: 8 | G59: 2857731 | H59: 3143504.1 | I59: 3457854.5 | J59: =ROUND(G59*F59,0) -> 22861848 | K59: =J59*$I$35 -> 22861848 | L59: =ROUND(H59*F59,0) -> 25148033 | M59: =L59*(SUM($J$35:$K$35)) -> 301776396 | N59: =ROUND(I59*F59,0) -> 27662836 | O59: =N59*(SUM($L$35:$M$35)) -> 331954032 | P59: =K59+M59+O59 -> 656592276
B60: 3 | C60: EQUIPOS CCTV Y TV | D60: (Cámara IP tipo Bala Varifocal 2,8-12 MM 4 MP 120 dB WDR 30 MTS SD Hasta 128 Gb POE VCA).Incluye suministros e instalación (mano de obra) necesarios para el óptimo funcionamiento del circuito cerrado de televisión | E60: (Cámara IP tipo Bala Varifocal 2,8-12 MM 4 MP 120 dB WDR 30 MTS SD Hasta 128 Gb POE VCA).Incluye suministros e instalación (mano de obra) necesarios para el óptimo funcionamiento del circuito cerrado de televisión | F60: =36+5 -> 41 | G60: 811697 | H60: 892866.7 | I60: 982153.37 | J60: =ROUND(G60*F60,0) -> 33279577 | K60: =J60*$I$35 -> 33279577 | L60: =ROUND(H60*F60,0) -> 36607535 | M60: =L60*(SUM($J$35:$K$35)) -> 439290420 | N60: =ROUND(I60*F60,0) -> 40268288 | O60: =N60*(SUM($L$35:$M$35)) -> 483219456 | P60: =K60+M60+O60 -> 955789453
B61: 4 | C61: EQUIPOS CCTV Y TV | D61: (Cámara IP tipo Domo Varifocal 2,8-12 MM 4 MP 120 dB WDR 30 MTS SD Hasta 128 Gb POE VCA).Incluye suministros e instalación (mano de obra) necesarios para el óptimo funcionamiento del circuito cerrado de televisión | E61: (Cámara IP tipo Domo Varifocal 2,8-12 MM 4 MP 120 dB WDR 30 MTS SD Hasta 128 Gb POE VCA).Incluye suministros e instalación (mano de obra) necesarios para el óptimo funcionamiento del circuito cerrado de televisión | F61: =70+1 -> 71 | G61: 1527058 | H61: 1679763.8 | I61: 1847740.2 | J61: =ROUND(G61*F61,0) -> 108421118 | K61: =J61*$I$35 -> 108421118 | L61: =ROUND(H61*F61,0) -> 119263230 | M61: =L61*(SUM($J$35:$K$35)) -> 1431158760 | N61: =ROUND(I61*F61,0) -> 131189553 | O61: =N61*(SUM($L$35:$M$35)) -> 1574274636 | P61: =K61+M61+O61 -> 3113854514
B62: 5 | C62: EQUIPOS CCTV Y TV | D62: UPS 15 KVA 3 fases 208/120 V con autonomía de 20 minutos. Incluye suministros e instalación (mano de obra) necesarios para el óptimo funcionamiento | E62: UPS 15 KVA 3 fases 208/120 V con autonomía de 20 minutos. Incluye suministros e instalación (mano de obra) necesarios para el óptimo funcionamiento | F62: 4 | G62: 2844112 | H62: 3128523.2 | I62: 3441375.5 | J62: =ROUND(G62*F62,0) -> 11376448 | K62: =J62*$I$35 -> 11376448 | L62: =ROUND(H62*F62,0) -> 12514093 | M62: =L62*(SUM($J$35:$K$35)) -> 150169116 | N62: =ROUND(I62*F62,0) -> 13765502 | O62: =N62*(SUM($L$35:$M$35)) -> 165186024 | P62: =K62+M62+O62 -> 326731588
B63: 6 | C63: EQUIPOS DE SISTEMA DE DETECCIÓN Y ALARMA | D63: Sensor humo fotoeléctrico Detectores de incendios automáticos. Incluye suministros e instalación (mano de obra) necesarios para el óptimo funcionamiento | F63: 34 | G63: 115966 | H63: 127562.6 | I63: 140318.86 | J63: =ROUND(G63*F63,0) -> 3942844 | K63: =J63*$I$35 -> 3942844 | L63: =ROUND(H63*F63,0) -> 4337128 | M63: =L63*(SUM($J$35:$K$35)) -> 52045536 | N63: =ROUND(I63*F63,0) -> 4770841 | O63: =N63*(SUM($L$35:$M$35)) -> 57250092 | P63: =K63+M63+O63 -> 113238472
B64: 7 | C64: EQUIPOS DE SISTEMA DE DETECCIÓN Y ALARMA | D64: Panel central de detección, Panel de control direccionales. Incluye suministros e instalación (mano de obra) necesarios para el óptimo funcionamiento | E64: CAMARAS IP - TIPO BALA | F64: 8 | G64: 1138301 | H64: 1252131.1 | I64: 1377344.2 | J64: =ROUND(G64*F64,0) -> 9106408 | K64: =J64*$I$35 -> 9106408 | L64: =ROUND(H64*F64,0) -> 10017049 | M64: =L64*(SUM($J$35:$K$35)) -> 120204588 | N64: =ROUND(I64*F64,0) -> 11018754 | O64: =N64*(SUM($L$35:$M$35)) -> 132225048 | P64: =K64+M64+O64 -> 261536044
B65: 8 | C65: EQUIPOS DE SISTEMA DE DETECCIÓN Y ALARMA | D65: Sirena con estrobo. Incluye suministros e instalación (mano de obra) necesarios para el óptimo funcionamiento | E65: JOISTYCK PARA CONTROL DE CÁMARAS DOMO PTZ | F65: 7 | G65: 296470 | H65: 326117 | I65: 358728.7 | J65: =ROUND(G65*F65,0) -> 2075290 | K65: =J65*$I$35 -> 2075290 | L65: =ROUND(H65*F65,0) -> 2282819 | M65: =L65*(SUM($J$35:$K$35)) -> 27393828 | N65: =ROUND(I65*F65,0) -> 2511101 | O65: =N65*(SUM($L$35:$M$35)) -> 30133212 | P65: =K65+M65+O65 -> 59602330
B66: 9 | C66: EQUIPOS DE SISTEMA DE DETECCIÓN Y ALARMA | D66: Estación manual de alarma. Incluye suministros e instalación (mano de obra) necesarios para el óptimo funcionamiento | E66: MONITOR DE 24" PARA CIRCUITO CERRADO DE TELEVISIÓN | F66: 9 | G66: 327311 | H66: 360042.1 | I66: 396046.31 | J66: =ROUND(G66*F66,0) -> 2945799 | K66: =J66*$I$35 -> 2945799 | L66: =ROUND(H66*F66,0) -> 3240379 | M66: =L66*(SUM($J$35:$K$35)) -> 38884548 | N66: =ROUND(I66*F66,0) -> 3564417 | O66: =N66*(SUM($L$35:$M$35)) -> 42773004 | P66: =K66+M66+O66 -> 84603351
B67: 10 | C67: EQUIPOS DE SISTEMA DE DETECCIÓN Y ALARMA | D67: Modulo indicador. Incluye suministros e instalación (mano de obra) necesarios para el óptimo funcionamiento | E67: MONITOR DE 24" PARA CIRCUITO CERRADO DE TELEVISIÓN | F67: 8 | G67: 177240 | H67: 194964 | I67: 214460.4 | J67: =ROUND(G67*F67,0) -> 1417920 | K67: =J67*$I$35 -> 1417920 | L67: =ROUND(H67*F67,0) -> 1559712 | M67: =L67*(SUM($J$35:$K$35)) -> 18716544 | N67: =ROUND(I67*F67,0) -> 1715683 | O67: =N67*(SUM($L$35:$M$35)) -> 20588196 | P67: =K67+M67+O67 -> 40722660
